Workbook

Sheet Monitoring_eng
A1: questionID | B1: question | C1: Bakhmut | D1: Bakhmut_comment | E1: Berdychiv | F1: Berdychiv_comment | G1: Berdiansk | H1: Berdiansk_comment | I1: Bila Tserkva | J1: Bila Tserkva_comment | K1: Brovary | L1: Brovary_comment | M1: Vinnytsia | N1: Vinnytsia_comment | O1: Dnipro | P1: Dnipro_comment | Q1: Drohobych | R1: Drohobych_comment | S1: Zhytomyr | T1: Zhytomyr_comment | U1: Zaporizhzhia | V1: Zaporizhzhia_comment | W1: Ivano-Frankivsk | X1: Ivano-Frankivsk_comment | Y1: Izmail | Z1: Izmail_comment | AA1: Kamianets-Podilskyi | AB1: Kamianets-Podilskyi_comment | AC1: Kamianske | AD1: Kamianske_comment | AE1: Kyiv | AF1: Kyiv_comment | AG1: Kovel | AH1: Kovel_comment | AI1: Konotop | AJ1: Konotop_comment | AK1: Kostiantynivka | AL1: Kostiantynivka_comment | AM1: Kramatorsk | AN1: Kramatorsk_comment | AO1: Kremenchuk | AP1: Kremenchuk_comment | AQ1: Kryvyi Rih | AR1: Kryvyi Rih_comment | AS1: Kropyvnytskyi | AT1: Kropyvnytskyi_comment | AU1: Lysychansk | AV1: Lysychansk_comment | AW1: Lutsk | AX1: Lutsk_comment | AY1: Lviv | AZ1: Lviv_comment | BA1: Mariupol | BB1: Mariupol_comment | BC1: Melitopol | BD1: Melitopol_comment | BE1: Mykolaiv | BF1: Mykolaiv_comment | BG1: Mukacheve | BH1: Mukacheve_comment | BI1: Nizhyn | BJ1: Nizhyn_comment | BK1: Nikopol | BL1: Nikopol_comment | BM1: Novomoskovsk | BN1: Novomoskovsk_comment | BO1: Odesa | BP1: Odesa_comment | BQ1: Oleksandriia | BR1: Oleksandriia_comment | BS1: Pavlohrad | BT1: Pavlohrad_comment | BU1: Poltava | BV1: Poltava_comment | BW1: Rivne | BX1: Rivne_comment | BY1: Sievierodonetsk | BZ1: Sievierodonetsk_comment | CA1: Sloviansk | CB1: Sloviansk_comment | CC1: Sumy | CD1: Sumy_comment | CE1: Ternopil | CF1: Ternopil_comment | CG1: Uzhhorod | CH1: Uzhhorod_comment | CI1: Uman | CJ1: Uman_comment | CK1: Kharkiv | CL1: Kharkiv_comment | CM1: Kherson | CN1: Kherson_comment | CO1: Khmelnytskyi | CP1: Khmelnytskyi_comment | CQ1: Cherkasy | CR1: Cherkasy_comment | CS1: Chernivtsi | CT1: Chernivtsi_comment | CU1: Chernihiv | CV1: Chernihiv_comment | CW1: Shostka | CX1: Shostka_comment
A2: Q1 | B2: Is there an online platform for communication between citizens and the City Council available on the City Council website for filing complaints, suggestions and appeals, as well as requests for information? | C2: no | E2: yes | F2: http://www.berdychiv.com.ua/index.php?do=feedback | G2: yes | H2: the web-site provides only a one-sided display http://bmr.gov.ua/index.php?id=521 , however, according to the Resolution of Mayor # 385 dated 29.12.2015 “On Single social network Berdyansk City Council and its executive bodies "My Authority" ther is the following page www.mygov.bmr.gov.ua/ | I2: no | K2: yes | L2: http://brovary-rada.gov.ua/content/feedback.html | M2: yes | N2: http://www.vmr.gov.ua/Lists/Officials/Default.aspx http://1560.vmr.gov.ua/default.aspx | O2: partially | P2: Appeals possible only through igov.org.ua http://dniprorada.gov.ua/kontakti/ | Q2: no | S2: yes | T2: http://zt-rada.gov.ua/questions | U2: no | W2: yes | X2: http://www.emvk.if.ua/ezvern | Y2: yes | Z2: http://izmail-rada.gov.ua/component/content/article/164-2011-01-31-07-52-55/2448-2012-08-14-05-12-27 | AA2: yes | AB2: http://kam-pod.gov.ua/gromadianam/zapitannia-do-vladi | AC2: yes | AD2: http://ez.dndz.gov.ua/ | AE2: yes | AF2: http://kmr.gov.ua/uk/content/form-electronic-appeal-physical-person | AG2: no | AI2: yes | AJ2: https://docs.google.com/forms/d/e/1FAIpQLSelo82DLAg13ZtbipY66VkVlT0wxLSFK0I3tdMYeXNfLgQUVQ/viewform?c=0&w=1 | AK2: yes | AL2: http://konstrada.gov.ua/zvernennya-gromadyan | AM2: no | AO2: yes | AP2: https://petition.kremen.gov.ua/ | AQ2: yes | AR2: http://pet.kr.gov.ua/ (web-page is under construction) One may register, authorize on the web-site and send appeals http://kr.gov.ua/ua/logon/ | AS2: no | AU2: no | AW2: yes | AX2: http://lutskrada.gov.ua/vidkryte-misto http://www.lutskrada.gov.ua/appeal-to-the-%D1%81ity-%D1%81ouncil | AY2: yes | AZ2: http://city-adm.lviv.ua/services/application | BA2: yes | BB2: http://marsovet.org.ua/questions | BC2: yes | BD2: http://petition.mlt.gov.ua/index.php/uk/elektronni-petitsiji-ta-zvernennya | BE2: no | BG2: no | BI2: no | BK2: partially | BL2: http://www.nikopol-mrada.dp.gov.ua/zaday-pitannya-kerivniku-mista | BM2: no | BO2: yes | BP2: https://1535.odessa.ua/catalog/ | BQ2: yes | BR2: http://olexrada.gov.ua/zapmg | BS2: partially | BT2: http://pavlogradmrada.dp.gov.ua/napisat-pismo-mehru | BU2: yes | BV2: http://www.rada-poltava.gov.ua/petition/ | BW2: no | BY2: yes | BZ2: http://sed-rada.org.ua/zvorotniy-zvyazok | CA2: yes | CB2: http://www.slavrada.gov.ua/?view=waitingroom | CC2: yes | CD2: https://smr.gov.ua/uk/zvorotnij-zv-yazok/onlajn-prijmalnya.html | CE2: yes | CF2: http://rada.te.ua/pytannia-vidpovidi/ | CG2: yes | CH2: http://rada-uzhgorod.gov.ua/elektronne-zvernennya/ | CI2: no | CK2: yes | CL2: http://www.city.kharkov.ua/uk/gorodskaya-vlast/gorodskoj-golova/obratnaya-svyaz/vopros-gorodskomu-golove.html | CM2: yes | CN2: http://www.city.kherson.ua/guestbook/ | CO2: yes | CP2: http://cnap.khmelnytsky.com/elektronne-zvernennia | CQ2: no | CS2: yes | CT2: http://zvernennya.chernivtsy.eu/ | CU2: yes | CV2: http://chernigiv-rada.gov.ua/zvernennya/add | CW2: yes | CX2: http://www.shostka-rada.gov.ua/zvernennya_gromadyan/elektronne_zvernennya
A3: Q2 | B3: Do the responds to citizens' appeals, suggestions, and complaints are available on the respective online platform for public observation? | C3: no | E3: no | G3: yes | H3: www.mygov.bmr.gov.ua/ | I3: no | K3: no | M3: yes | N3: http://www.vmr.gov.ua/Lists/CitizenAddressResponses/Default.aspx | O3: no | Q3: no | S3: no | U3: no | W3: no | Y3: yes | Z3: http://izmail-rada.gov.ua/component/content/article/164-2011-01-31-07-52-55/2448-2012-08-14-05-12-27 | AA3: yes | AB3: http://kam-pod.gov.ua/gromadianam/zapitannia-do-vladi | AC3: no | AE3: no | AG3: no | AI3: no | AK3: no | AM3: no | AO3: no | AQ3: no | AS3: no | AU3: no | AW3: yes | AX3: http://lutskrada.gov.ua/vidkryte-misto | AY3: no | BA3: no | BC3: no | BE3: no | BG3: no | BI3: no | BK3: partially | BL3: http://www.nikopol-mrada.dp.gov.ua/zaday-pitannya-kerivniku-mista | BM3: no | BO3: no | BQ3: no | BS3: no | BU3: no | BW3: no | BY3: no | CA3: no | CC3: yes | CD3: https://smr.gov.ua/uk/zvorotnij-zv-yazok/onlajn-prijmalnya.html | CE3: partially | CF3: answers are given selectively http://rada.te.ua/pytannia-vidpovidi/ | CG3: no | CI3: no | CK3: no | CM3: no | CO3: no | CQ3: no | CS3: yes | CT3: http://zvernennya.chernivtsy.eu/ | CU3: yes | CV3: http://chernigiv-rada.gov.ua/zvernennya | CW3: no
A4: Q3 | B4: Are the responds to citizens' appeals, suggestions, and complaints sent/published on the respective online platform within ten working days? | C4: no | E4: N/A | F4: Due to absence of the published responses on the platform the consideration term is unknown. | G4: no | I4: no | K4: N/A | L4: Due to absence of the published responses on the platform the consideration term is unknown. | M4: no | O4: no | Q4: no | S4: N/A | T4: Due to absence of the published responses on the platform the consideration term is unknown. | U4: no | W4: N/A | X4: Due to absence of the published responses on the platform the consideration term is unknown. | Y4: N/A | Z4: The date of response is not indicated on the platform. | AA4: yes | AB4: http://kam-pod.gov.ua/gromadianam/zapitannia-do-vladi | AC4: yes | AD4: questionnaire | AE4: N/A | AF4: Due to absence of the published responses on the platform the consideration term is unknown. | AG4: no | AI4: yes | AJ4: questionnaire | AK4: N/A | AL4: Due to absence of the published responses on the platform the consideration term is unknown. | AM4: no | AO4: N/A | AP4: Due to absence of the published responses on the platform the consideration term is unknown. | AQ4: yes | AR4: questionnaire | AS4: no | AU4: no | AW4: no | AY4: N/A | AZ4: Due to absence of the published responses on the platform the consideration term is unknown. | BA4: N/A | BB4: Due to absence of the published responses on the platform the consideration term is unknown. | BC4: N/A | BD4: Due to absence of the published responses on the platform the consideration term is unknown. | BE4: no | BG4: no | BI4: no | BK4: no | BM4: no | BO4: N/A | BP4: Due to absence of the published responses on the platform the consideration term is unknown. | BQ4: N/A | BR4: Due to absence of the published responses on the platform the consideration term is unknown. | BS4: N/A | BT4: Due to absence of the published responses on the platform the consideration term is unknown. | BU4: N/A | BV4: Due to absence of the published responses on the platform the consideration term is unknown. | BW4: no | BY4: N/A | BZ4: Due to absence of the published responses on the platform the consideration term is unknown. | CA4: N/A | CB4: Due to absence of the published responses on the platform the consideration term is unknown. | CC4: yes | CD4: https://smr.gov.ua/uk/zvorotnij-zv-yazok/onlajn-prijmalnya.html | CE4: no | CG4: yes | CH4: Questionnaire | CI4: no | CK4: N/A | CL4: Due to absence of the published responses on the platform the consideration term is unknown. | CM4: N/A | CN4: Due to absence of the published responses on the platform the consideration term is unknown. | CO4: N/A | CP4: Due to absence of the published responses on the platform the consideration term is unknown. | CQ4: no | CS4: yes | CT4: http://zvernennya.chernivtsy.eu/ | CU4: yes | CV4: http://chernigiv-rada.gov.ua/zvernennya | CW4: N/A | CX4: Через відсутність опублікованих відповідей на платформі, час розгляду невідомий.
A5: Q4 | B5: Is there a possibility to track the progress of appeals, complaints, and suggestions on the respective online platform through the indication of information on acceptance for consideration, employee responsible for processing, as well as the term of consideration? | C5: no | E5: no | G5: no | I5: no | K5: no | M5: yes | N5: http://www.vmr.gov.ua/_layouts/15/czz/Request.aspx | O5: no | Q5: no | S5: no | U5: no | W5: yes | Y5: no | AA5: yes | AB5: http://kam-pod.gov.ua/gromadianam/zapitannia-do-vladi | AC5: no | AE5: no | AG5: no | AI5: no | AK5: no | AM5: no | AO5: no | AQ5: no | AS5: no | AU5: no | AW5: no | AX5: http://lutskrada.gov.ua/elektronni-petyciyi-1 | AY5: yes | AZ5: http://city-adm.lviv.ua/services/application/results | BA5: no | BC5: no | BE5: no | BG5: no | BI5: no | BK5: no | BM5: no | BO5: yes | BP5: https://1535.odessa.ua/catalog/ | BQ5: no | BS5: no | BU5: no | BW5: no | BY5: no | CA5: no | CC5: no | CE5: no | CG5: no | CI5: no | CK5: no | CM5: no | CO5: no | CQ5: no | CS5: no | CU5: no | CW5: no
A6: Q5 | B6: Does the municipality provide the responce to requests for information within the statutory deadlines (within five days from the date of receipt of request)? (filling in the questionnaire) | C6: yes | D6: response received in time | E6: yes | F6: response received in time | G6: yes | H6: response received in time | I6: yes | J6: bc_mvk@bc-rada.gov.ua | K6: yes | L6: response received in time | M6: yes | N6: The database for electronic document management. | O6: no | Q6: yes | R6: response received in time | S6: yes | T6: response received in time | U6: yes | V6: response received in time | W6: yes | X6: response received in time | Y6: yes | Z6: response received in time | AA6: yes | AB6: response received in time | AC6: yes | AD6: response received in time | AE6: yes | AF6: response received in time | AG6: yes | AH6: response received in time | AI6: yes | AJ6: response received in time | AK6: yes | AL6: response received in time | AM6: yes | AN6: response received in time | AO6: no | AQ6: yes | AR6: response received in time | AS6: no | AU6: no | AW6: yes | AX6: response received in time | AY6: no | BA6: no | BC6: yes | BD6: response received in time | BE6: yes | BF6: response received in time | BG6: no | BI6: yes | BJ6: response received in time | BK6: no | BM6: yes | BN6: response received in time | BO6: yes | BP6: response received in time | BQ6: yes | BR6: response received in time | BS6: yes | BT6: response received in time | BU6: yes | BV6: response received in time | BW6: yes | BX6: response received in time | BY6: yes | BZ6: response received in time | CA6: yes | CB6: response received in time | CC6: no | CE6: partially | CF6: a letter received 8 days late | CG6: yes | CH6: response received in time | CI6: no | CK6: no | CM6: yes | CN6: response received in time | CO6: yes | CP6: response received in time | CQ6: no | CS6: no | CU6: yes | CV6: response received in time | CW6: yes | CX6: response received in time
A7: Q6 | B7: Does the municipality provide the responce to requests for information in full? (filling in the questionnaire) | C7: yes | D7: response received in full | E7: yes | F7: response received in full | G7: yes | H7: response received in full | I7: yes | J7: response received in full | K7: yes | L7: response received in full | M7: yes | N7: response received in full | O7: yes | P7: response received in full | Q7: yes | R7: response received in full | S7: yes | T7: response received in full | U7: yes | V7: response received in full | W7: yes | X7: response received in full | Y7: no | AA7: yes | AB7: response received in full | AC7: yes | AD7: response received in full | AE7: yes | AF7: response received in full | AG7: yes | AH7: response received in full | AI7: yes | AJ7: response received in full | AK7: partially | AL7: the response is partial | AM7: yes | AN7: response received in full | AO7: no | AQ7: yes | AR7: response received in full | AS7: no | AU7: no | AW7: yes | AX7: response received in full | AY7: partially | AZ7: the response is partial | BA7: yes | BB7: response received in full | BC7: yes | BD7: response received in full | BE7: yes | BF7: response received in full | BG7: no | BI7: yes | BJ7: response received in full | BK7: no | BM7: yes | BN7: response received in full | BO7: yes | BP7: response received in full | BQ7: yes | BR7: response received in full | BS7: yes | BT7: response received in full | BU7: yes | BV7: response received in full | BW7: partially | BX7: the response is partial | BY7: yes | BZ7: response received in full | CA7: yes | CB7: response received in full | CC7: yes | CD7: response received in full | CE7: yes | CF7: response received in full | CG7: yes | CH7: response received in full | CI7: no | CK7: no | CM7: yes | CN7: response received in full | CO7: yes | CP7: response received in full | CQ7: yes | CR7: response received in full | CS7: partially | CT7: the response is partial | CU7: yes | CV7: response received in full | CW7: yes | CX7: response received in full
A8: Q7 | B8: Does the municipality provide the responce to requests for information within the statutory deadlines (within five days from the date of receipt of request)? (response to the 'Secret shopper’s request') | C8: yes | D8: response received in time | E8: yes | F8: response received in time | G8: yes | H8: response received in time | I8: partially | J8: the response is received 12 late | K8: yes | L8: response received in time | M8: yes | N8: response received in time | O8: yes | P8: response received in time | Q8: no | S8: partially | T8: response received 2 days late | U8: yes | V8: response received in time | W8: no | Y8: yes | Z8: response received in time | AA8: partially | AB8: response received 4 days late. | AC8: yes | AD8: response received in time | AE8: partially | AF8: reclassified as an appeal of a citizen | AG8: no | AI8: yes | AJ8: response received in time | AK8: yes | AL8: response received in time | AM8: yes | AN8: response received in time | AO8: yes | AP8: response received in time | AQ8: yes | AR8: response received in time | AS8: no | AU8: yes | AV8: response received in time | AW8: yes | AX8: response received in time | AY8: yes | AZ8: response received in time | BA8: yes | BB8: response received in time | BC8: yes | BD8: response received in time | BE8: yes | BF8: response received in time | BG8: no | BI8: yes | BJ8: response received in time | BK8: no | BM8: yes | BN8: response received in time | BO8: yes | BP8: response received in time | BQ8: yes | BR8: response received in time | BS8: yes | BT8: response received in time | BU8: yes | BV8: response received in time | BW8: yes | BX8: response received in time | BY8: yes | BZ8: response received in time | CA8: yes | CB8: response received in time | CC8: yes | CD8: response received in time | CE8: partially | CF8: response received one day late | CG8: no | CI8: yes | CJ8: response received in time | CK8: yes | CL8: response received in time | CM8: yes | CN8: response received in time | CO8: yes | CP8: response received in time | CQ8: yes | CR8: response received in time | CS8: yes | CT8: response received in time | CU8: yes | CV8: response received in time | CW8: yes | CX8: response received in time
A9: Q8 | B9: Does the municipality provide the responce to requests for information in full? (response to the 'Secret shopper’s request') | C9: yes | D9: response received in full | E9: yes | F9: response received in full | G9: partially | H9: the response to one question out of three | I9: yes | J9: response received in full | K9: yes | L9: response received in full | M9: yes | N9: response received in full | O9: yes | P9: response received in full | Q9: no | S9: yes | T9: response received in full | U9: yes | V9: response received in full | W9: no | Y9: partially | Z9: City Council did no provide information on the following open meeting of of the City Council. | AA9: yes | AB9: response received in full | AC9: yes | AD9: response received in full | AE9: no | AG9: no | AI9: yes | AJ9: response received in full | AK9: yes | AL9: response received in full | AM9: yes | AN9: response received in full | AO9: yes | AP9: response received in full | AQ9: yes | AR9: response received in full | AS9: no | AU9: yes | AV9: response received in full | AW9: yes | AX9: response received in full | AY9: yes | AZ9: response received in full | BA9: yes | BB9: response received in full | BC9: yes | BD9: response received in full | BE9: yes | BF9: response received in full | BG9: no | BI9: yes | BJ9: response received in full | BK9: no | BM9: no | BO9: yes | BP9: response received in full | BQ9: yes | BR9: response received in full | BS9: yes | BT9: response received in full | BU9: yes | BV9: response received in full | BW9: yes | BX9: response received in full | BY9: yes | BZ9: response received in full | CA9: yes | CB9: response received in full | CC9: yes | CD9: response received in full | CE9: yes | CF9: response received in full | CG9: no | CI9: yes | CJ9: response received in full | CK9: no | CM9: yes | CN9: response received in full | CO9: yes | CP9: response received in full | CQ9: yes | CR9: response received in full | CS9: yes | CT9: response received in full | CU9: partially | CV9: Did not provide information on the date of the session in December 2016. | CW9: yes | CX9: response received in full
A10: Q9 | B10: Are the reports on the processing of requests for public information published periodically (at least annually) on the City Council website? | C10: yes | D10: monthly http://artemrada.gov.ua/uk/2083 | E10: yes | F10: monthly http://www.berdychiv.com.ua/zvti.html | G10: yes | H10: http://bmr.gov.ua/index.php?id=800000514 | I10: yes | J10: http://bc-rada.gov.ua/sites/default/files/2016/160701_zvit_pi.zip | K10: yes | L10: http://brovary-rada.gov.ua/content/dostup-do-publichnoi-informacii1.html | M10: yes | N10: http://www.vmr.gov.ua/TransparentCity/Lists/AccessToPublicInformation/ShowContent.aspx?ID=6 http://www.vmr.gov.ua/TransparentCity/Lists/ReportsToHearAppeals/Default.aspx | O10: yes | P10: http://dniprorada.gov.ua/zviti-pro-zapiti-na-publichnu-informaciju | Q10: partially | R10: The first report will be prepared by the end of 2016 | S10: partially | T10: Only in 2016 http://zt-rada.gov.ua/pages/p10867 | U10: yes | V10: Response in the questionnaire is positive, http://meriazp.gov.ua/test/index.php?id=22647 | W10: yes | X10: http://www.mvk.if.ua/pinfzv | Y10: no | AA10: partially | AB10: http://kam-pod.gov.ua/documents/dostup-do-publ-informatsii/zviti-ta-poshireni-vidpovidi | AC10: yes | AD10: http://dndz.gov.ua/dostup_do_publichnoi_informatsii/zviti | AE10: yes | AF10: http://kmr.gov.ua/uk/content/zvity | AG10: yes | AH10: http://www.kovelrada.gov.ua/publichna_informaciya.html | AI10: yes | AJ10: http://rada.konotop.org/index.php/2011-07-19-10-56-08/2011-07-20-07-20-37/5043---2016- | AK10: no | AM10: yes | AN10: http://krm.gov.ua/article/view/503 | AO10: no | AQ10: yes | AR10: http://kr.gov.ua/ua/st/pg/50115576064888_s/ http://od.kr.gov.ua/ua/odata_list/rid/2/mng/0/tag/na/ | AS10: no | AU10: no | AW10: yes | AX10: http://www.lutskrada.gov.ua/zviti-pro-nadhodzhennya-zapitiv | AY10: no | BA10: yes | BB10: http://marsovet.org.ua/articles/show/article/3433 | BC10: yes | BD10: http://mlt.gov.ua/index.php?option=com_content&task=view&id=4370&Itemid=296 | BE10: yes | BF10: http://mkrada.gov.ua/content/zviti.html | BG10: yes | BH10: https://mukachevo-rada.gov.ua/index.php/vidkryte-misto/dostup-do-publichnoi-informatsii | BI10: no | BK10: yes | BL10: http://www.nikopol-mrada.dp.gov.ua/zvit-po-informatsiynim-zapitam | BM10: yes | BN10: http://novomoskovsk-rada.gov.ua/static/richni-zviti-shchodo-dostupu-do-publichnoyi-informaciyi | BO10: yes | BP10: http://omr.gov.ua/ru/essential/67023 | BQ10: no | BS10: yes | BT10: http://pavlogradmrada.dp.gov.ua/category/vikonkom-2/zapiti-na-publichnu-informaciyu | BU10: yes | BV10: http://www.rada-poltava.gov.ua/documents/public_reports/ | BW10: no | BY10: yes | BZ10: http://sed-rada.org.ua/zviti-shchodo-zadovolennya-zapitiv-na-publichnu-informaciyu/zvit | CA10: yes | CB10: http://www.slavrada.gov.ua/?view=public_info | CC10: yes | CD10: https://smr.gov.ua/uk/misto/2016-03-14-08-10-17/2188-zviti-pro-zapiti-na-publichnu-informatsiyu.html | CE10: no | CG10: yes | CH10: http://rada-uzhgorod.gov.ua/rada_docs_taxonomy/zvity-pro-zapyty-na-informatsiyu/ | CI10: no | CK10: no | CM10: yes | CN10: http://www.city.kherson.ua/c/publichna-informaciya | CO10: yes | CP10: http://khmelnytsky.com/index.php?option=com_content&view=category&layout=blog&id=300&Itemid=534 | CQ10: no | CS10: no | CU10: yes | CV10: http://chernigiv-rada.gov.ua/project/info-access | CW10: yes | CX10: http://shostka-rada.gov.ua/public/zvit/zvti_pro_dostup_do_publchno_nformac_u_vikonkom_shostkinsko_msko_radi_za_2016_rk
A11: Q10 | B11: Are materials of the City Council sessions published on the City Council website (including transcripts, audio/video recording of the sessions, minutes of the sessions and the results of roll-call votes)? | C11: partially | D11: available: minutes, decisions, votes http://artemrada.gov.ua/uk/protocols | E11: partially | F11: avilable: only decisions http://www.berdychiv.com.ua/rshennya/rishennya-rada/ | G11: partially | H11: available: minutes http://bmr.gov.ua/index.php?id=800000839 та рішення http://bmr.gov.ua/index.php?id=800000880 | I11: partially | J11: available: minutes http://bc-rada.gov.ua/node/6020 поіменне голосування http://bc-rada.gov.ua/node/5210 | K11: yes | L11: available: video http://brovary-rada.gov.ua/content/arhiv-sesiy-miskoi-radi.html and documents http://brovary-rada.gov.ua/content/protokoli-sesiy-miskoi-radi.html | M11: partially | N11: Minutes of the sessions http://www.vmr.gov.ua/Lists/CityCouncil/ShowContent.aspx?ID=67 Agenda and results of roll-call votes http://www.vmr.gov.ua/Lists/CityCouncil/ShowContent.aspx?ID=55 | O11: yes | P11: http://dniprorada.gov.ua/onlajn-transljacija-sesijnih-zasidan http://dniprorada.gov.ua/protokol-provedennja-s http://dniprorada.gov.ua/rezultati-poimennogo-golosuvannja-s | Q11: yes | R11: video http://drohobych-rada.gov.ua/category/videonovyny2/ and minutes, votes http://drohobych-rada.gov.ua/deputaty-diyalnist-rady/ | S11: partially | T11: No audio/video records http://zt-rada.gov.ua/pages/p17 | U11: yes | V11: http://meria.zp.ua/test/index.php?id=8 | W11: yes | X11: video http://www.mvk.if.ua/livevideo decisions, votes, minutes of the sessions http://www.namvk.if.ua/rishses/ and audiorecords http://www.mrada.if.ua/%D0%BF%D1%80%D0%BE-%D0%BC%D1%96%D1%81%D1%8C%D0%BA%D1%83-%D1%80%D0%B0%D0%B4%D1%83/%D0%BC%D1%96%D1%81%D1%8C%D0%BA%D0%B8%D0%B9-%D0%B3%D0%BE%D0%BB%D0%BE%D0%B2%D0%B0/27-mr/multymedia/audiozapysy/132-%D0%B0%D1%83%D0%B4%D1%96%D0%BE%D0%B7%D0%B0%D0%BF%D0%B8%D1%81-%D0%BF%D0%BB%D0%B5%D0%BD%D0%B0%D1%80%D0%BD%D0%BE%D0%B3%D0%BE-%D0%B7%D0%B0%D1%81%D1%96%D0%B4%D0%B0%D0%BD%D0%BD%D1%8F-vii-%D1%81%D0%B5%D1%81%D1%96%D1%97-%D1%96%D0%B2%D0%B0%D0%BD%D0%BE-%D1%84%D1%80%D0%B0%D0%BD%D0%BA%D1%96%D0%B2%D1%81%D1%8C%D0%BA%D0%BE%D1%97-%D0%BC%D1%96%D1%81%D1%8C%D0%BA%D0%BE%D1%97-%D1%80%D0%B0%D0%B4%D0%B8-19-08-2016-%D1%80 | Y11: partially | Z11: http://www.izmail-rada.gov.ua/2011-11-16-07-26-09/2016-07-27-07-41-28 http://www.izmail-rada.gov.ua/2011-11-16-07-26-09/2011-11-16-07-31-32 | AA11: yes | AB11: Audio records, minutes, decisions, vote results http://kam-pod.gov.ua/documents/of-docs-miskradi/rishennia-miskradi/item/4869-21-sesiia-miskoi-rady-15-lystopada-2016-roku | AC11: yes | AD11: http://dndz.gov.ua/miska_vlada/miska_rada/plenarni_zasidannya | AE11: partially | AF11: http://kmr.gov.ua/uk/plenary-meetings http://kmr.gov.ua/uk/stenogramu http://kmr.gov.ua/uk/protokolu http://kmr.gov.ua/uk/result_golosuvanya | AG11: no | AI11: partially | AJ11: No records http://rada.konotop.org/index.php/2014-02-05-15-19-02/2009-03-30-12-34-33/5178-11-20- | AK11: partially | AL11: Decisions http://konstrada.gov.ua/component/documents/?menu=&typedoc=2&Itemid=181 and minutes http://konstrada.gov.ua/component/documents/?menu=&typedoc=7 | AM11: yes | AN11: videos http://krm.gov.ua/article/view/429 agenda http://krm.gov.ua/article/view/49 votes http://krm.gov.ua/article/view/519 | AO11: yes | AP11: https://www.kremen.gov.ua/index.php/rozdil/miska_vlada/radanova/materials та відео https://www.kremen.gov.ua/index.php/rozdil/miska_vlada/radanova/%20video | AQ11: partially | AR11: No information on roll-call votes http://kr.gov.ua/ua/st/pg/20415507860122_s/ | AS11: partially | AT11: http://www.kr-rada.gov.ua/decisions/date/?date=2016-11-17 | AU11: partially | AV11: http://lis.gov.ua/2011-03-25-08-36-56/resheniya/resheniya-sessij-gorodskogo-soveta.html | AW11: yes | AX11: http://www.lutskrada.gov.ua/protokoly-sesiy http://www.lutskrada.gov.ua/sesiyi-miskoyi-rady | AY11: yes | AZ11: Agenda and audio records of the sessions http://www8.city-adm.lviv.ua/info_2003/plan.nsf/276715ac21c1f975c2256caa003843d0?OpenView Results of roll-call votes http://city-adm.lviv.ua/lmr/docs/results-polls Minutes of the sessions http://city-adm.lviv.ua/lmr/docs/protocols Videorecords http://city-adm.lviv.ua/lmr/live | BA11: yes | BB11: http://marsovet.org.ua/articles/show/article/2335 та відео http://marsovet.org.ua/videogallery | BC11: no | BE11: partially | BF11: Minutes http://mkrada.gov.ua/content/protokoli-plenarnih-zasidan-mikolaivskoi-miskoi-radi_2.html vote results http://mkrada.gov.ua/content/rezultati-golosuvannya-deputativ_2.html | BG11: yes | BH11: https://mukachevo-rada.gov.ua/index.php/2016-03-11-09-58-01/rishennya-sesiji-miskoji-radi та відео https://mukachevo-rada.gov.ua/index.php/hromadianam/video | BI11: partially | BJ11: No recordings http://www.nizhynrada.org/article/667/protokoli-sesy-msko-radi.html http://www.nizhynrada.org/article/939/rezultati-golosuvannya.html | BK11: partially | BL11: http://www.nikopol-mrada.dp.gov.ua/rishenya-miskoi-rady та http://www.nikopol-mrada.dp.gov.ua/protokoli-sesiyi-miskoyi-radi | BM11: partially | BN11: Only vote results http://www.novomoskovsk-rada.gov.ua/content/golosuvannya | BO11: partially | BP11: http://omr.gov.ua/acts/council/ | BQ11: yes | BR11: http://olexrada.gov.ua/news/pryama-translyatsiya-dvadtsyat-chetvertoyi-pozachergovoyi-sesiyi-oleksandrijskoyi-miskoyi-rady-vii-sklykannya.html http://olexrada.gov.ua/category/city_rada/plenary-sessions | BS11: partially | BT11: Votes and the online broadcasting http://pavlogradmrada.dp.gov.ua/category/miska-rada/protokoli-zasidan-postijjnikh-deputatskikh-komisijj http://pavlogradmrada.dp.gov.ua/poimenne-golosuvannya http://pavlogradmrada.dp.gov.ua/on-line-translyaciya-zasidann | BU11: partially | BV11: Only roll-call votes and the mitutes http://www.rada-poltava.gov.ua/documents/voting_results/ http://www.rada-poltava.gov.ua/documents/inshi_dokumenti/ | BW11: yes | BX11: http://www.city-adm.rv.ua/RivnePortal/ContentPages/Public/SessionProtocol/session_protocol.aspx?id=255 | BY11: partially | BZ11: Roll-call votes and the mitutes http://sed-rada.org.ua/normativna-baza | CA11: partially | CB11: Only recordings http://slavrada.gov.ua/?view=live | CC11: partially | CD11: Only minutes of sessions https://smr.gov.ua/uk/miska-vlada/miska-rada/protokoli-sesij.html | CE11: partially | CF11: Minutes http://rada.te.ua/normativnie-dokument/protokoly_sesij_mr/ decisions including the results of roll-call votes http://rada.te.ua/normativnie-dokument/rishennya-miskoi-rad/ | CG11: partially | CH11: Only minutes http://rada-uzhgorod.gov.ua/rada_docs/protokol-pozachergovogo-drugogo-plenarnogo-zasidannya-chergovoyi-viii-sesiyi-miskoyi-rady-vii-sklykannya-07-lystopada-2016-roku/ | CI11: partially | CJ11: http://uman-rada.gov.ua/index.php/dokumenty | CK11: partially | CL11: http://www.city.kharkov.ua/uk/gorodskaya-vlast/gorodskoj-sovet/pomenne-golosuvannya.html | CM11: no | CO11: partially | CP11: Only minutes http://www.khmelnytsky.com/index.php?option=com_content&view=category&id=550&Itemid=245 | CQ11: yes | CR11: Minutes http://www.rada.cherkassy.ua/ua/files.php?s=2&s1=168&s2=391 and votes http://www.rada.cherkassy.ua/ua/files.php?s=2&s1=168&s2=477 video http://www.rada.cherkassy.ua/ua/sections.php?s=24 | CS11: yes | CT11: http://chernivtsy.eu/portal/1109-2 | CU11: partially | CV11: Only roll-call votes http://chernigiv-rada.gov.ua/project/res_opros | CW11: partially | CX11: Only minutes http://www.shostka-rada.gov.ua/documents/protokoli_aparatnih_narad_pri_mskomu_golov1/protokoli_aparatnih_narad_pri_mskomu_golov_2016
A12: Q11 | B12: Are materials of the City Council standing committees' sessions published on the City Council website (including transcripts, audio/video recording of the meetings, minutes of the meetings and the results of roll-call votes)? | C12: no | E12: partially | F12: available: only minutes http://www.berdychiv.com.ua/sklad_komisiy.html | G12: partially | H12: http://bmr.gov.ua/index.php?id=800000317&no_cache=1 | I12: partially | J12: http://bc-rada.gov.ua/node/1838 | K12: partially | L12: available: video http://brovary-rada.gov.ua/content/videoarhiv.html#collapse2 and minutes http://brovary-rada.gov.ua/content/protokoli-komisiy-miskoi-radi.html | M12: partially | N12: http://www.vmr.gov.ua/Lists/CityCouncil/ShowContent.aspx?ID=65 | O12: partially | P12: Only records http://dniprorada.gov.ua/onlajn-transljacija-zasidan-postijnih-komisij-miskoi-radi | Q12: yes | R12: http://drohobych-rada.gov.ua/postijni-komisiyi2/ | S12: partially | T12: available: only minutes http://zt-rada.gov.ua/pages/c515 | U12: yes | V12: http://meria.zp.ua/test/index.php?id=8 | W12: yes | X12: http://www.mrada.if.ua/%D0%BF%D1%80%D0%BE-%D0%BC%D1%96%D1%81%D1%8C%D0%BA%D1%83-%D1%80%D0%B0%D0%B4%D1%83/%D0%B4%D0%B5%D0%BF%D1%83%D1%82%D0%B0%D1%82%D1%81%D1%8C%D0%BA%D1%96-%D0%BA%D0%BE%D0%BC%D1%96%D1%81%D1%96%D1%97 | Y12: no | AA12: no | AC12: partially | AD12: Only minutes http://dndz.gov.ua/miska_vlada/miska_rada/postiyni_komisii_miskoi_radi_vii_sklikannya | AE12: partially | AF12: http://kmr.gov.ua/uk/comisii | AG12: no | AI12: partially | AJ12: Only minutes http://rada.konotop.org/index.php/2009-03-30-12-34-05/2015-03-02-09-06-46/4453-----7- | AK12: no | AM12: yes | AN12: http://krm.gov.ua/article/view/444 | AO12: partially | AP12: https://www.kremen.gov.ua/index.php/rozdil/miska_vlada/radanova/deputy/content/2040 | AQ12: partially | AR12: Only minutes http://kr.gov.ua/ua/st/pg/20415937626381_s/ | AS12: yes | AT12: http://www.kr-rada.gov.ua/postiyni-deputatski-komisiyi.html | AU12: no | AW12: partially | AX12: Only minutes http://www.lutskrada.gov.ua/protokoly-zasidan-postiynyh-komisiy | AY12: partially | AZ12: Agendas and minutes of the sessions https://www.lvivrada.gov.ua/miska-rada/postiyni-komisii | BA12: yes | BB12: http://marsovet.org.ua/articles/show/article/2336 | BC12: no | BE12: yes | BF12: http://mkrada.gov.ua/content/informaciya-pro-robotu-postiynih-komisiy1.html та матеріали http://mkrada.gov.ua/content/protokoli-rekomendacii-visnovki-zasidan-postiynih-komisiy1.html | BG12: yes | BH12: https://mukachevo-rada.gov.ua/index.php/miska-vlada/mukachivska-miska-rada/protokoli-zasidan-postijnikh-komisij-miskoji-radi та відео https://mukachevo-rada.gov.ua/index.php/hromadianam/video | BI12: partially | BJ12: Only minutes http://www.nizhynrada.org/article/668/protokoli-postynih-deputatskih-komsy.html | BK12: no | BM12: no | BO12: partially | BP12: Only in russian version of the web-site http://omr.gov.ua/ru/155/ | BQ12: partially | BR12: Only minutes http://olexrada.gov.ua/category/city_rada/cg_st_komis | BS12: partially | BT12: http://pavlogradmrada.dp.gov.ua/category/miska-rada/protokoli-zasidan-postijjnikh-deputatskikh-komisijj | BU12: partially | BV12: Only roll-call votes and the mitutes http://www.rada-poltava.gov.ua/documents/voting_results/ http://www.rada-poltava.gov.ua/documents/inshi_dokumenti/ | BW12: yes | BX12: http://www.city-adm.rv.ua/RivnePortal/ContentPages/Public/RadaDeputat/RadaComissionList.aspx?c=7 | BY12: partially | BZ12: Only minutes http://sed-rada.org.ua/miska-rada/protokoli-postiynih-komisiy-miskoyi-radi-vii-sklikannya | CA12: no | CC12: partially | CD12: Minutes are present https://smr.gov.ua/uk/miska-vlada/miska-rada/postijni-komisiji.html | CE12: partially | CF12: Minutes http://rada.te.ua/normativnie-dokument/protokoli_visnovki_rekomendatsiy/ | CG12: partially | CH12: Only minutes http://rada-uzhgorod.gov.ua/rada_docs_taxonomy/protokoly-postijnyh-komisij/ | CI12: yes | CJ12: http://uman-rada.gov.ua/index.php/dokumenty/protokoly-komisii/itemlist/category/180-protokoly-zasidan-postiinykh-deputatskykh-komisii-umanskoi-miskoi-rady-vii-sklykannia | CK12: no | CM12: partially | CN12: Minutes http://www.city.kherson.ua/articles/protokoli-postiynih-komisiy-miskoyi-radi-vii-sklikannya | CO12: no | CP12: Only minutes http://www.khmelnytsky.com/index.php?option=com_content&view=category&id=551&Itemid=245 | CQ12: yes | CR12: Information on participation http://www.rada.cherkassy.ua/ua/files.php?s=2&s1=168&s2=395 and minutes | CS12: yes | CT12: http://chernivtsy.eu/portal/1109-2 | CU12: partially | CV12: Only minutes http://chernigiv-rada.gov.ua/gorrada/comisii/ | CW12: no
A13: Q12 | B13: Are the regular reports of the mayor on his work published on the City Council website (at least annually)? | C13: yes | D13: annually in section "News" | E13: no | G13: no | I13: no | K13: no | M13: no | O13: yes | P13: http://dniprorada.gov.ua/boris-filatov-nadav-rozlogij-zvit-svoi-roboti-za-rik-na-posadi-mera-dnipra | Q13: yes | R13: http://drohobych-rada.gov.ua/zvity-miskogo-golovy/ | S13: no | U13: no | W13: yes | X13: http://www.mrada.if.ua/%D0%BF%D1%80%D0%BE-%D0%BC%D1%96%D1%81%D1%8C%D0%BA%D1%83-%D1%80%D0%B0%D0%B4%D1%83/%D0%B2%D1%96%D0%B4%D0%B5%D0%BE%D0%B3%D0%B0%D0%BB%D0%B5%D1%80%D0%B5%D1%8F/91-%D1%80%D1%96%D1%87%D0%BD%D0%B8%D0%B9-%D0%B7%D0%B2%D1%96%D1%82-%D0%BC%D1%96%D1%81%D1%8C%D0%BA%D0%BE%D0%B3%D0%BE-%D0%B3%D0%BE%D0%BB%D0%BE%D0%B2%D0%B8-%D1%80%D1%83%D1%81%D0%BB%D0%B0%D0%BD%D0%B0-%D0%BC%D0%B0%D1%80%D1%86%D1%96%D0%BD%D0%BA%D1%96%D0%B2%D0%B0 | Y13: no | AA13: yes | AB13: http://kam-pod.gov.ua/novini/video-novini/item/51-zvit-miskoho-holovy-za-100-dniv | AC13: yes | AD13: Report for 2016 is available to download down the page http://dndz.gov.ua/ua/person/pg/250116793923950_p8/ | AE13: no | AG13: yes | AH13: http://www.kovelrada.gov.ua/news-1170.html | AI13: no | AK13: no | AM13: yes | AN13: holds position less than a year, however there is a report on the regulatory policy http://krm.gov.ua/article/view/472 | AO13: no | AQ13: no | AS13: yes | AT13: http://www.kr-rada.gov.ua/files/content/files/zvit-25.11.2016-20161130161527.pdf | AU13: yes | AV13: http://lis.gov.ua/2011-03-25-08-36-56/mayor/otchet-gorodskogo-golovy.html | AW13: yes | AX13: http://www.lutskrada.gov.ua/zvity-pro-robotu-miskogo-golovy | AY13: yes | AZ13: http://city-adm.lviv.ua/public-information/gov-officials/sadovyi-andrii-ivanovych/zvity | BA13: yes | BB13: http://marsovet.org.ua/articles/show/menu/3226 | BC13: no | BE13: yes | BF13: http://mkrada.gov.ua/content/zvit-miskogo-golovi.html http://mkrada.gov.ua/content/zvit_2015.html | BG13: yes | BH13: https://www.mukachevo-rada.gov.ua/index.php/miska-vlada/mukachivska-miska-rada/item/2983-andriibalohazvituieperedhromadoiuvmikroraionakhmista | BI13: yes | BJ13: http://www.nizhynrada.gov.ua/article/1021/zvt-mskogo-golovi-anatolya-lnnika-za-2015-rk.html | BK13: no | BM13: no | BN13: http://novomoskovsk-rada.gov.ua/mayor-report | BO13: yes | BP13: http://omr.gov.ua/ua/33/ | BQ13: partially | BR13: Only in 2013 and the period of 2010-2014 http://olexrada.gov.ua/news/zvit-miskogo-golovy-s-tsapyuka-pro-robo.html http://olexrada.gov.ua/news/zvit-miskogo-golovy-s-tsapyuka-pro-robotu-miskoyi-rady-ta-yiyi-vykonavchogo-komitetu-u-2010-2014-rokah.html | BS13: no | BU13: yes | BV13: http://www.rada-poltava.gov.ua/documents/public_reports/ | BW13: yes | BX13: http://www.khomko.rv.ua/Khomko/ContentPages/Public/Mayor/mayor_zvit.aspx | BY13: no | CA13: no | CC13: partially | CD13: https://smr.gov.ua/uk/miska-vlada/miskij-golova/zviti.html | CE13: yes | CF13: http://zvit.nadal.te.ua/ | CG13: no | CI13: yes | CJ13: https://drive.google.com/open?id=0B-Pm0Qxt98O0aG9EMFVBcXY2N2M | CK13: no | CM13: yes | CN13: http://www.city.kherson.ua/articles/zvit-miskogo-golovi-2016 | CO13: no | CQ13: no | CS13: yes | CT13: http://city.cv.ua/portal/zvity-chernivetskogo-miskogo-golovy | CU13: no | CW13: yes | CX13: http://shostka-rada.gov.ua/zvti_organu_vladi
A14: Q13 | B14: Is the information about the city mayor, City Council deputies (including CVs or biographical information, contact information, time and place of reception of citizens) published on the City Council website? | C14: yes | D14: http://artemrada.gov.ua/uk/mayor/bio http://artemrada.gov.ua/uk/deputy/6_convocation | E14: partially | F14: http://www.berdychiv.com.ua/golova.html тільки перелік депутатів http://www.berdychiv.com.ua/deputaty_VII.html | G14: yes | H14: http://bmr.gov.ua/index.php?id=800000598&no_cache=1 | I14: yes | J14: http://bc-rada.gov.ua/node/1835 | K14: partially | L14: http://brovary-rada.gov.ua/content/miska-vlada.html http://brovary-rada.gov.ua/content/deputatskiy-korpus.html http://brovary-rada.gov.ua/content/grafik-priyomu-deputativ.html http://brovary-rada.gov.ua/content/biografichna-dovidka.html | M14: yes | N14: http://www.vmr.gov.ua/Lists/CityMajor/Default.aspx http://www.vmr.gov.ua/Lists/CityCouncil/ShowContent.aspx?ID=76 | O14: yes | P14: http://dniprorada.gov.ua/dnipropetrovskij-misskij-golova http://dniprorada.gov.ua/deputati/deputati-vii-sklikannya/ http://dniprorada.gov.ua/grafik-osobistogo-prijomu-gromadjan-kerivnictvom-miskoi-radi-vikonkomu | Q14: yes | R14: http://drohobych-rada.gov.ua/deputaty/ | S14: partially | T14: http://zt-rada.gov.ua/pages/p116 Про депутатів лише перелік і графік прийому http://zt-rada.gov.ua/pages/c617 | U14: yes | V14: http://meria.zp.ua/test/index.php?id=36 | W14: partially | X14: http://www.mrada.if.ua/%D0%BF%D1%80%D0%BE-%D0%BC%D1%96%D1%81%D1%8C%D0%BA%D1%83-%D1%80%D0%B0%D0%B4%D1%83/%D0%BC%D1%96%D1%81%D1%8C%D0%BA%D0%B8%D0%B9-%D0%B3%D0%BE%D0%BB%D0%BE%D0%B2%D0%B0 | Y14: partially | Z14: http://www.izmail-rada.gov.ua/2009-09-14-09-14-45 http://www.izmail-rada.gov.ua/2011-11-16-07-26-09/2011-11-16-07-28-13/6135--vii- http://www.izmail-rada.gov.ua/2011-11-16-07-26-09/2011-11-16-07-30-33 | AA14: yes | AB14: http://kam-pod.gov.ua/rada/deputatsky-korpus/deputati-misk-radi/zagalnij-spisok-deputativ | AC14: partially | AD14: No information on reception http://dndz.gov.ua/ua/person/pg/250116793923950_p8/ No information on biographies of the deputies http://dndz.gov.ua/miska_vlada/miska_rada/deputati_miskoi_radi/zagalniy_spisok_deputativ http://dndz.gov.ua/ua/news/pg/180716106253065_p1/ | AE14: partially | AF14: http://kmr.gov.ua/uk/misykuy-golova and http://kmr.gov.ua/uk/deputats and http://kmr.gov.ua/uk/public-reception | AG14: partially | AH14: The Mayor http://www.kovelrada.gov.ua/mayor.html No biographies of the deputies http://www.kovelrada.gov.ua/council.html http://www.kovelrada.gov.ua/admission_schedule_voters_deputies_city_council.html | AI14: partially | AJ14: Only Mayors biography http://rada.konotop.org/index.php/2009-03-30-12-34-05/2009-04-10-10-39-53 No biographies http://rada.konotop.org/index.php/2009-03-30-12-34-05/2009-04-10-12-21-09 http://rada.konotop.org/files/2016/gradik%20prujomy.pdf | AK14: yes | AL14: http://konstrada.gov.ua/vlada/miskij-golova та депутати http://konstrada.gov.ua/vlada/miska-rada/32-miska-rada/deputati-miskoji-radi | AM14: yes | AN14: http://krm.gov.ua/person | AO14: yes | AP14: https://www.kremen.gov.ua/index.php/rozdil/miska_vlada/heads та https://www.kremen.gov.ua/index.php/rozdil/miska_vlada/radanova/deputy | AQ14: partially | AR14: Only Mayors biography http://kr.gov.ua/miskiy_golova , as regards the deputies - only the schedule of reception http://kr.gov.ua/deputatskiy_korpus | AS14: partially | AT14: http://www.kr-rada.gov.ua/deputatskiy-korpus.html | AU14: yes | AV14: http://lis.gov.ua/2011-03-25-08-36-56/mayor/biography.html http://lis.gov.ua/2011-03-25-08-36-56/mayor/admittance-schedule.html and http://lis.gov.ua/2011-03-25-08-36-56/town-council/deputy-corps/11545-spisok-deputativ-lisichanskoji-miskoji-radi-vii-sklikannya.html http://lis.gov.ua/2011-03-25-08-36-56/town-council/deputy-corps.html | AW14: partially | AX14: http://www.lutskrada.gov.ua/miskiy-golova Про депутатів без прийому http://www.lutskrada.gov.ua/deputy | AY14: yes | AZ14: http://city-adm.lviv.ua/lmr/profiles/andrii-sadovyi and https://www.lvivrada.gov.ua/deputaty/deputaty-miskoi-rady | BA14: yes | BB14: http://marsovet.org.ua/articles/show/article/2366 | BC14: partially | BD14: No Mayors contact details http://mlt.gov.ua/index.php?option=com_content&task=view&id=6100 No biographies of the deputies http://mlt.gov.ua/index.php?option=com_content&task=view&id=4276&Itemid=283 | BE14: yes | BF14: http://mkrada.gov.ua/content/biografichna-dovidka.html та депутати без графіків прийому http://mkrada.gov.ua/content/sklad-deputatskogo-korpusu-mikolaivskoi-miskoi-radi-7-sklikannya.html та графік прийому http://mkrada.gov.ua/content/rozklad-priyomu-gromadyan.html | BG14: partially | BH14: https://mukachevo-rada.gov.ua/index.php/miska-vlada/mukachivska-miska-rada/deputatskyi-korpus | BI14: yes | BJ14: http://www.nizhynrada.org/article/88/avtobografya.html | BK14: partially | BL14: http://www.nikopol-mrada.dp.gov.ua/miskiy-golova та http://www.nikopol-mrada.dp.gov.ua/miska-rada | BM14: no | BO14: yes | BP14: http://omr.gov.ua/ua/33/ та http://omr.gov.ua/ua/council/members/ | BQ14: yes | BR14: http://olexrada.gov.ua/category/mer http://olexrada.gov.ua/category/city_rada/dep_7_conv Графік знизу | BS14: partially | BT14: Information about the Mayor is available. As regards the deputies, there is only the list http://pavlogradmrada.dp.gov.ua/kerivnictvo-mista http://pavlogradmrada.dp.gov.ua/miska-rada/deputati.html | BU14: partially | BV14: http://www.rada-poltava.gov.ua/reception/shedule/ http://www.rada-poltava.gov.ua/rule/ http://www.rada-poltava.gov.ua/rule/rada/delegate/ | BW14: yes | BX14: http://www.city-adm.rv.ua/RivnePortal/ContentPages/Public/RadaDeputat/RadaDeputatList.aspx?c=7 | BY14: partially | BZ14: No information on Mayor (acting Mayor) http://sed-rada.org.ua/miska-rada/deputati | CA14: partially | CB14: No contact details of the deputies http://slavrada.gov.ua/?view=council.golova http://slavrada.gov.ua/?view=deputy7 | CC14: partially | CD14: No information on time and place of reception of citizens https://smr.gov.ua/uk/miska-vlada/miskij-golova.html | CE14: yes | CF14: http://rada.te.ua/miskiy-golova/ and http://rada.te.ua/deputatskiy-korpus/ | CG14: yes | CH14: http://rada-uzhgorod.gov.ua/aparat/mer/ http://rada-uzhgorod.gov.ua/aparat_mr/deputaty-miskoyi-rady/ | CI14: yes | CJ14: http://uman-rada.gov.ua/index.php/deputaty та http://uman-rada.gov.ua/index.php/miskuy-golova | CK14: yes | CL14: http://www.city.kharkov.ua/uk/gorodskaya-vlast/gorodskoj-sovet/deputatyi.html http://www.city.kharkov.ua/uk/gorodskaya-vlast/gorodskoj-golova/obratnaya-svyaz/obratitsya-k-gorodskomu-golove.-lichnyij-priem.html http://www.city.kharkov.ua/uk/gorodskaya-vlast/gorodskoj-golova/biografiya.html | CM14: partially | CN14: Withiut the biographies http://www.city.kherson.ua/c/miska-vlada/s/kerivniki http://mvk.kherson.ua/DepList.php | CO14: yes | CP14: http://www.khmelnytsky.com/index.php?option=com_content&view=category&id=13%3A2009-09-04-07-08-39&layout=blog&Itemid=239 http://www.khmelnytsky.com/index.php?option=com_content&view=category&id=17&Itemid=245 | CQ14: yes | CR14: http://www.rada.cherkassy.ua/ua/rada.php?s=2&s1=168&s2=456 | CS14: yes | CT14: http://chernivtsy.eu/portal/4091-2 | CU14: partially | CV14: http://www.chernigiv-rada.gov.ua/gorrada/mer2/ http://www.chernigiv-rada.gov.ua/gorrada/deputat/ | CW14: yes
A15: Q14 | B15: Is the information on the list and contact details of the City Council standing committees, as well as names of Council standing committees’ members published on the City Council website? | C15: no | E15: partially | F15: http://www.berdychiv.com.ua/sklad_komisiy.html | G15: yes | H15: http://bmr.gov.ua/index.php?id=58 | I15: yes | J15: http://bc-rada.gov.ua/node/1838 | K15: partially | L15: http://brovary-rada.gov.ua/content/postiyni-komisii.html | M15: partially | N15: No contact details http://www.vmr.gov.ua/Lists/CityCouncil/ShowContent.aspx?ID=64 | O15: partially | P15: Only list and names http://dniprorada.gov.ua/postijni-komisii | Q15: yes | R15: http://drohobych-rada.gov.ua/postijni-komisiyi2/ | S15: partially | T15: Only names http://zt-rada.gov.ua/pages/c515 | U15: yes | V15: http://meria.zp.ua/test/index.php?id=38 | W15: yes | X15: http://www.mrada.if.ua/%D0%BF%D1%80%D0%BE-%D0%BC%D1%96%D1%81%D1%8C%D0%BA%D1%83-%D1%80%D0%B0%D0%B4%D1%83/%D0%B4%D0%B5%D0%BF%D1%83%D1%82%D0%B0%D1%82%D1%81%D1%8C%D0%BA%D1%96-%D0%BA%D0%BE%D0%BC%D1%96%D1%81%D1%96%D1%97 | Y15: partially | Z15: http://www.izmail-rada.gov.ua/2011-11-16-07-26-09/2011-11-16-07-28-44 | AA15: no | AC15: partially | AD15: No contact information http://dndz.gov.ua/miska_vlada/miska_rada/postiyni_komisii_miskoi_radi_vii_sklikannya/perelik_ta_sklad_postiynikh_komisiy_dniprodzerzhinskoi_miskoi_radi_vii_sklikannya | AE15: yes | AF15: http://kmr.gov.ua/uk/comisii | AG15: no | AI15: partially | AJ15: Only the list and names http://rada.konotop.org/index.php/2009-03-30-12-34-05/2015-03-02-09-06-46/4453-----7- | AK15: yes | AL15: http://konstrada.gov.ua/vlada/miska-rada/35-miska-rada/postijni-komisiji | AM15: yes | AN15: http://krm.gov.ua/article/view/45 | AO15: yes | AP15: https://www.kremen.gov.ua/index.php/rozdil/miska_vlada/radanova/deputy/page/432 | AQ15: partially | AR15: Only the list and names http://kr.gov.ua/deputatskiy_korpus http://kr.gov.ua/ua/osxfile/pg/211210729440529_s_2o/%D0%BA%D0%BE%D0%BC%D1%96%D1%81%D1%96%D1%97.doc | AS15: yes | AT15: http://www.kr-rada.gov.ua/postiyni-deputatski-komisiyi.html | AU15: partially | AV15: http://lis.gov.ua/2011-03-25-08-36-56/town-council/standing-commissions.html | AW15: partially | AX15: Only the list and names http://www.lutskrada.gov.ua/commission | AY15: yes | AZ15: https://www.lvivrada.gov.ua/miska-rada/postiyni-komisii | BA15: yes | BB15: http://marsovet.org.ua/articles/show/article/2366 | BC15: no | BE15: yes | BF15: http://mkrada.gov.ua/content/sklad-postiynih-komisiy-miskoi-radi1.html | BG15: yes | BH15: https://mukachevo-rada.gov.ua/index.php/miska-vlada/mukachivska-miska-rada/deputatskyi-komisii | BI15: yes | BJ15: http://www.nizhynrada.org/article/87/grafk-priyomu.html | BK15: yes | BL15: http://www.nikopol-mrada.dp.gov.ua/postiyni-komisiyi-miskoyi-radi | BM15: partially | BN15: No contact details http://www.novomoskovsk-rada.gov.ua/comissions | BO15: partially | BP15: Only in russian version of the web-site http://omr.gov.ua/ru/155/ | BQ15: partially | BR15: No contact details http://olexrada.gov.ua/category/city_rada/cg_st_komis | BS15: partially | BT15: Only the list and names http://pavlogradmrada.dp.gov.ua/miska-rada/postoyannaya-deputatskaya-komissiya-po-voprosam-zakonnosti-deputatskojj-ehtiki-svyazyam-s-politicheskimi-partiyami-obshhestvennymi-organizaciyami-i-sredstvami-massovojj-informacii.html | BU15: partially | BV15: Only the list http://www.rada-poltava.gov.ua/rule/rada/comission/ | BW15: yes | BX15: http://www.city-adm.rv.ua/RivnePortal/ContentPages/Public/RadaDeputat/RadaComissionList.aspx?c=7 | BY15: no | CA15: no | CC15: yes | CD15: https://smr.gov.ua/uk/miska-vlada/miska-rada/postijni-komisiji.html | CE15: partially | CF15: http://rada.te.ua/deputatski-komisii/ | CG15: partially | CH15: No contact details http://rada-uzhgorod.gov.ua/postijni-komisiyi-uzhgorodskoyi-miskoyi-rady/ | CI15: yes | CJ15: http://uman-rada.gov.ua/index.php/postiini-komisii | CK15: yes | CL15: http://www.city.kharkov.ua/uk/gorodskaya-vlast/gorodskoj-sovet/komissii.html | CM15: no | CO15: partially | CP15: No contact details http://www.khmelnytsky.com/index.php?option=com_content&view=article&id=29%3A2009-09-24-08-20-08&catid=16%3A2009-09-04-07-10-03&Itemid=245#spoiler_0 | CQ15: yes | CR15: http://www.rada.cherkassy.ua/ua/rada.php?s=2&s1=168&s2=456 | CS15: yes | CT15: http://chernivtsy.eu/portal/postijni-deputatski-komisiyi-chernivetskoyi-miskoyi-rady | CU15: partially | CV15: No contact details http://www.chernigiv-rada.gov.ua/gorrada/comisii/ | CW15: yes | CX15: http://www.shostka-rada.gov.ua/government/m_skij_golova http://www.shostka-rada.gov.ua/government/miska_rada/cklad_radi
A16: Q15 | B16: Is the information on the contact details of the City Council executive committee and names of its members published on the City Council website? | C16: yes | D16: http://artemrada.gov.ua/uk/executivecommittee | E16: partially | F16: http://www.berdychiv.com.ua/sklad_vikonavchogo_komtetu.html | G16: yes | H16: http://bmr.gov.ua/index.php?id=226 | I16: yes | J16: http://bc-rada.gov.ua/node/1841 | K16: partially | L16: http://brovary-rada.gov.ua/content/chleni-vikonavchogo-komitetu.html | M16: partially | N16: No contact details http://www.vmr.gov.ua/Lists/TheExecutiveCommittee/Default.aspx | O16: no | P16: The page is in development | Q16: yes | R16: http://drohobych-rada.gov.ua/vykonavchyj-komitet/ | S16: partially | T16: Only names http://zt-rada.gov.ua/pages/p20 | U16: yes | V16: http://meria.zp.ua/test/index.php?id=34 | W16: yes | X16: http://www.mvk.if.ua/sclad | Y16: partially | Z16: http://www.izmail-rada.gov.ua/2009-09-14-09-14-45/2010-02-23-10-11-08 | AA16: yes | AB16: http://kam-pod.gov.ua/vikonkom/sklad-vikonavchogo-komitetu | AC16: partially | AD16: No contact information http://dndz.gov.ua/miska_vlada/vikonavchiy_komitet_miskoi_radi/sklad | AE16: yes | AF16: https://kievcity.gov.ua/content/24_kerivnytstvo.html | AG16: partially | AH16: Only names http://www.kovelrada.gov.ua/executive.html | AI16: partially | AJ16: Only names http://rada.konotop.org/index.php/2009-03-30-12-34-05/2009-04-10-12-33-56 | AK16: yes | AL16: http://konstrada.gov.ua/vlada/vikonavchij-komitet/42-vikonavchij-komitet/sklad-vikonavchogo-komitetu | AM16: yes | AN16: http://krm.gov.ua/article/view/58 | AO16: yes | AP16: https://www.kremen.gov.ua/index.php/rozdil/miska_vlada/komitet | AQ16: partially | AR16: Лише склад http://kr.gov.ua/sklad_vikonavchogo_komitetu | AS16: yes | AT16: http://www.kr-rada.gov.ua/sklad-vikonkomu.html | AU16: partially | AV16: http://lis.gov.ua/2011-03-25-08-36-56/executive-powers/ainmenu-50.html | AW16: partially | AX16: Only names http://www.lutskrada.gov.ua/executive-committee | AY16: yes | AZ16: http://city-adm.lviv.ua/lmr/executive-committee | BA16: yes | BB16: http://marsovet.org.ua/articles/show/article/36 | BC16: partially | BD16: Only contacts down the page on the left side http://mlt.gov.ua/index.php?option=com_frontpage&Itemid=1 | BE16: yes | BF16: http://mkrada.gov.ua/content/sklad-vikonkomu.html | BG16: yes | BH16: https://mukachevo-rada.gov.ua/index.php/miska-vlada/vykonavchyi-komitet/sklad-vikonkomu | BI16: partially | BJ16: http://www.nizhynrada.org/article/138/deputati-msko-radi.html | BK16: yes | BL16: http://www.nikopol-mrada.dp.gov.ua/sklad-vikonavchogo-komitetu-nikopolskoyi-miskoyi-radi | BM16: yes | BN16: http://www.novomoskovsk-rada.gov.ua/static/chleni-vikonavchogo-komitetu http://www.novomoskovsk-rada.gov.ua/graphic | BO16: yes | BP16: http://omr.gov.ua/ua/mayor/committee/ | BQ16: yes | BR16: http://olexrada.gov.ua/category/vkk | BS16: partially | BT16: No contact details http://pavlogradmrada.dp.gov.ua/vikonkom-2/sklad-vikonkomu.html | BU16: yes | BV16: http://www.rada-poltava.gov.ua/rule/vykonkom/membership/ | BW16: yes | BX16: http://www.city-adm.rv.ua/RivnePortal/ukr/sklad.aspx | BY16: yes | BZ16: http://sed-rada.org.ua/vikonavchi-organi/vikonavchiy-komitet | CA16: yes | CB16: http://slavrada.gov.ua/?view=sostav_ispolkom | CC16: partially | CD16: https://smr.gov.ua/uk/miska-vlada/vikonavchi-organi/vikonavchij-komitet.html | CE16: yes | CF16: http://rada.te.ua/vikonavchiy-komitet/ | CG16: yes | CH16: http://rada-uzhgorod.gov.ua/aparat_mr/chleny-vykonkomu/ | CI16: yes | CJ16: http://uman-rada.gov.ua/index.php/vykonavchyi-komitet | CK16: partially | CL16: http://www.city.kharkov.ua/uk/gorodskaya-vlast/ispolnitelnyie-organyi/sostav-ispolkoma.html | CM16: partially | CN16: http://www.city.kherson.ua/articles/personalniy-sklad-vikonavchogo-komitetu | CO16: partially | CP16: Only names http://www.khmelnytsky.com/index.php?option=com_content&view=category&layout=blog&id=21&Itemid=23 | CQ16: no | CS16: yes | CT16: http://chernivtsy.eu/portal/9/850-850.html | CU16: yes | CV16: http://www.chernigiv-rada.gov.ua/gorrada/comitet/ | CW16: partially | CX16: Only the list http://www.shostka-rada.gov.ua/government/vikonavchij_komitet
A17: Q16 | B17: Is the information on the approved socio-economic and cultural development programs, target programs, as well as reports on their implementation published on the City Council website. | C17: yes | D17: http://artemrada.gov.ua/uk/cityprogram | E17: no | G17: no | I17: no | K17: no | M17: partially | N17: No reports on implementation http://www.vmr.gov.ua/Branches/Lists/Finances/ShowContent.aspx?ID=8 http://www.vmr.gov.ua/TransparentCity/Lists/StartUp/Default.aspx http://www.vmr.gov.ua/Lists/SocialAdvertising/ShowContent.aspx?ID=1 | O17: partially | P17: There are no reports http://dniprorada.gov.ua/strategichnij-plan-rozvitku-mista-dnipropetrovska http://dniprorada.gov.ua/2016-08-30-13-57-56 | Q17: yes | R17: http://drohobych-rada.gov.ua/programy-rozvytku/ | S17: partially | T17: http://zt-rada.gov.ua/pages/c1053 | U17: partially | V17: http://meria.zp.ua/test/index.php?id=21958 | W17: partially | X17: http://www.mvk.if.ua/socprog | Y17: partially | Z17: http://www.izmail-rada.gov.ua/2010-05-05-12-39-15 | AA17: no | AC17: partially | AD17: No reports http://so.dndz.gov.ua/ua/treezas_so/pg/905273437_d1/ | AE17: yes | AF17: http://kmr.gov.ua/municipal-target-programs | AG17: yes | AH17: http://www.kovelrada.gov.ua/programeconomic.html | AI17: partially | AJ17: Reports on implementation http://rada.konotop.org/index.php/home/2009-04-01-06-13-37/2009-05-05-06-10-16 | AK17: yes | AL17: http://konstrada.gov.ua/sotsialno-ekonomichnij-rozvitok/programi | AM17: yes | AN17: http://krm.gov.ua/article/view/19 | AO17: partially | AP17: https://www.kremen.gov.ua/index.php/rozdil/gromadyanam/social/socialprograms | AQ17: yes | AR17: http://kr.gov.ua/sotsialno_ekonomichniy_rozvitok | AS17: yes | AT17: http://www.kr-rada.gov.ua/galuzevi-programi.html | AU17: partially | AV17: http://lis.gov.ua/lisichansk-today/programs.html | AW17: partially | AX17: http://www.lutskrada.gov.ua/programa-ekonomichnogo-i-socialnogo-rozvytku-mista-lucka-na-2016-2017-roky | AY17: yes | AZ17: http://city-adm.lviv.ua/lmr/economy/business | BA17: yes | BB17: http://marsovet.org.ua/articles/show/menu/2812 | BC17: yes | BD17: http://mlt.gov.ua/index.php?option=com_content&task=view&id=2662&Itemid=240 | BE17: yes | BF17: http://mkrada.gov.ua/documents/?c=6 | BG17: yes | BH17: https://mukachevo-rada.gov.ua/index.php/ekonomika/ekonomika-biznes-ta-investytsii/prohrama-ekonomichnoho-i-sotsialnoho-rozvytku | BI17: yes | BJ17: http://www.nizhynrada.org/article/139/programa-ekonomchnogo-ta-sotsalnogo-rozvitku.html | BK17: no | BM17: yes | BN17: http://www.novomoskovsk-rada.gov.ua/static/programi-socialno-ekonomichnogo-ta-kulturnogo-rozvitku-m-novomoskovska http://www.novomoskovsk-rada.gov.ua/static/vikonannya-programi-socialno-ekonomichnogo-ta-kulturnogo-rozvitku-mista | BO17: yes | BP17: http://omr.gov.ua/ru/programmes/ | BQ17: partially | BR17: In News http://olexrada.gov.ua/news/deputaty-zatverdyly-miski-tsilovi-programy.html http://olexrada.gov.ua/news/miskyj-golova-s-tsapyuk-rozpoviv-pro-nastupni-kroky-vtilennya-strategiyi-stalogo-rozvytku-m-oleksandriyi-do-2030-roku.html http://olexrada.gov.ua/news/informatsiya-pro-stan-vykonannya-progr-4.html | BS17: partially | BT17: No reports http://pavlogradmrada.dp.gov.ua/news/perelik-diyuchikh-miscevikh-program.html | BU17: yes | BV17: Available through "Search" http://www.rada-poltava.gov.ua/documents/ | BW17: yes | BX17: http://economy.rv.ua/development_programs/ | BY17: yes | BZ17: http://sed-rada.org.ua/ekonomika/strategiya-socialno-ekonomichnogo-rozvitku-mista | CA17: partially | CB17: http://slavrada.gov.ua/?view=strateg | CC17: yes | CD17: https://smr.gov.ua/uk/dokumenti/programi-rozvitku-mista.html | CE17: yes | CF17: http://rada.te.ua/normativnie-dokument/programi/ | CG17: no | CI17: yes | CJ17: http://uman-rada.gov.ua/index.php/sotsialno-ekonomichnyi-rozvytok-mista/prohrama-ekonomichnoho-ta-sotsialnoho-rozvytku | CK17: no | CM17: partially | CN17: No reports http://www.city.kherson.ua/c/ekonomichna-sfera/s/strategichniy-plan-ekonomichnogo-rozvitku-mista | CO17: yes | CP17: http://www.khmelnytsky.com/index.php?option=com_content&view=category&layout=blog&id=490&Itemid=41 http://www.khmelnytsky.com/index.php?option=com_content&view=category&layout=blog&id=490&Itemid=41 | CQ17: partially | CR17: http://rada.cherkasy.ua/myrada/html/198889.php?id=198889 | CS17: yes | CT17: http://chernivtsy.eu/portal/12832-2 | CU17: partially | CV17: http://www.chernigiv-rada.gov.ua/project/rada/7664 | CW17: yes | CX17: http://www.shostka-rada.gov.ua/resheniya/pro_vnesennya_dopovnen_do_programi_socalno_ekonomchnogo_ta_kulturnogo_rozvitku_mshostka_na_2016_rk
A18: Q17 | B18: Is the information on the City Council executive committee meetings and the approved decisions published on the City Council website? | C18: yes | D18: http://artemrada.gov.ua/uk/documents/regulations/committee | E18: partially | F18: http://www.berdychiv.com.ua/rshennya/vikonavchiy-komtet/4649-perelk-rshen-vikonavchogo-komtetu-priynyatih-na-zasdann-28122016.html | G18: yes | H18: http://bmr.gov.ua/index.php?id=800000883 | I18: yes | J18: http://bc-rada.gov.ua/node/4924 | K18: partially | L18: in the section "News" http://brovary-rada.gov.ua/news/14431.html http://brovary-rada.gov.ua/documents/?c=1 Прийняті рішення публікуються у розділі «Рішення виконкому» http://brovary-rada.gov.ua/documents/?c=1 | M18: yes | N18: http://www.vmr.gov.ua/Lists/TheExecutiveCommittee/ShowContent.aspx?ID=17 http://www.vmr.gov.ua/Docs/default.aspx | O18: yes | P18: Through the Search http://files.dniprorada.gov.ua/ | Q18: yes | R18: http://drohobych-rada.gov.ua/category/rishennya-vykonkomu/ | S18: yes | T18: http://zt-rada.gov.ua/news/p6485 http://zt-rada.gov.ua/laws/t1/p2 | U18: partially | V18: Response in the questionnaire is positive. Decision of the executive committee are published http://meriazp.gov.ua/test/index.php?id=44 | W18: yes | X18: http://www.mvk.if.ua/prmvk | Y18: partially | Z18: http://www.izmail-rada.gov.ua/2012-04-02-13-48-01/2012-04-02-13-49-56 | AA18: partially | AB18: Agenda http://kam-pod.gov.ua/vikonkom/zasidannya-vikonavchogo-komitetu | AC18: yes | AD18: General information http://dndz.gov.ua/miska_vlada/vikonavchiy_komitet_miskoi_radi Проекти рішень http://so.dndz.gov.ua/ua/treezas_so/pg/1_d6/ Рішення http://so.dndz.gov.ua/ua/treezas_so/pg/1_d2/ | AE18: yes | AF18: http://kievcity.gov.ua/news/?c=3 | AG18: partially | AH18: Only decisions http://www.kovelrada.gov.ua/decisioncommittee.html | AI18: partially | AJ18: Only decisions http://rada.konotop.org/index.php/2014-02-05-15-19-02/2009-03-30-12-34-33/2009-04-30-08-30-29 | AK18: no | AM18: yes | AN18: http://krm.gov.ua/article/view/447 http://krm.gov.ua/article/view/432 | AO18: yes | AP18: https://www.kremen.gov.ua/index.php/evikonkom/pdenny/index | AQ18: partially | AR18: Only the decisions http://kr.gov.ua/ua/ispolkom_sessii/pg/4471_s | AS18: yes | AT18: http://www.kr-rada.gov.ua/decisions_mvk/date/?date=2016-11-24 | AU18: partially | AV18: http://lis.gov.ua/2011-03-25-08-36-56/resheniya/resheniya-ispolkoma-gorodskogo-soveta.html | AW18: yes | AX18: http://www.lutskrada.gov.ua/video-news/vk http://www.lutskrada.gov.ua/rezultaty-golosuvan | AY18: partially | AZ18: Agenda of meetings http://city-adm.lviv.ua/lmr/docs/plenary-executive-committee | BA18: yes | BB18: Information http://marsovet.org.ua/news/index/sect/6 and decisions http://marsovet.org.ua/documents/show/menu/16493 | BC18: yes | BD18: http://mlt.gov.ua/index.php?option=com_content&task=blogcategory&id=88&Itemid=327 http://mlt.gov.ua/index.php?option=com_content&task=blogcategory&id=109&Itemid=362 | BE18: yes | BF18: http://mkrada.gov.ua/documents/?c=5 | BG18: yes | BH18: https://mukachevo-rada.gov.ua/index.php/miska-vlada/vykonavchyi-komitet/plan-grafik-provedennya-zasidan-vikonavchogo-komitetu | BI18: yes | BJ18: http://www.nizhynrada.gov.ua/news/2139/chergove-zasdannya-vikonavchogo-komtetu.htm http://www.nizhynrada.gov.ua/article/914/rshennya-vikonavchogo-komtetu.html | BK18: yes | BL18: http://www.nikopol-mrada.dp.gov.ua/rishennya-vikonavchogo-komitetu-3 | BM18: partially | BN18: Only decisions http://novomoskovsk-rada.gov.ua/executives-decisions | BO18: yes | BP18: http://omr.gov.ua/ru/news/90143/ | BQ18: yes | BR18: http://olexrada.gov.ua/category/catss/zasidannya-vykonkomu | BS18: partially | BT18: http://pavlogradmrada.dp.gov.ua/category/vikonkom-2/rishennya-vikonkomu | BU18: yes | BV18: http://www.rada-poltava.gov.ua/documents/rishennya_miskvikonkomu/ | BW18: yes | BX18: http://www.city-adm.rv.ua/RivnePortal/ukr/rish_vyk/SearchDecisionsOfExecutiveCommittee.aspx | BY18: yes | BZ18: http://sed-rada.org.ua/novini-mista/proyshlo-40-e-zasidannya-vikonkomu_09-11-2016 | CA18: yes | CB18: http://www.slavrada.gov.ua/?view=doc_isp&year=2016 | CC18: yes | CD18: https://smr.gov.ua/uk/dokumenti/proekti-dokumentiv/proektirishen-vikonavchogo-komitetu.html https://smr.gov.ua/uk/novini/anonsi/4451-15-listopadazasidannya-vikonavchogo-komitetu-sumskoji-miskoji-radi.html https://smr.gov.ua/uk/dokumenti/rishennya-vikonavchogo-komitetu.html | CE18: yes | CF18: http://rada.te.ua/normativnie-dokument/rishennya-vikonavcho/ http://rada.te.ua/normativnie-dokument/protokoly_vukonkomu/ | CG18: yes | CH18: http://rada-uzhgorod.gov.ua/rada_docs_taxonomy/rishennya-vykonkomu/ | CI18: yes | CJ18: http://uman-rada.gov.ua/index.php/dokumenty/rishennia-vykonavchoho-komitetu | CK18: partially | CL18: https://doc.citynet.kharkov.ua/ru/profile/ | CM18: partially | CN18: http://www.city.kherson.ua/act_search/2 | CO18: yes | CP18: http://www.khmelnytsky.com/index.php?option=com_content&view=article&id=3035:2012-03-22-14-43-02&catid=224:2010-05-27-14-57-18&Itemid=251 | CQ18: partially | CR18: Decisions http://www.rada.cherkassy.ua/ua/files.php?s=2&s1=27&s2=254 | CS18: yes | CT18: http://chernivtsy.eu/portal/1196-2 | CU18: yes | CV18: http://chernigiv-rada.gov.ua/project/rada http://chernigiv-rada.gov.ua/document/rishennya-vikonkomu | CW18: yes | CX18: http://shostka-rada.gov.ua/documents/rishennya_vikonkom
A19: Q18 | B19: Is the procedure for the general meetings of citizens by place of residence (shall be approved by the charter of the territorial community) published on the City Council website? | C19: no | E19: no | G19: yes | H19: http://osnb.bmr.gov.ua/normativno-pravova-baza/polozhennya-osn | I19: yes | J19: http://bc-rada.gov.ua/node/1901 | K19: no | M19: yes | N19: http://www.vmr.gov.ua/TransparentCity/Lists/PublicDiscussion/ShowContent.aspx?ID=1http://www.vmr.gov.ua/ContentLibrary/e722d390-2aeb-4553-ad87-6ed7b956a3f4/48/%D0%9F%D1%80%D0%BE%20%D0%B7%D0%B0%D0%B3%D0%B0%D0%BB%D1%8C%D0%BD%D1%96%20%D0%B7%D0%B1%D0%BE%D1%80%D0%B8%20%D0%B3%D1%80%D0%BE%D0%BC%D0%B0%D0%B4%D1%8F%D0%BD%20%D0%B7%D0%B0%20%D0%BC%D1%96%D1%81%D1%86%D0%B5%D0%BC%20%D0%BF%D1%80%D0%BE%D0%B6%D0%B8%D0%B2%D0%B0%D0%BD%D0%BD%D1%8F%20%D0%B2%20%D0%BC%D1%96%D1%81%D1%82%D1%96%20%D0%92%D1%96%D0%BD%D0%BD%D0%B8%D1%86%D1%96.doc.doc | O19: yes | P19: Articles 18, 49 http://dniprorada.gov.ua/statut-teritorialnoi-gromadi-mdnipropetrovska | Q19: yes | R19: http://drohobych-rada.gov.ua/gromada/statut-terytorialnoyi-gromady-mista-drogobych/ | S19: yes | T19: Charter, Art. 17 http://zt-rada.gov.ua/pages/p1070 | U19: yes | V19: http://meria.zp.ua/test/index.php?id=3108 | W19: no | Y19: no | AA19: yes | AB19: https://onedrive.live.com/?authkey=%21AJkowX0xBaYgE80&cid=ECE43D51F9A9D478&id=ECE43D51F9A9D478%216625&parId=ECE43D51F9A9D478%212523&o=OneUp | AC19: yes | AD19: Article 26 http://dndz.gov.ua/pro_misto/statut_gromadi_mista | AE19: no | AG19: no | AI19: yes | AJ19: Chapter 2.5. http://rada.konotop.org/index.php/home/2009-03-30-09-48-34/5--2- | AK19: no | AM19: yes | AN19: http://krm.gov.ua/article/view/499 | AO19: no | AQ19: yes | AR19: Article 10 http://kr.gov.ua/statut_teritorialnoi_gromadi_m.krivogo_rogu | AS19: yes | AT19: http://www.kr-rada.gov.ua/statyt_gromadi.html | AU19: partially | AV19: http://lis.gov.ua/lisichansk-today/ustav-territorialnoj-gromady.html | AW19: yes | AX19: http://www.lutskrada.gov.ua/stattya-26-zagalni-zbori-gromadyan-za-miscem-prozhivannya | AY19: yes | AZ19: http://city-adm.lviv.ua/public-information/statut-terytorialnoi-hromady-mista-lvova | BA19: no | BC19: no | BE19: yes | BF19: http://mkrada.gov.ua/documents/23960.html | BG19: no | BI19: yes | BJ19: Article 52. http://www.nizhynrada.org/article/973/statut-teritoralno-gromadi.html | BK19: no | BM19: no | BO19: no | BQ19: partially | BR19: http://olexrada.gov.ua/gov_history/sity_statut/statut-oleksandrijskoyi-miskoyi-ter.html | BS19: no | BU19: partially | BV19: https://www.google.com/url?q=http://www.rada-poltava.gov.ua/files/Statut%2520ter%2520gromadu.doc&sa=U&ved=0ahUKEwiMu5qTkcLQAhXDVywKHXojBaIQFggEMAA&client=internal-uds-cse&usg=AFQjCNFp-2zYIG8490WWUWDppooqeyaFdw | BW19: partially | BX19: http://www.city-adm.rv.ua/RivnePortal/ukr/statut.aspx | BY19: no | CA19: no | CC19: yes | CD19: Article 66 https://smr.gov.ua/uk/dokumenti/statut-mista.html http://www.meria.sumy.ua/index.php?docid=8634 | CE19: yes | CF19: Art. 4.5 of the Charter http://rada.te.ua/normativnie-dokument/proekt_statutu_gromadi/10633.html Regulation on the general meeting http://rada.te.ua/normativnie-dokument/rishennya-miskoi-rad/23012.html | CG19: yes | CH19: http://rada-uzhgorod.gov.ua/rada_docs/19-09-14-pro-zatverdzhennya-polozhennya-pro-zagalni-zbory-gromadyan-v-misti-uzhgorod-ta-vnesennya-zmin-i-dopovnen-do-statutu-terytorialnoyi-gromady-mista-uzhgoroda/ | CI19: no | CK19: yes | CL19: http://www.city.kharkov.ua/uk/dokumentyi/ustav-territorialnoj-gromadyi.html | CM19: yes | CN19: Part 3 of the Charterhttp://www.city.kherson.ua/articles/upravlinnya-socialnoyi-politiki-hersonskoyi-miskoyi-radi-ogoloshuye-konkurs | CO19: no | CQ19: no | CS19: partially | CT19: http://chernivtsy.eu/portal/gromadyans-ke-suspil-stvo | CU19: yes | CV19: https://www.google.com/url?q=http://www.chernigiv-rada.gov.ua/filesstatic/rozvitok/Polojennya%2520do%2520statutu_18-04-2016_08-36.doc&sa=U&ved=0ahUKEwiBxP7brsPQAhWClCwKHU8UD88QFggEMAA&client=internal-uds-cse&usg=AFQjCNEi3avN0RZ9mP6jNCuzRQ1XrDWGog | CW19: no
A20: Q19 | B20: Is the procedure for submitting local initiative for consideration of the Council published on the City Council website? | C20: no | E20: no | G20: yes | H20: http://osnb.bmr.gov.ua/tsentri-gromadskikh-initsiativ | I20: no | K20: no | M20: yes | N20: http://www.vmr.gov.ua/TransparentCity/ContentLibrary/962bed5e-90d9-4ed7-9661-fbd07d109688/1/%D0%9F%D1%80%D0%BE%20%D0%BF%D0%BE%D1%80%D1%8F%D0%B4%D0%BE%D0%BA%20%D1%80%D0%B5%D0%B0%D0%BB%D1%96%D0%B7%D0%B0%D1%86%D1%96%D1%97%20%D0%BF%D1%80%D0%B0%D0%B2%D0%B0%20%D0%BD%D0%B0%20%D0%BC%D1%96%D1%81%D1%86%D0%B5%D0%B2%D1%96%20%D1%96%D0%BD%D1%96%D1%86%D1%96%D0%B0%D1%82%D0%B8%D0%B2%D0%B8.pdf#search=%D0%BC%D1%96%D1%81%D1%86%D0%B5%D0%B2%D0%B0%20%D1%96%D0%BD%D1%96%D1%86%D1%96%D0%B0%D1%82%D0%B8%D0%B2%D0%B0 | O20: yes | P20: Article 19.Local Initiative http://dniprorada.gov.ua/statut-teritorialnoi-gromadi-mdnipropetrovska | Q20: no | S20: yes | T20: Charter, Art. 18 and sample for the registration of local initiatives http://zt-rada.gov.ua/pages/p1070 | U20: no | W20: no | Y20: no | AA20: no | AC20: no | AE20: partially | AF20: in http://kmr.gov.ua/uk/content/reglament-kyyivrady | AG20: no | AI20: yes | AJ20: Chapter 2.8. http://rada.konotop.org/index.php/home/2009-03-30-09-48-34/5--2- | AK20: no | AM20: yes | AN20: http://krm.gov.ua/article/view/498 | AO20: no | AQ20: no | AS20: no | AU20: no | AW20: yes | AX20: http://www.lutskrada.gov.ua/stattya-28-miscevi-iniciativi | AY20: yes | AZ20: https://lviv.pb.org.ua/ | BA20: no | BC20: yes | BD20: https://melitopol-online.gov.ua/ | BE20: no | BG20: no | BI20: yes | BJ20: Article 53 http://www.nizhynrada.org/article/973/statut-teritoralno-gromadi.html | BK20: no | BM20: no | BO20: no | BQ20: yes | BR20: Article 27. Local initiatives http://olexrada.gov.ua/gov_history/sity_statut/statut-oleksandrijskoyi-miskoyi-ter.html | BS20: no | BU20: no | BW20: yes | BX20: https://rivne.pb.org.ua/ | BY20: partially | BZ20: http://sed-rada.org.ua/gromada/statut-teritorialnoyi-gromadi | CA20: no | CC20: yes | CD20: https://smr.gov.ua/uk/misto/2016-03-14-08-10-17/mistseva-initsiativa.html | CE20: no | CG20: yes | CH20: http://old.rada-uzhgorod.gov.ua/download/R_1268_pro_miscevi_iniciatuvu.pdf | CI20: no | CK20: yes | CL20: http://www.city.kharkov.ua/uk/dokumentyi/ustav-territorialnoj-gromadyi.html | CM20: no | CO20: no | CQ20: no | CS20: yes | CU20: yes | CV20: https://www.google.com/url?q=http://www.chernigiv-rada.gov.ua/filesstatic/rozvitok/Polojennya%2520do%2520statutu_18-04-2016_08-36.doc&sa=U&ved=0ahUKEwiBxP7brsPQAhWClCwKHU8UD88QFggEMAA&client=internal-uds-cse&usg=AFQjCNEi3avN0RZ9mP6jNCuzRQ1XrDWGog | CW20: no
A21: Q20 | B21: Is there a separate section on the City Council website for publishing information on the ongoing and completed local initiatives? | C21: no | E21: no | G21: no | I21: no | K21: no | M21: partially | N21: http://www.vmr.gov.ua/TransparentCity/Lists/TheResultsOfPublicHearings/News.aspx | O21: no | Q21: no | S21: no | U21: no | W21: no | Y21: no | AA21: no | AC21: no | AE21: no | AG21: no | AI21: no | AK21: no | AM21: no | AO21: no | AQ21: no | AS21: no | AU21: no | AW21: yes | AX21: http://www.lutskrada.gov.ua/programa-pidtrymky-iniciatyv-zhyteliv-mista-lucka-na-2015-2017-roky | AY21: yes | AZ21: https://lviv.pb.org.ua/ | BA21: no | BC21: yes | BD21: https://melitopol-online.gov.ua/ | BE21: no | BG21: no | BI21: no | BK21: no | BM21: no | BO21: no | BQ21: no | BS21: no | BU21: no | BW21: yes | BX21: https://rivne.pb.org.ua/ | BY21: partially | BZ21: http://sed-rada.org.ua/novini-mista/severodoneck-umnyy-gorod_13-05-2016 | CA21: no | CC21: yes | CD21: https://smr.gov.ua/uk/misto/2016-03-14-08-10-17/mistseva-initsiativa.html | CE21: no | CG21: no | CI21: no | CK21: no | CM21: no | CO21: no | CQ21: no | CS21: yes | CT21: http://chernivtsy.eu/portal/byudzhet-uchasti | CU21: no | CW21: partially | CX21: http://www.shostka-rada.gov.ua/anons/vikonannya_soc_al_nih_n_c_ativ_prezidenta1
A22: Q21 | B22: Is the procedure for the public access to the City Council sessions published on the City Council website? | C22: yes | D22: articles 4,6,10 of Regulation of Bahmut City Council http://artemrada.gov.ua/ru/counsil/reglamentispolkoma | E22: no | G22: no | I22: no | K22: no | M22: no | O22: no | Q22: no | S22: no | U22: no | W22: no | Y22: no | AA22: no | AC22: no | AE22: no | AG22: no | AI22: no | AK22: no | AM22: no | AO22: no | AQ22: no | AS22: no | AU22: no | AW22: yes | AX22: http://www.lutskrada.gov.ua/dni-vidkrytyh-dverey-u-vykonavchomu-komiteti-luckoyi-miskoyi-rady | AY22: no | BA22: no | BC22: no | BE22: yes | BF22: Clause 3 of the Art. 2 Regulation on Mykolaiv City Council approved by the City Council on January 21, 2016 № 2/5 https://mkrada.gov.ua/content/reglament-mikolaivskoi-miskoi-radi-vi-sklikannya_2.html | BG22: no | BI22: yes | BJ22: Clause 16 of Art. 1, Clause 16 of Art. 12, Art. 5, Art. 6 of the Regulation on Nizhyn City Council of VІІ convocation | BK22: no | BM22: no | BO22: no | BQ22: yes | BR22: Article 3. Openness and transparency of work of the Council, Article 23, 32, 77, 80 http://olexrada.gov.ua/city_rada/cg_reglament/reglament-roboty-oleksandrijskoyi-m-2.html | BS22: no | BU22: no | BW22: no | BY22: no | CA22: no | CC22: no | CE22: no | CG22: no | CI22: no | CK22: no | CM22: no | CO22: no | CQ22: no | CS22: no | CU22: no | CW22: no
A23: Q22 | B23: Is there the information on convening the session published on the City Council website no later than 10 days prior to the session (indicating time, venue and issues expected to be considered by the Council)? | C23: yes | D23: available: information on the session planned and there is a section for the draft decisions http://artemrada.gov.ua/uk/council/graph | E23: yes | F23: http://www.berdychiv.com.ua/miska-rada/ogoloshennja/ | G23: yes | H23: http://bmr.gov.ua/index.php?id=800000905 | I23: yes | J23: http://www.bc-rada.gov.ua/sites/default/files/ rozporiadzhennia/16_2_09_19.zip | K23: yes | L23: Published as Resolutions of the Mayor http://brovary-rada.gov.ua/documents/24532.html | M23: partially | N23: http://www.vmr.gov.ua/Lists/CityNews/News.aspx | O23: partially | P23: Withiut an indication of issues expected to be considered http://files.dniprorada.gov.ua/ | Q23: yes | R23: http://drohobych-rada.gov.ua/deputaty-diyalnist-rady/ | S23: yes | T23: http://zt-rada.gov.ua/news/p6489 | U23: partially | V23: Questionnaire. No issues to be considered http://meria.zp.ua/test/index.php?id=28996 | W23: yes | X23: http://www.mrada.if.ua/novyny/92-%D0%BC%D1%96%D1%81%D1%8C%D0%BA%D0%B8%D0%B9-%D0%B3%D0%BE%D0%BB%D0%BE%D0%B2%D0%B0-%D1%96%D0%B2%D0%B0%D0%BD%D0%BE-%D1%84%D1%80%D0%B0%D0%BD%D0%BA%D1%96%D0%B2%D1%81%D1%8C%D0%BA%D0%B0-%D1%80%D1%83%D1%81%D0%BB%D0%B0%D0%BD-%D0%BC%D0%B0%D1%80%D1%86%D1%96%D0%BD%D0%BA%D1%96%D0%B2-%D0%BF%D1%96%D0%B4%D0%BF%D0%B8%D1%81%D0%B0%D0%B2-%D1%80%D0%BE%D0%B7%D0%BF%D0%BE%D1%80%D1%8F%D0%B4%D0%B6%D0%B5%D0%BD%D0%BD%D1%8F-%D0%BF%D1%80%D0%BE-%D0%BF%D0%B5%D1%80%D0%B5%D0%BD%D0%B5%D1%81%D0%B5%D0%BD%D0%BD%D1%8F-9-%D1%81%D0%B5%D1%81%D1%96%D1%97-%D0%BC%D1%96%D1%81%D1%8C%D0%BA%D0%BE%D1%97-%D1%80%D0%B0%D0%B4%D0%B8-%D0%BD%D0%B0-22-%D0%B3%D1%80%D1%83%D0%B4%D0%BD%D1%8F-2016-%D1%80%D0%BE%D0%BA%D1%83 | Y23: yes | Z23: http://www.izmail-rada.gov.ua/component/content/article/37-2010-02-23-08-37-13/7299--17-vii- | AA23: yes | AB23: http://kam-pod.gov.ua/rada/plenarni-zasidannya-miskoji-radi | AC23: yes | AD23: http://so.dndz.gov.ua/ua/treezas_so/pg/251116751262314_d3/tpviewr/2/ http://dndz.gov.ua/miska_vlada/miska_rada | AE23: yes | AF23: http://kmr.gov.ua/uk/project_poryadku_denogo та http://kmr.gov.ua/uk/ та http://kmr.gov.ua/uk/rozporyadjenya | AG23: yes | AH23: http://www.kovelrada.gov.ua/decisioncommittee.html | AI23: no | AK23: yes | AL23: http://konstrada.gov.ua/ | AM23: yes | AN23: http://krm.gov.ua/article/view/445 - порядок денний засідань міської ради. yesож публікуються додатково інформаційno повідомлення в стрічці новин сайту, наприклад, повідомлення про скликання останньої сесії - http://krm.gov.ua/news/view/17162 | AO23: yes | AP23: https://www.kremen.gov.ua/index.php/site/index | AQ23: yes | AR23: http://kr.gov.ua/anonsi_podiy | AS23: yes | AT23: http://www.kr-rada.gov.ua/poryadok-denniy-chergovogo-zasidannya.html | AU23: partially | AV23: http://lis.gov.ua/novosti/events/14219-10-sichnya-pozachergova-sesiya-lisichanskoji-miskoji-radi.html | AW23: partially | AX23: http://www.lutskrada.gov.ua/announcements?page=1 | AY23: partially | AZ23: The term is less than 10 days http://city-adm.lviv.ua/events | BA23: yes | BB23: http://marsovet.org.ua/news/index/sect/5 | BC23: yes | BD23: http://mlt.gov.ua/index.php?option=com_content&task=blogcategory&id=88&Itemid=327 | BE23: yes | BF23: http://mkrada.gov.ua/calendar/?fd=11&fm=11&fy=2016&td=11&tm=11&ty=2016 http://mkrada.gov.ua/content/proekti-rishen-miskradi.html | BG23: yes | BH23: https://mukachevo-rada.gov.ua/index.php | BI23: yes | BJ23: http://www.nizhynrada.gov.ua/article/576/rozporyadjennya-mskogo-golovi.html | BK23: yes | BL23: http://www.nikopol-mrada.dp.gov.ua/novunu | BM23: yes | BN23: http://novomoskovsk-rada.gov.ua/mayor-orders | BO23: yes | BP23: http://omr.gov.ua/ru/acts/mayor/89494/ | BQ23: yes | BR23: http://olexrada.gov.ua/category/city_rada/cg_work_planing | BS23: partially | BT23: http://pavlogradmrada.dp.gov.ua/ogoloshennya/povidomlennya-51.html | BU23: yes | BV23: http://www.rada-poltava.gov.ua/documents/rozporyadzhennya_miskogo_golovi/ | BW23: yes | BX23: http://www.city-adm.rv.ua/RivnePortal/ContentPages/Public/RadaProj/rada_project_agenda.aspx?id=140&year=2016 | BY23: yes | BZ23: http://sed-rada.org.ua/novini-mista/do-uvagi-deputativ-sievierodoneckoyi-miskoyi-radi-vii-sklikannya_21-10-2016 | CA23: yes | CB23: http://e-deputat.slavrada.gov.ua/uk/plenary_sessions | CC23: yes | CD23: https://smr.gov.ua/uk/novini/miska-vlada-news/4446-deputatizberutsya-u-ostannij-den-oseni.html https://smr.gov.ua/uk/novini/miska-vlada-news/4421-miskijgolova-terminovo-sklikae-deputativ.html https://smr.gov.ua/uk/novini/anonsi/4597-30-listopada-khviisesiya-sumskoji-miskoji-radi.html https://smr.gov.ua/uk/dokumenti/proekti-dokumentiv/proektiporyadkiv-dennikh-sesij.html | CE23: yes | CF23: http://rada.te.ua/novyny/53639.html | CG23: yes | CH23: http://rada-uzhgorod.gov.ua/rada_docs_taxonomy/rozporyadzhennya-miskogo-golovy/ | CI23: no | CK23: partially | CL23: http://www.city.kharkov.ua/uk/news/zavtra-vidbudetsya-chergova-sesiya-miskoi-radi-34128.html | CM23: no | CO23: no | CQ23: yes | CR23: http://www.rada.cherkassy.ua/ua/news.php?s=1&s1=117 | CS23: yes | CT23: http://chernivtsy.eu/portal/category/4 | CU23: no | CW23: yes | CX23: http://shostka-rada.gov.ua/ogoloshennya_pro_sklikannya_sesj
A24: Q23 | B24: Are the preparatory materials to all sessions (including agenda, draft documents for approval) published on the City Council website at least two days before the meeting? | C24: yes | D24: http://artemrada.gov.ua/uk/counsil/sessionproject | E24: partially | F24: http://www.berdychiv.com.ua/rshennya/rishennya-proekt-rada/ | G24: yes | H24: Draft Decisions are available http://bmr.gov.ua/index.php?id=800000905 | I24: yes | J24: http://bc-rada.gov.ua/node/2096 | K24: yes | L24: http://brovary-rada.gov.ua/documents/?c=12 | M24: partially | N24: http://vmr.gov.ua/Docs/ExecutiveCommitteeDecisions/Forms/Projects.aspx | O24: no | Q24: yes | R24: http://drohobych-rada.gov.ua/category/proekty-rishen-sesiyi/ | S24: yes | T24: http://zt-rada.gov.ua/news/p6489 http://zt-rada.gov.ua/pages/c338 | U24: partially | V24: Only draft documents for approval http://meria.zp.ua/test/index.php?id=41 | W24: yes | X24: http://www.mrada.if.ua/%D0%B4%D0%BE%D0%BA%D1%83%D0%BC%D0%B5%D0%BD%D1%82%D0%B8-%D1%80%D0%B0%D0%B4%D0%B8/%D0%BF%D1%80%D0%BE%D0%B5%D0%BA%D1%82%D0%B8-%D1%80%D1%96%D1%88%D0%B5%D0%BD%D1%8C | Y24: partially | Z24: http://www.izmail-rada.gov.ua/2012-04-02-13-48-01/2012-04-02-13-50-26 | AA24: yes | AB24: http://kam-pod.gov.ua/documents/proekti-normativno-pravovikh-aktiv-miskoji-radi | AC24: yes | AD24: http://dndz.gov.ua/miska_vlada/miska_rada | AE24: yes | AF24: http://kmr.gov.ua/uk/plenary-meetings | AG24: no | AI24: partially | AJ24: http://rada.konotop.org/index.php/2009-03-30-12-34-05/2009-04-10-12-21-09 | AK24: partially | AL24: http://konstrada.gov.ua/component/documents/?menu=&typedoc=5&Itemid=181 | AM24: yes | AN24: http://krm.gov.ua/article/view/444 | AO24: partially | AP24: https://www.kremen.gov.ua/index.php/rozdil/miska_vlada/radanova/materials | AQ24: yes | AR24: http://kr.gov.ua/zasidannya_vikonkomu_miskradi/proekti/proekti_rishen_vikonkomu_miskradi | AS24: yes | AT24: http://www.kr-rada.gov.ua/poryadok-denniy-chergovogo-zasidannya.html | AU24: partially | AV24: http://lis.gov.ua/2011-03-25-08-36-56/resheniya/proekty-reshenij.html | AW24: partially | AX24: http://www.lutskrada.gov.ua/actual/perelik-pytan-proekt-shcho-proponuyetsya-dlya-rozglyadu-na-plenarnomu-zasidanni-15-oyi-0 | AY24: no | BA24: yes | BB24: http://marsovet.org.ua/documents/show/search/4?title=ПОРЯДОК+ДЕННИЙ+&date_from=13.10.2016&date_to=13.10.2016&submit=Найти та http://marsovet.org.ua/documents/show/menu/16489/page/3 | BC24: yes | BD24: http://mlt.gov.ua/index.php?option=com_content&task=blogcategory&id=88&Itemid=327 http://mlt.gov.ua/index.php?option=com_content&task=blogcategory&id=97&Itemid=339 http://mlt.gov.ua/index.php?option=com_content&task=blogcategory&id=98&Itemid=340 | BE24: yes | BF24: http://mkrada.gov.ua/content/proekti-rishen-miskradi.html http://mkrada.gov.ua/content/proekti-rishen-vikonkomu.html | BG24: yes | BH24: https://mukachevo-rada.gov.ua/index.php/2016-03-11-09-58-01/proekti-rishen-miskoji-radi | BI24: no | BK24: yes | BL24: http://www.nikopol-mrada.dp.gov.ua/proekti-rishen-miskoyi-radi | BM24: partially | BN24: http://novomoskovsk-rada.gov.ua/council-decisions-projects | BO24: yes | BP24: http://omr.gov.ua/acts/projects/council/38690/ | BQ24: no | BS24: partially | BT24: http://pavlogradmrada.dp.gov.ua/category/miska-rada/proekti-rishen-miskoї-radi | BU24: yes | BV24: http://www.rada-poltava.gov.ua/documents/proekty_rishen_miskvykonkomu/ | BW24: yes | BX24: http://www.city-adm.rv.ua/RivnePortal/ContentPages/Public/RadaProj/rada_project_year.aspx | BY24: yes | BZ24: http://sed-rada.org.ua/normativna-baza/arhiv-proektiv-rishen-sesiy-miskoyi-radi | CA24: yes | CB24: http://e-deputat.slavrada.gov.ua/uk/plenary_sessions/past | CC24: yes | CD24: https://smr.gov.ua/uk/dokumenti/proekti-dokumentiv.html | CE24: partially | CF24: http://rada.te.ua/novyny/53843.html | CG24: yes | CH24: http://rada-uzhgorod.gov.ua/rada_docs/ | CI24: partially | CJ24: http://uman-rada.gov.ua/index.php/dokumenty/proekty-rishen-miskoi-rady | CK24: no | CM24: partially | CN24: http://www.city.kherson.ua/act_search/10?number=&text=&date_from=&date_to=&search=1 | CO24: yes | CP24: http://www.khmelnytsky.com/index.php?option=com_content&view=category&id=632%3A2016-01-15-14-25-26&Itemid=245 | CQ24: yes | CR24: http://www.rada.cherkassy.ua/ua/text.php?s=2&s1=27&s2=21 | CS24: yes | CT24: http://chernivtsy.eu/portal/1109-2 | CU24: yes | CV24: http://chernigiv-rada.gov.ua/project/rada | CW24: no
A25: Q24 | B25: Is there an instrument allowing the public to submit, track and sign electronic petitions to the City Council on the City Council website? | C25: yes | D25: http://artemrada.gov.ua/uk/petition/ | E25: no | G25: yes | H25: http://petition.bmr.gov.ua/public/ | I25: yes | J25: http://bc-rada.gov.ua/node/5905 | K25: no | M25: yes | N25: http://e-dem.in.ua/vinnytsia | O25: no | Q25: yes | R25: http://drohobych-rada.gov.ua/gromada/elektronni-petytsiyi-gromadyan/ | S25: yes | T25: http://petitions.zt-rada.gov.ua/#1/3/20 | U25: no | W25: yes | X25: http://petition.mvk.if.ua/ | Y25: no | AA25: yes | AB25: http://petition.kam-pod.gov.ua/ | AC25: no | AE25: yes | AF25: https://petition.kievcity.gov.ua/ | AG25: yes | AH25: http://www.kovelrada.gov.ua/petition.html | AI25: no | AK25: yes | AL25: http://petition.konstrada.gov.ua/uk | AM25: yes | AN25: http://krm.gov.ua/article/view/505 | AO25: yes | AP25: https://petition.kremen.gov.ua/ | AQ25: yes | AR25: http://pet.kr.gov.ua/ | AS25: no | AU25: yes | AV25: http://e-dem.in.ua/lisichansk | AW25: yes | AX25: http://www.lutskrada.gov.ua/elektronni-petyciyi-0 | AY25: yes | AZ25: http://city-adm.lviv.ua/petitions | BA25: yes | BB25: http://marsovet.org.ua/articles/show/article/2511 | BC25: no | BE25: yes | BF25: http://petition.mkrada.gov.ua/ | BG25: no | BI25: no | BK25: partially | BL25: http://e-dem.in.ua/nikopol | BM25: no | BO25: no | BQ25: no | BS25: yes | BT25: http://e-dem.in.ua/pavlograd | BU25: yes | BV25: http://www.rada-poltava.gov.ua/petition/petition_add/ | BW25: yes | BX25: http://www.city-adm.rv.ua/Petitions/home | BY25: partially | BZ25: http://sed-rada.org.ua/services/peticiyi | CA25: yes | CB25: http://slavrada.gov.ua/?view=petition | CC25: yes | CD25: https://smr.gov.ua/uk/statichni-storinki/1931-edina-sistema-mistsevikh-petitsij.html | CE25: yes | CF25: http://rada.te.ua/petitsii/ | CG25: yes | CH25: http://rada-uzhgorod.gov.ua/petition_taxonomy/tryvaye-zbir-pidpysiv/ | CI25: partially | CJ25: http://e-dem.in.ua/uman | CK25: yes | CL25: http://petition.city.kharkov.ua/uk/ | CM25: yes | CN25: http://www.city.kherson.ua/articles/elektronni-peticiyi-2 | CO25: no | CQ25: yes | CR25: http://rada.ck.ua/petitions/web/ | CS25: yes | CT25: http://zvernennya.chernivtsy.eu/category/petitsiyi | CU25: yes | CV25: http://chernigiv-rada.gov.ua/petition | CW25: no
A26: Q25 | B26: Are the conditions for providing grants and funding of business projects from the city budget to the city residents published on the City Council website? | C26: yes | D26: http://artemrada.gov.ua/uk/9661 | E26: no | G26: yes | H26: https://berdiansk.pb.org.ua/ | I26: no | K26: no | M26: yes | N26: http://gromada.vmr.gov.ua/default.aspx | O26: yes | P26: Banner the main page on the participatory budget http://dniprorada.gov.ua/files/Budg_uchasti.pdf | Q26: no | S26: yes | T26: http://gromada.zt-rada.gov.ua/proektni-propozitsii/yak-podati-proektnu-propozitsiyu/ | U26: yes | V26: http://gb.meriazp.gov.ua/uk | W26: yes | X26: http://bu.mvk.if.ua/ | Y26: no | AA26: no | AC26: no | AE26: no | AG26: partially | AH26: http://www.kovelrada.gov.ua/entrepreneurshipdevelopment.html | AI26: yes | AJ26: http://rada.konotop.org/index.php/2016-08-03-12-48-23/5400-2016-06-03-06-10-24 | AK26: no | AM26: yes | AN26: http://krm.gov.ua/article/view/492 | AO26: yes | AP26: https://budget.kremen.org.ua/ | AQ26: yes | AR26: http://gb.kr.gov.ua/ | AS26: no | AU26: no | AW26: no | AY26: yes | AZ26: https://lviv.pb.org.ua/ | BA26: yes | BB26: http://marsovet.org.ua/articles/show/menu/558 | BC26: yes | BD26: https://melitopol-online.gov.ua/ | BE26: no | BG26: no | BI26: yes | BJ26: http://nizhynrada.org/interview/68/gromadskiy-byudjet.html | BK26: no | BM26: no | BO26: no | BQ26: no | BS26: no | BU26: no | BW26: no | BY26: no | CA26: no | CC26: yes | CD26: https://smr.gov.ua/uk/novini/ogoloshennya/4958-poryadok-prezentatsij-program-proektiv-zakhodiv-rozroblenikh-institutami-gromadyanskogo-suspilstva-podanikh-na-miskij-konkurs-proektiv-u-sferi-roboti-z-ditmi-ta-moloddyu-dlya-vikonannya-realizatsiji-yakikh-nadaetsya-finansova-pidtrimka-z-miskogo-byudzhetu.html | CE26: no | CG26: no | CI26: no | CK26: no | CM26: no | CO26: no | CQ26: no | CS26: yes | CT26: http://chernivtsy.eu/portal/byudzhet-uchasti | CU26: yes | CV26: http://www.chernigiv-rada.gov.ua/budget/news | CW26: no
A27: Q26 | B27: Is the information on the given grants/business projects financed from the city budget published on the City Council website? | C27: no | E27: no | G27: yes | H27: https://berdiansk.pb.org.ua/projects | I27: no | K27: no | M27: yes | N27: http://gromada.vmr.gov.ua/Lists/ProjectsRealization/Default.aspx | O27: no | Q27: no | S27: yes | T27: http://gromada.zt-rada.gov.ua/proektni-propozitsii/podani-proekti-proekt-analiz-kr-analiz-departamentu/ | U27: no | W27: yes | X27: http://bu.mvk.if.ua/ | Y27: no | AA27: yes | AB27: http://kam-pod.gov.ua/economika/granti | AC27: no | AE27: no | AG27: no | AI27: no | AK27: no | AM27: yes | AN27: Infrastructure projects http://krm.gov.ua/article/view/459 the EU grant projects - http://krm.gov.ua/article/view/484 http://krm.gov.ua/article/view/514 Project competition for the socio-economic, cultural and spatial development of the city - http://krm.gov.ua/article/view/495 | AO27: yes | AP27: https://budget.kremen.org.ua/ | AQ27: no | AS27: no | AU27: no | AW27: no | AY27: yes | AZ27: https://lviv.pb.org.ua/ | BA27: yes | BB27: http://marsovet.org.ua/articles/show/menu/2301 | BC27: yes | BD27: http://mlt.gov.ua/index.php?option=com_content&task=view&id=10414&Itemid=1 | BE27: no | BG27: no | BI27: no | BK27: no | BM27: no | BO27: no | BQ27: yes | BR27: http://olexrada.gov.ua/category/mf_pp/support_smb | BS27: no | BU27: no | BW27: no | BY27: no | CA27: yes | CB27: http://www.slavrada.gov.ua/?view=invest1-3 | CC27: yes | CD27: https://smr.gov.ua/uk/novini/ogoloshennya/2607-rezultatimiskogo-konkursu-z-viznachennya-program-proektiv-zakhodivu-sferi-roboti-z-ditmi-ta-moloddyu.html https://smr.gov.ua/uk/novini/podiji/2616-u-sumakh-miskimkoshtom-profinansuyut-20-molodizhnikh-initsiativ.html | CE27: no | CG27: no | CI27: no | CK27: no | CM27: no | CO27: yes | CP27: http://www.khmelnytsky.com/index.php?option=com_content&view=article&id=31932:-l-r&catid=189:2010-02-15-10-41-41 | CQ27: yes | CR27: http://www.rada.cherkassy.ua/ua/upage.php?s=34&s1=403 | CS27: no | CU27: yes | CV27: http://www.chernigiv-rada.gov.ua/budget/news/7338 | CW27: no
A28: Q27 | B28: Is there a separate section for publishing information on partnership, cooperation, twinning between towns on the City Council website with links to the common activities and programs? | C28: no | E28: partially | F28: the main page contains an advertisement indicating the Twin Cities with links | G28: partially | H28: available: only the list of cities http://bmr.gov.ua/index.php?id=49 | I28: partially | J28: http://bc-rada.gov.ua/node/1918 | K28: partially | L28: http://brovary-rada.gov.ua/content/mista-pobratimi.html | M28: partially | N28: http://www.vmr.gov.ua/en/Lists/TwinCities/Default.aspx | O28: no | Q28: partially | R28: http://drohobych-rada.gov.ua/mizhnarodni-zv-yazky-2/mista-pobratymy/ | S28: no | U28: no | W28: yes | X28: http://www.mvk.if.ua/plancity/36449 | Y28: no | AA28: partially | AB28: http://kam-pod.gov.ua/nashe-misto/mista-partneri | AC28: no | AE28: no | AG28: partially | AH28: http://www.kovelrada.gov.ua/partners.html | AI28: yes | AJ28: http://rada.konotop.org/index.php/home/2009-04-10-08-00-41 | AK28: no | AM28: no | AO28: partially | AP28: https://www.kremen.gov.ua/index.php/rozdil/gromadyanam/misto/mistapobratymi | AQ28: partially | AR28: In News http://kr.gov.ua/ua/news/pg/251116863573926_n/ | AS28: no | AU28: no | AW28: yes | AX28: http://www.lutskrada.gov.ua/citizen/international-cooperation | AY28: partially | AZ28: https://www.lvivrada.gov.ua/miska-rada/mista-partnery | BA28: yes | BB28: http://marsovet.org.ua/articles/show/article/653 | BC28: no | BE28: yes | BF28: http://mkrada.gov.ua/content/mistapartneri.html | BG28: yes | BH28: https://mukachevo-rada.gov.ua/index.php/hromadianam/pro-mukacheve/mista-pobratimi-mukacheva | BI28: no | BK28: no | BM28: no | BO28: no | BQ28: no | BR28: Some information is published in News, however there is no separate section. http://olexrada.gov.ua/news/oleksandriya-ta-sant-kugat-ispaniya-uklaly-memorandum-pro-spivpratsyu.html http://olexrada.gov.ua/news/v-ispaniyi-miskyj-golova-s-tsapyuk-pidpysav-shhe-odyn-dokument-pro-spivrobitnytstvo.html | BS28: no | BU28: partially | BV28: http://www.rada-poltava.gov.ua/international/ | BW28: yes | BX28: http://www.city-adm.rv.ua/RivnePortal/ukr/city_partners.aspx | BY28: no | CA28: no | CC28: yes | CD28: https://smr.gov.ua/uk/misto/mista-partneri.html | CE28: partially | CF28: http://rada.te.ua/mista-partneri-ta-po/ | CG28: partially | CH28: No information on common activities http://rada-uzhgorod.gov.ua/mista-pobratymy-uzhgoroda/ | CI28: yes | CJ28: http://uman-rada.gov.ua/index.php/mizhnarodni-zviazky | CK28: yes | CL28: http://www.city.kharkov.ua/uk/o-xarkove/goroda-partneryi.html | CM28: no | CO28: partially | CP28: http://www.khmelnytsky.com/index.php?option=com_content&view=section&layout=blog&id=84&Itemid=78 | CQ28: partially | CR28: http://www.rada.cherkassy.ua/ua/text.php?s=8&s1=46&s2=69 | CS28: yes | CT28: http://chernivtsy.eu/portal/1155-2 | CU28: partially | CV28: http://www.chernigiv-rada.gov.ua/citypartners/citypartners-list | CW28: partially | CX28: http://www.shostka-rada.gov.ua/town/msta_pobratimi
A29: Q28 | B29: Is the information on the completed and ongoing projects with foreign funding, implemented in the territory of the community (grant projects, international technical assistance projects), including reports on their implementation published on the City Council website? | C29: no | E29: no | G29: yes | H29: http://bmr.gov.ua/index.php?id=800000424 | I29: no | K29: no | M29: yes | N29: http://www.vmr.gov.ua/Branches/Lists/GMmiskgospodarstvo/Default.aspx http://www.vmr.gov.ua/en/Lists/InternationalProjects/News.aspx | O29: no | Q29: yes | R29: http://drohobych-rada.gov.ua/category/proekty-zahody-podiyi/, the City Council cooperates with the UNDP http://drohobych-rada.gov.ua/ponad-20-osbb-drogobycha-otrymaly-spivfinansuvannya-proektu-yes-proon-mrg-foto/ | S29: no | U29: no | W29: yes | X29: http://www.mvk.if.ua/program | Y29: no | AA29: yes | AB29: http://kam-pod.gov.ua/economika/invest-politika/investitsijni-proekti | AC29: no | AE29: no | AG29: no | AI29: no | AK29: no | AM29: yes | AN29: http://krm.gov.ua/article/view/459 | AO29: no | AQ29: no | AS29: no | AU29: no | AW29: yes | AX29: http://www.lutskrada.gov.ua/citizen/proekti | AY29: no | BA29: yes | BB29: http://marsovet.org.ua/articles/show/menu/558 | BC29: no | BE29: no | BG29: yes | BH29: https://mukachevo-rada.gov.ua/index.php/ekonomika/ekonomika-biznes-ta-investytsii/propozytsii-do-spivpratsi | BI29: no | BK29: no | BM29: no | BO29: yes | BP29: http://omr.gov.ua/ua/cooperation/ | BQ29: no | BS29: partially | BT29: http://pavlogradmrada.dp.gov.ua/vikonkom-2/rishennya-vikonkomu/pro-stan-realizaci%D1%97-grantovikh-program-u-m-pavlogradi-u-2016-roci-2.html | BU29: no | BW29: yes | BX29: http://www.city-adm.rv.ua/RivnePortal/ukr/international_projects.aspx | BY29: yes | BZ29: http://sed-rada.org.ua/mizhnarodna-spivpracya | CA29: no | CC29: partially | CD29: https://smr.gov.ua/uk/misto/2016-03-14-08-11-32/strategichnij-plan-ekonomichnogo-rozvitku-m-sumi-usaid/1787-strategichnij-plan-ekonomichnogo-rozvitku-m-sumi-usaid.html | CE29: no | CG29: no | CI29: no | CK29: no | CM29: no | CO29: no | CQ29: no | CS29: no | CU29: no | CW29: no
A30: Q29 | B30: Is the information on the open educational and cultural competitions for participation of youth and citizens published on the City Council website? | C30: no | E30: yes | F30: http://www.berdychiv.com.ua/dzherelo_tvorchosti_2015.html | G30: no | I30: no | K30: no | M30: yes | N30: http://www.vmr.gov.ua/Branches/Lists/Education/ShowContent.aspx?ID=192 http://www.vmr.gov.ua/TransparentCity/Lists/StartUp/Default.aspx | O30: yes | P30: In the announcements http://dniprorada.gov.ua/2016-11-29-13-08-48 | Q30: no | S30: no | U30: no | W30: yes | X30: http://osvita-mvk.if.ua/category&category_id=38 | Y30: no | AA30: no | AC30: yes | AD30: In News http://dndz.gov.ua/ua/news/pg/291116117220655_p13/ | AE30: no | AG30: yes | AH30: In announcements http://www.kovelrada.gov.ua/announcement/335-tvorchij_konkurs.html | AI30: yes | AJ30: In News http://rada.konotop.org/ | AK30: no | AM30: no | AO30: no | AQ30: yes | AR30: In News http://kr.gov.ua/novini | AS30: no | AU30: no | AW30: no | AY30: yes | AZ30: http://city-adm.lviv.ua/competitions | BA30: yes | BB30: http://marsovet.org.ua/articles/show/menu/74 | BC30: yes | BD30: http://mlt.gov.ua/index.php?option=com_content&task=blogcategory&id=125&Itemid=389 | BE30: no | BG30: no | BI30: yes | BJ30: In News http://nizhynrada.org/news?News_page=2 | BK30: no | BM30: no | BO30: no | BQ30: no | BS30: no | BU30: partially | BV30: http://www.rada-poltava.gov.ua/files/ro_101-r_18.11.16.zip | BW30: no | BY30: no | CA30: no | CC30: no | CE30: no | CG30: yes | CH30: In the News feed http://rada-uzhgorod.gov.ua/ogoloshuyetsya-konkurs-idej-na-rozrobku-dyzajnu-i-mistse-vstanovlennya-znaku-ya-lyublyu-uzhgorod/ | CI30: no | CK30: no | CM30: no | CO30: no | CQ30: no | CS30: no | CU30: partially | CV30: In News section http://www.chernigiv-rada.gov.ua/news/ | CW30: no
A31: Q30 | B31: Is the list of fields and areas that require the involvement of the relevant international assistance published on the City Council website? | C31: no | E31: no | G31: yes | H31: http://bmr.gov.ua/index.php?id=800000425 | I31: no | K31: no | M31: partially | N31: http://www.vmr.gov.ua/Branches/Lists/EconomicsBusinessAndInvestmens/ShowContent.aspx?ID=13 | O31: no | Q31: no | S31: no | U31: no | W31: partially | X31: http://www.mvk.if.ua/energmod | Y31: yes | Z31: http://www.izmail-rada.gov.ua/2012-02-07-10-14-54/184-2012-02-07-10-13-29/1812-2012-02-07-10-39-03 | AA31: yes | AB31: http://kam-pod.gov.ua/economika/invest-politika/investitsijnij-potentsial-mista | AC31: no | AE31: yes | AF31: http://kievcity.gov.ua/news/?c=254 and http://investinkyiv.gov.ua/ua/projects/10 | AG31: yes | AH31: http://www.kovelrada.gov.ua/investors.html | AI31: no | AK31: yes | AL31: http://konstrada.gov.ua/images/image/2016/10/%D1%81%D0%B2%D0%BE%D0%B1%D0%BE%D0%B4%D0%BD%D1%8B%D0%B5_%D0%BF%D0%BE%D0%BC%D0%B5%D1%89%D0%B5%D0%BD%D0%B8%D1%8F_120116.doc | AM31: yes | AN31: http://krm.gov.ua/article/view/277 | AO31: no | AQ31: no | AS31: no | AU31: no | AW31: no | AY31: yes | AZ31: http://investinlviv.com/category/priority-areas-en | BA31: yes | BB31: http://marsovet.org.ua/articles/show/menu/558 | BC31: no | BE31: yes | BF31: http://mkrada.gov.ua/content/investiciyni-proekti.html | BG31: no | BI31: no | BK31: no | BM31: no | BO31: no | BQ31: no | BS31: no | BU31: no | BW31: yes | BX31: http://economy.rv.ua/PDZ/ | BY31: partially | BZ31: http://sed-rada.org.ua/mizhnarodna-spivpracya/proekt-kapitalniy-remont-avtomobilnogo-mostu-cherez-r-siverskiy-donec | CA31: no | CC31: yes | CD31: https://smr.gov.ua/uk/misto/2016-03-14-08-11-32/karta-zaluchennya-mizhnarodnoji-dopomogi.html https://smr.gov.ua/uk/misto/2016-03-14-08-11-32/strategichnij-plan-ekonomichnogo-rozvitku-m-sumi-usaid/1787-strategichnij-plan-ekonomichnogo-rozvitku-m-sumi-usaid.html | CE31: yes | CF31: http://rada.te.ua/predprinimatelstvo_i/ | CG31: no | CI31: yes | CJ31: http://uman-rada.gov.ua/index.php/investytsiina-polityka | CK31: no | CM31: no | CO31: no | CQ31: yes | CR31: http://www.rada.cherkassy.ua/ua/textex.php?s=8&s1=203&s2=322 | CS31: yes | CT31: http://chernivtsy.eu/portal/investitsijna-diyal-nist | CU31: partially | CV31: http://chernigiv-rada.gov.ua/english/eng-list/748 | CW31: no
A32: Q31 | B32: Is there a separate section on the City Council website for the submission of proposals for attracting the available tools of international cooperation? | C32: no | E32: no | G32: no | I32: no | K32: no | M32: no | O32: no | Q32: no | S32: no | U32: no | W32: no | Y32: no | AA32: no | AC32: no | AE32: no | AG32: no | AI32: no | AK32: no | AM32: yes | AN32: http://krm.gov.ua/article/view/512 | AO32: no | AQ32: no | AS32: no | AU32: no | AW32: no | AY32: yes | AZ32: http://city-adm.lviv.ua/lmr/economy/investoru | BA32: no | BC32: no | BE32: no | BG32: no | BI32: no | BK32: no | BM32: no | BO32: no | BQ32: no | BS32: no | BU32: no | BW32: no | BY32: no | CA32: no | CC32: partially | CD32: https://smr.gov.ua/en | CE32: no | CG32: no | CI32: no | CK32: no | CM32: no | CO32: no | CQ32: no | CS32: no | CU32: no | CW32: no
A33: Q32 | B33: Is there a separate section in English on the City Council website, where the foreigners may find postal contact details, phone numbers of the City Council management in specific fields and the mayor? | C33: no | E33: no | G33: yes | H33: http://bmr.gov.ua/index.php?id=499&L=3 | I33: no | K33: no | M33: partially | N33: http://www.vmr.gov.ua/en/default.aspx | O33: no | Q33: no | S33: no | U33: no | W33: no | Y33: no | AA33: no | AC33: no | AE33: no | AG33: no | AI33: no | AK33: no | AM33: no | AO33: no | AQ33: no | AS33: no | AU33: no | AW33: yes | AX33: http://www.lutskrada.gov.ua/en http://www.lutskrada.gov.ua/en/contacts | AY33: partially | AZ33: http://investinlviv.com/kontakty | BA33: yes | BB33: http://marsovet.org.ua/en | BC33: no | BE33: yes | BF33: http://mkrada.gov.ua/en/ | BG33: no | BI33: no | BK33: no | BM33: no | BO33: yes | BP33: http://omr.gov.ua/en/ | BQ33: no | BS33: no | BU33: partially | BV33: http://www.rada-poltava.gov.ua/foreign/ | BW33: no | BY33: no | CA33: no | CC33: partially | CD33: https://smr.gov.ua/en | CE33: partially | CF33: http://rada.te.ua/en/ | CG33: no | CI33: no | CK33: partially | CL33: http://www.city.kharkov.ua/en/o-xarkove/nagradyi-soveta-evropyi.html | CM33: no | CO33: no | CQ33: no | CS33: no | CU33: yes | CV33: http://www.chernigiv-rada.gov.ua/english/eng-list/763 | CW33: no
A34: Q33 | B34: Is the City Council procurement plan for the current period published on the City Council website? | C34: yes | D34: http://artemrada.gov.ua/uk/11068 | E34: yes | F34: http://www.berdychiv.com.ua/plan-zakupvl/ | G34: no | H34: only for 2014 and 2015 http://bmr.gov.ua/index.php?id=800000180 | I34: yes | J34: http://www.bc-rada.gov.ua/node/1895 | K34: yes | L34: http://brovary-rada.gov.ua/content/derzhavni-zakupivli.html | M34: yes | N34: http://www.vmr.gov.ua/TransparentCity/SitePages/Tenders.aspx http://www.vmr.gov.ua/TransparentCity/Lists/TendersExCom2016/Default.aspx | O34: yes | P34: http://dniprorada.gov.ua/richnij-plan-zakupivel-na-2016-rik-z-dodatkom-zmini-vid-21112016-upravlinnja-informacijnih-tehnologij-dnipropetrovskoi-miskoi-radi | Q34: no | S34: yes | T34: http://zt-rada.gov.ua/pages/c456 | U34: yes | V34: http://meria.zp.ua/test/index.php?id=54 | W34: yes | X34: http://www.mvk.if.ua/dzrpl | Y34: yes | Z34: http://www.izmail-rada.gov.ua/2010-03-18-10-53-55 | AA34: yes | AB34: http://kam-pod.gov.ua/economika/dergavni-zakupivli/richni-plani-zakupivel | AC34: yes | AD34: http://dndz.gov.ua/nadkhodzhennya_ta_vikoristannya_koshtiv_miskogo_byudzhetu | AE34: yes | AF34: http://kmr.gov.ua/uk/plan-zakupivel | AG34: yes | AH34: http://www.kovelrada.gov.ua/tenderni_zakupivli.html | AI34: no | AK34: yes | AL34: http://konstrada.gov.ua/images/doc/2016/01/20160119rpz.doc | AM34: yes | AN34: http://krm.gov.ua/article/view/428 | AO34: yes | AP34: https://www.kremen.gov.ua/index.php/rozdil/publichna_inform/dergzakupivli | AQ34: yes | AR34: http://kr.gov.ua/richni_plani_derzhavnikh_zakupivel | AS34: yes | AT34: http://www.kr-rada.gov.ua/files/content/files/reestr-20160818151251.pdf | AU34: yes | AV34: http://lis.gov.ua/enterprise/gosudarstvennye-zakupki.html | AW34: yes | AX34: http://www.lutskrada.gov.ua/zakupivli-vikonavchogo-komitetu-miskoyi-radi | AY34: yes | AZ34: http://city-adm.lviv.ua/public-information/tenders/2016 | BA34: no | BC34: no | BE34: yes | BF34: http://mkrada.gov.ua/content/golovi-plani.html | BG34: yes | BH34: https://mukachevo-rada.gov.ua/index.php/vidkryte-misto/derzhavni-zakupivli/plan-po-derzhzakupivliam | BI34: no | BK34: yes | BL34: http://www.nikopol-mrada.dp.gov.ua/vikonavchiy-komitet | BM34: yes | BN34: http://novomoskovsk-rada.gov.ua/state_buy | BO34: yes | BP34: http://omr.gov.ua/ru/76976 | BQ34: yes | BR34: Procurement plan for 2016 http://olexrada.gov.ua/category/gov_supply | BS34: yes | BT34: http://pavlogradmrada.dp.gov.ua/category/tenders/docs-torgiv | BU34: yes | BV34: http://www.rada-poltava.gov.ua/documents/derzhavni_zakupivli/ | BW34: yes | BX34: http://www.city-adm.rv.ua/RivnePortal/ukr/tender_richniplany.aspx | BY34: yes | BZ34: http://sed-rada.org.ua/sievierodonecka-miska-rada/2016-rik | CA34: no | CC34: yes | CD34: https://smr.gov.ua/uk/miska-vlada/tsentr-koordinatsiji-derzhavnikh-zakupivel/richni-plani-zakupivel.html | CE34: yes | CF34: http://rada.te.ua/ogoloshennya-konkurs/tenderi/31002.html | CG34: yes | CH34: http://rada-uzhgorod.gov.ua/rada_docs/richnyj-plan-zakupivel-na-2016-rik/ | CI34: yes | CJ34: http://uman-rada.gov.ua/index.php/derzhavni-zakupivli | CK34: yes | CL34: http://www.city.kharkov.ua/uk/dokumentyi/gosudarstvennyie-zakupki/godovoj-plan-zakupok.html | CM34: yes | CN34: http://www.city.kherson.ua/c/ekonomichna-sfera/s/derzhavni-zakupivli | CO34: yes | CP34: http://www.khmelnytsky.com/index.php?option=com_content&view=category&layout=blog&id=433&Itemid=60 | CQ34: no | CS34: yes | CT34: http://chernivtsy.eu/portal/1170-2 | CU34: yes | CV34: http://chernigiv-rada.gov.ua/misto/economika-zakupivla | CW34: yes | CX34: http://shostka-rada.gov.ua/purchasing
A35: Q34 | B35: Is there a separate section on the City Council website containing publication of information on the City Council procurements, including notifications on the planned City Council procurements? | C35: yes | D35: http://artemrada.gov.ua/uk/tenders | E35: no | G35: yes | H35: http://bmr.gov.ua/index.php?id=800000176&no_cache=1 | I35: yes | J35: http://bc-rada.gov.ua/node/5196 | K35: yes | L35: Published in announcements: http://brovary-rada.gov.ua/news/14459.html and in section "Public procurement" http://brovary-rada.gov.ua/content/derzhavni-zakupivli.html | M35: yes | N35: http://www.vmr.gov.ua/TransparentCity/SitePages/Tenders.aspx | O35: yes | P35: http://dniprorada.gov.ua/inshiogoloshennja | Q35: yes | R35: http://drohobych-rada.gov.ua/dovidka3/elektronni-zakupivli/ http://drohobych-rada.gov.ua/category/informatsiya-drogobytskoyi-miskoyi-rady-pro-prodazhi-auktsiony-zakupivli-ta-konkursy/ | S35: partially | T35: Only planned procurements http://zt-rada.gov.ua/pages/c456 | U35: no | W35: yes | X35: http://www.mvk.if.ua/dzog | Y35: no | AA35: yes | AB35: http://kam-pod.gov.ua/economika/dergavni-zakupivli/ogoloshennya-pro-derzhavni-zakupivli | AC35: yes | AD35: http://dndz.gov.ua/nadkhodzhennya_ta_vikoristannya_koshtiv_miskogo_byudzhetu | AE35: yes | AF35: http://kmr.gov.ua/uk/plan-zakupivel | AG35: partially | AH35: http://www.kovelrada.gov.ua/tenderni_zakupivli.html | AI35: partially | AJ35: Only on past procurements http://rada.konotop.org/index.php/2014-02-05-15-19-02/2009-04-29-08-21-32 | AK35: yes | AL35: http://konstrada.gov.ua/sotsialno-ekonomichnij-rozvitok/ekonomika-ta-torgivlya/123-sotsialno-ekonomichnij-rozvitok/ekonomika-ta-torgivlya/168-informatsiya-dlya-biznesa | AM35: yes | AN35: Announcements open bidding - http://krm.gov.ua/article/view/424 The annual procurement plans - http://krm.gov.ua/article/view/428 Request for price proposals - http://krm.gov.ua/article/view/455 | AO35: no | AQ35: partially | AR35: Only on the past procurements http://kr.gov.ua/richni_plani_derzhavnikh_zakupivel | AS35: yes | AT35: http://www.kr-rada.gov.ua/tenderni-zakupivli.html | AU35: yes | AV35: http://lis.gov.ua/enterprise/gosudarstvennye-zakupki.html | AW35: yes | AX35: http://www.lutskrada.gov.ua/elektronni-zakupivli | AY35: yes | AZ35: http://city-adm.lviv.ua/public-information/tenders/2016 | BA35: no | BC35: no | BE35: yes | BF35: http://mkrada.gov.ua/content/tenderi.html http://mkrada.gov.ua/content/golovi-plani.html | BG35: yes | BH35: https://mukachevo-rada.gov.ua/index.php/vidkryte-misto/derzhavni-zakupivli/oholoshennia-pro-provedennia-protsedur-zakupivel-tovariv-robit-i-posluh-za-derzhavni-koshty | BI35: partially | BJ35: No information on planned procurements http://www.nizhynrada.org/article/944/elektronn-zakupvl-.html | BK35: partially | BL35: http://www.nikopol-mrada.dp.gov.ua/vikonavchiy-komitet | BM35: yes | BN35: http://novomoskovsk-rada.gov.ua/state_buy | BO35: yes | BP35: http://omr.gov.ua/ru/57295 http://omr.gov.ua/ru/57295 та http://omr.gov.ua/auctions/planned_auction/ | BQ35: yes | BR35: http://olexrada.gov.ua/category/gov_supply | BS35: yes | BT35: http://pavlogradmrada.dp.gov.ua/category/tenders/ogoloshennya-tender | BU35: yes | BV35: http://www.rada-poltava.gov.ua/documents/derzhavni_zakupivli/ | BW35: yes | BX35: http://www.city-adm.rv.ua/RivnePortal/ukr/tender_richniplany.aspx | BY35: yes | BZ35: http://sed-rada.org.ua/derzhzakupivli/sievierodonecka-miska-rada | CA35: partially | CB35: http://slavrada.gov.ua/?view=prozorro | CC35: yes | CD35: https://smr.gov.ua/uk/miska-vlada/tsentr-koordinatsijiderzhavnikh-zakupivel.html | CE35: yes | CF35: http://rada.te.ua/ogoloshennya-konkurs/ | CG35: yes | CH35: http://rada-uzhgorod.gov.ua/rada_docs_taxonomy/zakupivli/ | CI35: no | CK35: no | CM35: yes | CN35: http://www.city.kherson.ua/c/ekonomichna-sfera/s/derzhavni-zakupivli | CO35: yes | CP35: http://www.khmelnytsky.com/index.php?option=com_content&view=category&layout=blog&id=433&Itemid=60 | CQ35: yes | CR35: http://www.rada.cherkassy.ua/ua/text.php?s=33&s1=394 | CS35: yes | CT35: http://chernivtsy.eu/portal/1170-2 | CU35: yes | CV35: http://chernigiv-rada.gov.ua/misto/economika-zakupivla | CW35: yes | CX35: http://shostka-rada.gov.ua/purchasing
A36: Q35 | B36: Is the information on the completed City Council procurements published in the respective section (type of procurement, date, price, candidates, their proposals, minutes of meetings of the Commission)? | C36: no | E36: no | G36: yes | H36: http://bmr.gov.ua/index.php?id=800000180 | I36: yes | J36: http://www.zvit.pro/ | K36: no | M36: no | O36: no | Q36: no | S36: no | U36: no | W36: yes | X36: http://www.mvk.if.ua/dzog | Y36: no | AA36: no | AC36: partially | AD36: http://dndz.gov.ua/nadkhodzhennya_ta_vikoristannya_koshtiv_miskogo_byudzhetu/vikoristannya_koshtiv_miskogo_byudzhetu_po_vikonavchikh_organakh_miskoi_radi | AE36: no | AG36: no | AI36: partially | AJ36: http://rada.konotop.org/index.php/2014-02-05-15-19-02/2009-04-29-08-21-32 | AK36: no | AM36: partially | AN36: Lists of concluded contracts are published on Unified State Portal of Open Data, e.g. on Department of education http://data.gov.ua/passport/66797289-95f8-42da-a11e-1d9c3fbdcac2 | AO36: no | AQ36: yes | AR36: http://kr.gov.ua/richni_plani_derzhavnikh_zakupivel | AS36: yes | AT36: http://www.kr-rada.gov.ua/tenderni-zakupivli.html | AU36: no | AW36: partially | AX36: http://www.lutskrada.gov.ua/derzhavni-zakupivli | AY36: no | BA36: no | BC36: partially | BD36: http://mlt.gov.ua/index.php?option=com_content&task=blogcategory&id=127&Itemid=393 | BE36: yes | BF36: http://mkrada.gov.ua/content/tenderi.html | BG36: yes | BH36: https://mukachevo-rada.gov.ua/index.php/vidkryte-misto/derzhavni-zakupivli/oholoshennia-pro-rezultaty-provedennia-protsedur-zakupivel-tovariv-robit-i-posluh-za-derzhavni-koshty | BI36: partially | BJ36: http://www.nizhynrada.org/article/944/elektronn-zakupvl-.html | BK36: yes | BL36: http://www.nikopol-mrada.dp.gov.ua/rezultati-konkursiv-tenderiv | BM36: no | BO36: yes | BP36: http://omr.gov.ua/ua/auctions/ | BQ36: no | BS36: no | BU36: partially | BV36: http://www.rada-poltava.gov.ua/documents/derzhavni_zakupivli/ | BW36: yes | BX36: http://www.city-adm.rv.ua/RivnePortal/ukr/tender_richniplany.aspx | BY36: partially | BZ36: http://sed-rada.org.ua/sievierodonecka-miska-rada/2016-rik | CA36: partially | CB36: http://slavrada.gov.ua/?view=prozorro | CC36: no | CE36: yes | CF36: http://rada.te.ua/ogoloshennya-konkurs/tenderi/30939.html | CG36: partially | CH36: http://rada-uzhgorod.gov.ua/rada_docs_taxonomy/zakupivli/ | CI36: no | CK36: no | CM36: no | CO36: no | CQ36: no | CS36: yes | CT36: http://chernivtsy.eu/portal/1170-2 | CU36: no | CW36: no
A37: Q36 | B37: Are all the contracts and the amendments thereto published on the City Council website on a regular basis (providing hyperlinks between contracts, invoices and amendments to contracts for easy access to all the documents relating to the respective contract)? | C37: no | E37: no | G37: no | I37: yes | J37: http://www.zvit.pro/ | K37: no | M37: no | O37: yes | P37: http://dniprorada.gov.ua/dogovori-na-zakupivlyu/zakupivli/ | Q37: no | S37: no | U37: no | W37: no | Y37: no | AA37: no | AC37: partially | AD37: http://dndz.gov.ua/nadkhodzhennya_ta_vikoristannya_koshtiv_miskogo_byudzhetu/vikoristannya_koshtiv_miskogo_byudzhetu_po_vikonavchikh_organakh_miskoi_radi | AE37: no | AG37: no | AI37: partially | AJ37: http://rada.konotop.org/index.php/2014-02-05-15-19-02/2009-04-29-08-21-32/4918-----2016- | AK37: no | AM37: no | AO37: no | AQ37: no | AS37: partially | AT37: http://www.kr-rada.gov.ua/tenderni-zakupivli.html | AU37: no | AW37: no | AY37: no | BA37: no | BC37: no | BE37: no | BG37: yes | BH37: https://mukachevo-rada.gov.ua/index.php/vidkryte-misto/derzhavni-zakupivli | BI37: no | BK37: yes | BL37: http://www.nikopol-mrada.dp.gov.ua/rezultati-konkursiv-tenderiv | BM37: no | BO37: no | BQ37: no | BS37: no | BU37: no | BW37: yes | BX37: http://www.city-adm.rv.ua/RivnePortal/ukr/tender_richniplany.aspx | BY37: yes | BZ37: http://sed-rada.org.ua/prozorro | CA37: no | CC37: no | CE37: no | CG37: no | CI37: no | CK37: no | CM37: no | CO37: no | CQ37: no | CS37: no | CU37: no | CW37: no
A38: Q37 | B38: Is there a possibility to track on the City Council website in a real-time mode the information on procurements carried out through the Prozorro system with the respective hyperlinks to the current offers? | C38: no | E38: no | G38: yes | H38: http://bmr.gov.ua/index.php?id=800000936 | I38: no | K38: no | M38: yes | N38: http://www.vmr.gov.ua/TransparentCity/Lists/CityTendersMonitoring/Default.aspx | O38: no | Q38: yes | R38: http://drohobych-rada.gov.ua/dovidka3/elektronni-zakupivli/ | S38: no | U38: no | W38: no | Y38: no | AA38: no | AC38: partially | AD38: http://dndz.gov.ua/nadkhodzhennya_ta_vikoristannya_koshtiv_miskogo_byudzhetu/vikoristannya_koshtiv_miskogo_byudzhetu_po_vikonavchikh_organakh_miskoi_radi | AE38: no | AG38: no | AI38: no | AK38: no | AM38: no | AO38: no | AQ38: no | AS38: no | AU38: no | AW38: no | AY38: yes | AZ38: http://city-adm.lviv.ua/lmr/economy/elektronni-zakupivli | BA38: no | BC38: no | BE38: yes | BF38: https://prozorro.gov.ua/tender/search/?edrpou=04056612 | BG38: yes | BH38: https://mukachevo-rada.gov.ua/index.php/vidkryte-misto/derzhavni-zakupivli/item/3174-informatsiiashchodoreiestratsiitavykorystanniasystemyprozorrorozporiadnykamykoshtivvmistimukachevistanomna01hrudnia2016roku | BI38: no | BK38: no | BM38: no | BO38: no | BQ38: no | BS38: no | BU38: no | BW38: no | BY38: no | CA38: yes | CB38: http://slavrada.gov.ua/?view=prozorro | CC38: no | CE38: yes | CF38: http://rada.te.ua/elektronni_zakupivli/ | CG38: no | CI38: no | CK38: no | CM38: no | CO38: no | CQ38: no | CS38: no | CU38: yes | CV38: http://chernigiv-rada.gov.ua/tender | CW38: no
A39: Q38 | B39: Are the procedure and conditions of communal property objects’ privatization published on the City Council website? | C39: yes | D39: http://artemrada.gov.ua/uk/documents/%D0%B0%D1%80%D1%82%D0%B5%D0%BC%D0%BE%D0%B2%D1%81%D0%BA/49-%D0%B2%D1%96%D0%B4-26-03-2014/20140326-%E2%84%96649-960 | E39: no | G39: yes | H39: http://bmr.gov.ua/index.php?id=800000395 http://bmr.gov.ua/index.php?id=800000033&tx_bmrtags%5Buid%5D=299&tx_dam_cat%5Buid%5D=431&no_cache=1 | I39: yes | J39: http://www.bc-rada.gov.ua/sites/default/files/rada/1179-57-vi.zip | K39: no | M39: no | O39: no | Q39: no | S39: no | U39: yes | V39: http://meria.zp.ua/test/index.php?id=209 | W39: no | Y39: no | AA39: no | AC39: no | AE39: no | AG39: yes | AH39: http://www.kovelrada.gov.ua/regulatorypolicy.html | AI39: no | AK39: no | AM39: no | AO39: no | AQ39: no | AS39: yes | AT39: http://www.kr-rada.gov.ua/programa-privatizaciyi.html | AU39: no | AW39: no | AY39: partially | AZ39: http://mayno.lviv.ua/normatyvno-pravova-baza/pryvatyzaciya | BA39: no | BC39: no | BE39: no | BG39: no | BI39: no | BK39: yes | BL39: http://www.nikopol-mrada.dp.gov.ua/informatsiya-po-dokumentam-na-privatizatsiyu-otrimannya-kvartir-ta-kimnat | BM39: no | BO39: no | BQ39: no | BS39: no | BU39: partially | BV39: http://www.rada-poltava.gov.ua/files/rish_6_31_44.zip | BW39: no | BY39: no | CA39: yes | CB39: http://slavrada.gov.ua/?view=privatization.flat | CC39: no | CE39: no | CG39: yes | CH39: http://rada-uzhgorod.gov.ua/rada_docs/334-vid-26-10-2016-pro-pryvatyzatsiyu-derzhavnogo-zhytlovogo-fondu/ | CI39: yes | CJ39: http://uman-rada.gov.ua/index.php/komunalne-maino/pryvatyzatsiia | CK39: no | CM39: no | CO39: no | CQ39: no | CS39: no | CU39: partially | CV39: http://www.chernigiv-rada.gov.ua/document/rishennya-sesii/2653 | CW39: yes | CX39: http://www.shostka-rada.gov.ua/documents/rishennya_rada/rshennya_shostkinsko_msko_radi_vigo_sklikannya/sessiya5/5_13
A40: Q39 | B40: Are the procedure and conditions for the deprivation of the right to use communal property objects published on the City Council website? | C40: no | E40: no | G40: no | I40: no | K40: no | M40: no | O40: no | Q40: no | S40: no | U40: yes | V40: http://meria.zp.ua/test/index.php?id=209 | W40: no | Y40: no | AA40: no | AC40: no | AE40: no | AG40: no | AI40: no | AK40: no | AM40: no | AO40: no | AQ40: no | AS40: no | AU40: no | AW40: no | AY40: partially | AZ40: http://mayno.lviv.ua/normatyvno-pravova-baza/pryvatyzaciya | BA40: no | BC40: no | BE40: partially | BF40: http://mkrada.gov.ua/content/informaciya-pro-hid-ta-rezultati-vidchuzhennya-komunalnogo-mayna-m-mikolaeva.html | BG40: no | BI40: no | BK40: no | BM40: no | BO40: no | BQ40: no | BS40: no | BU40: no | BW40: no | BY40: yes | BZ40: http://sed-rada.org.ua/poperedniy-rozglyad-program/programa-vidchuzhennya-obiektiv-komunalnoyi-vlasnosti-teritorialnoyi-gromadi-m-sievierodoneck-na-2017-rik | CA40: no | CC40: no | CE40: no | CG40: no | CI40: no | CK40: no | CM40: no | CO40: no | CQ40: no | CS40: no | CU40: yes | CV40: http://chernigiv-rada.gov.ua/misto/komunal-vlastnist-doc | CW40: yes | CX40: http://www.shostka-rada.gov.ua/documents/rishennya_rada/rshennya_shostkinsko_msko_radi_vigo_sklikannya/sessiya5/5_13
A41: Q40 | B41: Are the procedure and conditions of the territorial community’s property rental published on the City Council website? | C41: yes | D41: http://artemrada.gov.ua/uk/documents/%D0%B0%D1%80%D1%82%D0%B5%D0%BC%D0%BE%D0%B2%D1%81%D0%BA/6-%D1%81%D0%BE%D0%B7%D1%8B%D0%B2/20151223-%E2%84%96676-1357 | E41: no | G41: yes | H41: http://bmr.gov.ua/uploads/tx_news/48_resh_pro_zatverdzh_porjadku_proved_KONKURSU_12-07-13_04.doc | I41: no | K41: no | M41: yes | N41: http://www.vmr.gov.ua/Branches/Lists/GMDepkomunresursiv/ShowContent.aspx?ID=4 | O41: no | Q41: no | S41: no | U41: no | W41: no | Y41: no | AA41: yes | AB41: https://onedrive.live.com/view.aspx?resid=ECE43D51F9A9D478!25617&ithint=file%2cdocx&app=Word&authkey=!ANx23QTLVidurGk | AC41: no | AE41: no | AG41: yes | AH41: http://www.kovelrada.gov.ua/regulatorypolicy.html | AI41: no | AK41: no | AM41: yes | AN41: http://krm.gov.ua/article/view/169 | AO41: no | AQ41: yes | AR41: http://kr.gov.ua/ua/news/pg/91116652377863_s/ | AS41: no | AU41: no | AW41: no | AY41: yes | AZ41: http://mayno.lviv.ua/normatyvno-pravova-baza/orenda | BA41: no | BC41: no | BE41: no | BG41: no | BI41: no | BK41: yes | BL41: http://www.nikopol-mrada.dp.gov.ua/mayno/orenda.docx | BM41: no | BO41: no | BQ41: no | BS41: yes | BT41: http://pavlogradmrada.dp.gov.ua/kommayno/poryadok-provedennya-konkursu-na-pravo-orendi-majjna.html | BU41: no | BW41: no | BY41: yes | BZ41: http://sed-rada.org.ua/poperedniy-rozglyad-program/programa-orendi-obiektiv-komunalnoyi-vlasnosti-teritorialnoyi-gromadi-m-sievierodonecka-na-2017-rik | CA41: no | CC41: yes | CD41: http://www.meria.sumy.ua/index.php?do=cat&category=ravo-orendi-neruhomogo-mayna | CE41: no | CG41: no | CI41: yes | CJ41: http://uman-rada.gov.ua/index.php/komunalne-maino/orenda | CK41: no | CM41: yes | CN41: http://www.city.kherson.ua/articles/poryadok-peredachi-v-orendu-lyu-yektiv-komunalnoyi-vlasnosti-hersonskoyi-miskoyi-teritorialnoyi-gromadi | CO41: no | CQ41: no | CS41: no | CU41: yes | CV41: http://chernigiv-rada.gov.ua/misto/komunal-vlastnist-doc | CW41: yes | CX41: http://www.shostka-rada.gov.ua/documents/rishennya_rada/rshennya_shostkinsko_msko_radi_vigo_sklikannya/sessiya5/5_13
A42: Q41 | B42: Is the procedure of competition for the right to purchase/rent the territorial community’s property published on the City Council website? | C42: yes | D42: http://artemrada.gov.ua/uk/documents/%D0%B0%D1%80%D1%82%D0%B5%D0%BC%D0%BE%D0%B2%D1%81%D0%BA/6-%D1%81%D0%BE%D0%B7%D1%8B%D0%B2/20151223-%E2%84%96676-1357 | E42: no | G42: yes | H42: http://bmr.gov.ua/uploads/tx_news/48_resh_pro_zatverdzh_porjadku_proved_KONKURSU_12-07-13_04.doc | I42: no | K42: no | M42: partially | N42: in every lease announcement. | O42: yes | P42: http://dniprorada.gov.ua/pro-provedennja-konkursu-na-pravo-orendi-obktiv-neruhomogo-majna-jakij-vidbudetsja-11112016 | Q42: no | S42: no | U42: yes | V42: http://meria.zp.ua/test/index.php?id=209 | W42: yes | X42: http://www.mvk.if.ua/fkvm | Y42: no | AA42: no | AC42: no | AE42: no | AG42: yes | AH42: http://www.kovelrada.gov.ua/regulatorypolicy.html | AI42: no | AK42: no | AM42: no | AO42: no | AQ42: yes | AR42: http://kr.gov.ua/ua/news/pg/91116652377863_s/ | AS42: no | AU42: no | AW42: no | AY42: yes | AZ42: http://mayno.lviv.ua/normatyvno-pravova-baza | BA42: no | BC42: no | BE42: no | BG42: no | BI42: no | BK42: no | BM42: no | BO42: no | BQ42: no | BS42: no | BU42: no | BW42: no | BY42: yes | BZ42: http://sed-rada.org.ua/ogoloshennya/aukcion-z-prodazhu-obiektiv-komunalnoyi-vlasnosti | CA42: no | CC42: yes | CD42: http://www.meria.sumy.ua/index.php?do=cat&category=ravo-orendi-neruhomogo-mayna | CE42: no | CG42: no | CI42: yes | CJ42: http://uman-rada.gov.ua/index.php/komunalne-maino/orenda | CK42: no | CM42: yes | CN42: http://www.city.kherson.ua/articles/poryadok-peredachi-v-orendu-lyu-yektiv-komunalnoyi-vlasnosti-hersonskoyi-miskoyi-teritorialnoyi-gromadi | CO42: no | CQ42: no | CS42: no | CU42: yes | CV42: http://chernigiv-rada.gov.ua/misto/komunal-vlastnist-doc | CW42: no
A43: Q42 | B43: Is the information on the planned competitive procedures for the sale/rental of the territorial community’s property published on the City Council website? | C43: yes | D43: http://artemrada.gov.ua/uk/397 | E43: no | G43: yes | H43: http://bmr.gov.ua/index.php?id=800000222 | I43: no | K43: yes | L43: Published in announcements: http://brovary-rada.gov.ua/news/14453.html | M43: yes | N43: http://www.vmr.gov.ua/Lists/Actual/ShowNews.aspx?ID=567 | O43: yes | P43: http://dniprorada.gov.ua/provedennja-konkursiv-ta-ih-rezultati | Q43: yes | R43: http://drohobych-rada.gov.ua/category/informatsiya-drogobytskoyi-miskoyi-rady-pro-prodazhi-auktsiony-zakupivli-ta-konkursy/ | S43: partially | T43: http://zt-rada.gov.ua/actual/873 | U43: yes | V43: Questionnaire, http://meria.zp.ua/test/index.php?id=209 | W43: yes | X43: http://www.mvk.if.ua/fkvm | Y43: no | AA43: yes | AB43: http://kam-pod.gov.ua/economika/ogoloshennya-pro-komunalne-majno | AC43: yes | AD43: http://dndz.gov.ua/gromadi/operatsii_z_obektami_komunalnoi_vlasnosti/orenda_obektiv_komunalnoi_vlasnosti | AE43: no | AG43: yes | AH43: http://www.kovelrada.gov.ua/announcement/343-konkurs_na_pravo_orendi.html | AI43: yes | AJ43: http://rada.konotop.org/index.php/2009-03-30-12-34-05/2011-08-01-07-24-24/2011-08-01-13-22-14/5421-2016-06-07-07-11-21 | AK43: no | AM43: yes | AN43: http://krm.gov.ua/article/view/169 | AO43: no | AQ43: yes | AR43: http://kr.gov.ua/karta_saytu_pidrozdili_vikonkomu/upravlinnya_komunalnoi_vlasnosti_mista/ofitsiyni_povidomlennya | AS43: no | AU43: yes | AV43: http://lis.gov.ua/novosti/upravlenie-sobstvennosti-informiruet.html | AW43: yes | AX43: http://www.lutskrada.gov.ua/vilni-nezhitlovi-primishchennya | AY43: yes | AZ43: http://mayno.lviv.ua/konkursy-ta-aukciony | BA43: yes | BB43: http://marsovet.org.ua/articles/show/menu/1764 | BC43: no | BE43: yes | BF43: http://mkrada.gov.ua/content/perelik-komunalnogo-mayna-peredanogo-v-orendne-koristuvannya.html http://mkrada.gov.ua/content/pidpr-propozicii-orendi.html | BG43: no | BI43: yes | BJ43: http://www.nizhynrada.gov.ua/article/997/ogoloshennya-schodo-prodaju-komunalnogo-mayna.html http://www.nizhynrada.gov.ua/article/1001/ogoloshennya-schodo-orendi-komunalnogo-mayna.html | BK43: no | BM43: no | BO43: yes | BP43: http://omr.gov.ua/ru/news/89646/ та http://omr.gov.ua/ru/acts/council/66587/ http://omr.gov.ua/ru/acts/council/75327/ http://omr.gov.ua/ru/acts/council/75540/ http://omr.gov.ua/ru/acts/council/75080/ | BQ43: yes | BR43: http://olexrada.gov.ua/category/privat_kom | BS43: yes | BT43: http://pavlogradmrada.dp.gov.ua/category/kommayno/orenda http://pavlogradmrada.dp.gov.ua/kommayno/privatizaciya/informacijjne-povidomlennya-20.html | BU43: yes | BV43: http://www.rada-poltava.gov.ua/people/86428323/ | BW43: no | BY43: yes | BZ43: http://sed-rada.org.ua/ogoloshennya/aukcion-z-prodazhu-obiektiv-komunalnoyi-vlasnosti | CA43: yes | CB43: http://www.slavrada.gov.ua/?view=vp http://www.slavrada.gov.ua/?view=obyav&obyavID=12777 | CC43: yes | CD43: https://smr.gov.ua/uk/misto/2016-03-14-08-10-17/komunalnemajno-mista/orenda-nerukhomogo-majna/2226-orendanerukhomogo-majna.html https://smr.gov.ua/uk/misto/2016-03-14-08-10-17/komunalnemajno-mista/orenda-nerukhomogo-majna/182-ogoloshennya-proprovedennya-konkursu.html | CE43: yes | CF43: http://rada.te.ua/ogoloshennya-konkurs/ogoloshennya/54191.html | CG43: no | CI43: yes | CJ43: http://uman-rada.gov.ua/index.php/komunalne-maino/orenda | CK43: yes | CL43: http://www.city.kharkov.ua/uk/document/informatsiyne-povidomlennya-upravlinnya-komunalnogo-mayna-ta-privatizatsii-departamentu-ekonomiki-ta-komunalnogo-mayna-kharkivskoi-miskoi-radi-pro-ogoloshennya-konkursu-na-pravo-orendi-nezhitlovikh-primischen-ta-mayna-yaki-znakhodyatsya-v-gospodarskomu-vidanni-komunalnikh-pidpriemstv-ta-operativnomu-upravlinni-komunalnikh-ustanov-organizatsiy-50249.html | CM43: no | CO43: yes | CP43: http://www.khmelnytsky.com/index.php?option=com_content&view=category&layout=blog&id=165&Itemid=284 | CQ43: yes | CR43: http://www.rada.cherkassy.ua/ua/notice.php?s=8&s1=43&s2=219 | CS43: yes | CT43: http://chernivtsy.eu/portal/category/6 | CU43: yes | CV43: http://chernigiv-rada.gov.ua/misto/komunal-vlastnist-obj | CW43: yes | CX43: http://shostka-rada.gov.ua/komunalna_vlasnst/ogoloshennya_vddlu_komunalno_vlasnost
A44: Q43 | B44: Is the information on results of the competitive procedures of the sale/rental of the communal property objects published on the City Council website? | C44: yes | D44: http://artemrada.gov.ua/uk/397 | E44: no | G44: no | I44: no | K44: no | M44: no | O44: yes | P44: http://dniprorada.gov.ua/provedennja-konkursiv-ta-ih-rezultati | Q44: no | S44: no | U44: yes | V44: http://meria.zp.ua/test/index.php?id=209 | W44: no | Y44: no | AA44: no | AC44: no | AE44: no | AG44: no | AI44: no | AK44: no | AM44: no | AO44: partially | AP44: https://www.kremen.gov.ua/index.php/download/file/8102847614739901712 | AQ44: no | AS44: no | AU44: no | AW44: no | AY44: yes | AZ44: http://mayno.lviv.ua/normatyvno-pravova-baza | BA44: no | BC44: no | BE44: no | BG44: no | BI44: yes | BJ44: http://www.nizhynrada.gov.ua/article/990/komunalne-mayno.html | BK44: no | BM44: no | BO44: no | BQ44: no | BS44: no | BU44: yes | BV44: http://www.rada-poltava.gov.ua/documents/dokumenti_suya/upravlinnya_majnom_komunalnoi_vl/ | BW44: no | BY44: no | CA44: no | CC44: yes | CD44: https://smr.gov.ua/uk/misto/2016-03-14-08-10-17/komunalne-majno-mista/privatizovano-shlyakhom-vikupu/1904-privatizovano-u-2016-rotsi.html https://smr.gov.ua/uk/misto/2016-03-14-08-10-17/komunalne-majno-mista/orenda-nerukhomogo-majna/192-pidsumki-konkursu.html | CE44: yes | CF44: http://rada.te.ua/ogoloshennya-konkurs/ogoloshennya/49975.html | CG44: no | CI44: yes | CJ44: http://uman-rada.gov.ua/index.php/komunalne-maino/pryvatyzatsiia | CK44: no | CM44: no | CO44: no | CQ44: yes | CR44: http://www.rada.cherkassy.ua/ua/news.php?s=8&s1=48&s2=304 | CS44: yes | CT44: http://chernivtsy.eu/portal/?cat=29 | CU44: no | CW44: no
A45: Q44 | B45: Is the analysis of expediency of the sale/rental of property, including available financial maintenance expenses and the projected amount of revenues to the city budget published before every sale/rental on the City Council website? | C45: no | E45: no | G45: no | I45: no | K45: no | M45: no | O45: no | Q45: no | S45: no | U45: no | W45: no | Y45: no | AA45: no | AC45: no | AE45: no | AG45: no | AI45: no | AK45: no | AM45: no | AO45: no | AQ45: no | AS45: no | AU45: no | AW45: no | AY45: no | BA45: no | BC45: no | BE45: no | BG45: no | BI45: no | BK45: no | BM45: no | BO45: no | BQ45: no | BS45: no | BU45: no | BW45: no | BY45: no | CA45: no | CC45: no | CE45: no | CG45: no | CI45: yes | CJ45: http://uman-rada.gov.ua/index.php/komunalne-maino/orenda | CK45: no | CM45: no | CO45: no | CQ45: no | CS45: no | CU45: partially | CV45: http://chernigiv-rada.gov.ua/misto/komunal-vlastnist | CW45: no
A46: Q45 | B46: Are the results of competitions for the sale/rental of property published on the City Council website on a regular basis? | C46: no | E46: no | G46: no | I46: no | K46: no | M46: no | O46: yes | P46: http://dniprorada.gov.ua/provedennja-konkursiv-ta-ih-rezultati | Q46: no | S46: no | U46: yes | V46: http://meria.zp.ua/test/index.php?id=209 | W46: no | Y46: no | AA46: no | AC46: no | AE46: no | AG46: no | AI46: no | AK46: no | AM46: no | AO46: no | AQ46: no | AS46: no | AU46: no | AW46: no | AY46: no | BA46: no | BC46: no | BE46: no | BG46: no | BI46: yes | BJ46: http://www.nizhynrada.gov.ua/article/990/komunalne-mayno.html | BK46: no | BM46: no | BO46: no | BQ46: no | BS46: no | BU46: no | BW46: no | BY46: no | CA46: no | CC46: yes | CD46: http://www.meria.sumy.ua/index.php?do=cat&category=ravo-orendi-neruhomogo-mayna | CE46: no | CG46: no | CI46: no | CK46: yes | CL46: http://www.city.kharkov.ua/uk/document/informatsiyne-povidomlennya-upravlinnya-komunalnogo-mayna-ta-privatizatsii-departamentu-ekonomiki-ta-komunalnogo-mayna-kharkivskoi-miskoi-radi-pro-rezultati-konkursu-na-pravo-orendi-nezhitlovikh-primischen-50289.html | CM46: no | CO46: no | CQ46: yes | CR46: http://www.rada.cherkassy.ua/ua/news.php?s=8&s1=48&s2=221 | CS46: no | CU46: yes | CV46: http://www.chernigiv-rada.gov.ua/news/view/8783 | CW46: no
A47: Q46 | B47: Is the information regarding every sold/rented object with indication of the amount of revenues to the city budget and a person who has won the competition published on the City Council website? | C47: no | E47: partially | F47: http://www.berdychiv.com.ua/perelk_obyektv.html | G47: no | I47: no | K47: no | M47: no | O47: no | Q47: no | S47: no | U47: partially | V47: Information on only two procedures. Winners are not stated. http://meriazp.gov.ua/test/index.php?id=26744 | W47: no | Y47: no | AA47: no | AC47: no | AE47: partially | AF47: http://kmr.gov.ua/uk/comisii/28/rules-orenda | AG47: no | AI47: no | AK47: no | AM47: no | AO47: no | AQ47: no | AS47: no | AU47: no | AW47: partially | AX47: Only the list http://www.lutskrada.gov.ua/perelik-mayna-terytorialnoyi-gromady-m-lucka-yake-perebuvaye-v-orendi-stanom-na-01062015 | AY47: no | BA47: no | BC47: no | BE47: partially | BF47: http://mkrada.gov.ua/content/perelik-komunalnogo-mayna-peredanogo-v-orendne-koristuvannya.html | BG47: no | BI47: no | BK47: yes | BL47: http://www.nikopol-mrada.dp.gov.ua/mayno/orenda.xls | BM47: no | BO47: no | BQ47: no | BS47: no | BU47: no | BW47: no | BY47: no | CA47: no | CC47: yes | CD47: http://www.meria.sumy.ua/index.php?do=cat&category=ravo-orendi-neruhomogo-mayna | CE47: partially | CF47: http://rada.te.ua/ogoloshennya-konkurs/ogoloshennya/49975.html | CG47: no | CI47: no | CK47: no | CM47: no | CO47: no | CQ47: partially | CR47: http://www.rada.cherkassy.ua/upload/Dogovory_orendi.pdf | CS47: no | CU47: no | CW47: no
A48: Q47 | B48: Is the current budget with all the amendments published on the City Council website? | C48: yes | D48: http://artemrada.gov.ua/uk/budget | E48: no | F48: no separate section | G48: yes | H48: http://bmr.gov.ua/index.php?id=115 | I48: yes | J48: http://www.zvit.pro/ | K48: partially | L48: Tere is no separate section http://brovary-rada.gov.ua/documents/?c=5 | M48: yes | N48: http://www.vmr.gov.ua/TransparentCity/Lists/BudjMista/ShowContent.aspx?ID=78 | O48: yes | P48: http://dniprorada.gov.ua/rishennja-miskoi-radi-vid-30032016-35-pro-miskij-bjudzhet-na-2016-rik | Q48: yes | R48: http://drohobych-rada.gov.ua/informatsiya-vykonavchyh-organiv/byudzhet-drogobycha/ | S48: yes | T48: http://zt-rada.gov.ua/pages/c640 | U48: no | W48: yes | X48: https://budget.mvk.if.ua/ | Y48: no | AA48: yes | AB48: http://kam-pod.gov.ua/economika/miskiy-budjet/rishennya-sesiji-miskoji-radi-pro-byudzhet | AC48: yes | AD48: http://so.dndz.gov.ua/ua/treezas_so/pg/843017578_d1/ | AE48: yes | AF48: http://kmr.gov.ua/uk/comisii/20/budget | AG48: yes | AH48: http://www.kovelrada.gov.ua/budget.html | AI48: yes | AJ48: http://rada.konotop.org/index.php/2016-08-03-12-48-23/5725-----2016- | AK48: partially | AL48: http://konstrada.gov.ua/sotsialno-ekonomichnij-rozvitok/byudzhet/170-byudzhet | AM48: yes | AN48: http://krm.gov.ua/article/view/409 | AO48: yes | AP48: https://www.kremen.gov.ua/index.php/rozdil/miska_vlada/radanova/budget | AQ48: no | AS48: yes | AT48: http://www.kr-rada.gov.ua/bydjet-mista.html | AU48: yes | AV48: http://lis.gov.ua/2011-03-25-08-36-56/ispolzovanie-byudzhetnykh-sredstv/byudzhet-goroda-2016.html | AW48: yes | AX48: http://www.lutskrada.gov.ua/city-budget http://www.lutskrada.gov.ua/vizualizaciya-byudzhetu-0 | AY48: yes | AZ48: http://city-adm.lviv.ua/public-information/budget/2016 | BA48: yes | BB48: http://marsovet.org.ua/articles/show/article/2428 | BC48: no | BE48: yes | BF48: http://mkrada.gov.ua/content/byudzhet-mista.html | BG48: yes | BH48: https://mukachevo-rada.gov.ua/index.php/vidkryte-misto/ekonomika-2 | BI48: yes | BJ48: http://www.nizhynrada.org/article/863/proekt-byudjetu-2016-roku.html | BK48: no | BM48: no | BO48: yes | BP48: http://omr.gov.ua/ru/67025/ | BQ48: partially | BR48: Without amendments http://olexrada.gov.ua/category/budget/bg_in_out | BS48: no | BU48: partially | BV48: No 2016 Budget http://www.rada-poltava.gov.ua/documents/byudzhet_mista/ | BW48: yes | BX48: http://www.city-adm.rv.ua/RivnePortal/ukr/budget/budget.aspx | BY48: yes | BZ48: http://sed-rada.org.ua/byudzhet-mista/rishennya-po-byudzhetu | CA48: yes | CB48: http://www.slavrada.gov.ua/?view=doc&docID=12019 http://slavrada.gov.ua/?view=budget | CC48: yes | CD48: https://smr.gov.ua/uk/dokumenti/miskij-byudzhet.html | CE48: yes | CF48: http://rada.te.ua/normativnie-dokument/byudget_mista_ternop/15811.html | CG48: yes | CH48: http://rada-uzhgorod.gov.ua/rada_docs/73-vid-05-sichnya-2016-roku-pro-byudzhet-mista-na-2016-rik/ | CI48: yes | CJ48: http://uman-rada.gov.ua/index.php/miskyi-biudzhet | CK48: yes | CL48: http://www.city.kharkov.ua/uk/dokumentyi/byudzhet.html | CM48: yes | CN48: http://mvk.kherson.ua/byudzhet-2016 | CO48: yes | CP48: http://www.khmelnytsky.com/index.php?option=com_content&view=section&layout=blog&id=7&Itemid=36 | CQ48: yes | CR48: http://www.rada.cherkassy.ua/ua/files.php?s=8&s1=152 | CS48: no | CU48: yes | CV48: http://chernigiv-rada.gov.ua/document/vikonanya-budzshetu | CW48: partially | CX48: http://www.shostka-rada.gov.ua/finance/2016/mscevij_byudzhet_2016
A49: Q48 | B49: Are the budgets for 2013, 2014, 2015 published on the City Council website? | C49: yes | D49: http://artemrada.gov.ua/uk/articles/9291 | E49: no | G49: no | I49: no | K49: partially | L49: http://brovary-rada.gov.ua/documents/?c=5 | M49: yes | N49: http://www.vmr.gov.ua/TransparentCity/Lists/BudjMista/ShowContent.aspx?ID=17&Source=http%3A%2F%2Fwww%2Evmr%2Egov%2Eua%2FTransparentCity%2FLists%2FBudjMista%2FAllContentItems%2Easpx&ContentTypeId=0x01007833393DECCB4DC1AB0D71AEF17E828200123C322E2E14BB40B0D799B4B63FAD66 | O49: partially | P49: Without the 2013 Budget http://dniprorada.gov.ua/files/5-60_28-01-15.pdf http://dniprorada.gov.ua/files/3-47_2014.pdf | Q49: no | S49: yes | T49: http://zt-rada.gov.ua/pages/c450 | U49: no | W49: no | Y49: no | AA49: yes | AB49: http://kam-pod.gov.ua/economika/miskiy-budjet/rishennya-sesiji-miskoji-radi-pro-byudzhet | AC49: partially | AD49: Only 2014 http://so.dndz.gov.ua/ua/treezas_so/pg/781439887_d1/ | AE49: yes | AF49: https://kievcity.gov.ua/content/byudzhet.html | AG49: yes | AH49: http://www.kovelrada.gov.ua/budget.html | AI49: no | AK49: no | AM49: yes | AN49: http://krm.gov.ua/article/view/249 | AO49: yes | AP49: https://www.kremen.gov.ua/index.php/dpages/hotdocs/index | AQ49: no | AS49: yes | AT49: http://www.kr-rada.gov.ua/bydjet-mista.html | AU49: no | AW49: yes | AX49: http://www.lutskrada.gov.ua/city-budget http://www.lutskrada.gov.ua/rishennya-luckoyi-miskoyi-rady-shcho-stosuyutsya-zmin-do-byudzhetu | AY49: yes | AZ49: http://city-adm.lviv.ua/public-information/budget | BA49: yes | BB49: http://marsovet.org.ua/articles/show/menu/2042 | BC49: no | BE49: no | BG49: no | BI49: no | BK49: no | BM49: no | BO49: partially | BP49: http://omr.gov.ua/ru/67025/ | BQ49: yes | BR49: http://olexrada.gov.ua/category/budget/bg_in_out | BS49: partially | BT49: Only in 2015 http://pavlogradmrada.dp.gov.ua/finansove-upravlinnya/pro-miskijj-byudzhet-na-2015-rik-2.html | BU49: yes | BV49: http://www.rada-poltava.gov.ua/documents/byudzhet_mista/ | BW49: no | BY49: partially | BZ49: Only in 2015 http://sed-rada.org.ua/byudzhet-mista/rishennya-po-byudzhetu | CA49: no | CC49: no | CE49: no | CG49: yes | CH49: http://rada-uzhgorod.gov.ua/rada_docs_taxonomy/byudzhet/ | CI49: partially | CJ49: http://uman-rada.gov.ua/index.php/miskyi-biudzhet | CK49: partially | CL49: http://www.city.kharkov.ua/ru/document/pro-byudzhet-mista-kharkova-na-2015-rik-45893.html | CM49: yes | CN49: http://mvk.kherson.ua/byudzhet-2013 http://mvk.kherson.ua/byudzhet-2014 http://mvk.kherson.ua/byudzhet-2015 | CO49: yes | CP49: http://www.khmelnytsky.com/index.php?option=com_content&view=section&layout=blog&id=7&Itemid=36 | CQ49: yes | CR49: http://www.rada.cherkassy.ua/ua/files.php?s=8&s1=152 | CS49: no | CU49: yes | CV49: http://chernigiv-rada.gov.ua/document/vikonanya-budzshetu | CW49: partially | CX49: http://www.shostka-rada.gov.ua/finance/2015/pro_mscevij_byudzhet_m_shostka_na_2015_rk
A50: Q49 | B50: Does the City Council publish on its website the reports on the implementation of the budget for informing the population no less than 2 times a year? | C50: yes | D50: http://artemrada.gov.ua/uk/articles/9291 | E50: yes | F50: http://www.berdychiv.com.ua/plan-zakupvl/vikoristannya-byudzhetnih-koshtv/ | G50: yes | H50: http://bmr.gov.ua/index.php?id=800000234 | I50: no | K50: partially | L50: The respective decision the City Council on budget implementation is published three times a year. | M50: yes | N50: http://www.vmr.gov.ua/TransparentCity/Lists/BudjMista/ShowContent.aspx?ID=34 | O50: yes | P50: http://dniprorada.gov.ua/zviti-pro-vikonannya-byudzhetu/zviti-pro-vikonannya-byudzhetu/ | Q50: yes | R50: http://drohobych-rada.gov.ua/informatsiya-vykonavchyh-organiv/byudzhet-drogobycha/ | S50: partially | T50: Only once http://zt-rada.gov.ua/pages/c667 | U50: yes | V50: Questionnaire, http://meria.zp.ua/test/index.php?id=46 | W50: yes | X50: https://budget.mvk.if.ua/ | Y50: no | AA50: yes | AB50: http://kam-pod.gov.ua/economika/miskiy-budjet/vikonannya-miskogo-byudzhetu | AC50: yes | AD50: http://dndz.gov.ua/nadkhodzhennya_ta_vikoristannya_koshtiv_miskogo_byudzhetu/zagalniy_stan_vikoristannya_miskogo_byudzhetu_2016 | AE50: yes | AF50: http://kmr.gov.ua/uk/comisii/20/budget | AG50: yes | AH50: http://www.kovelrada.gov.ua/budget.html | AI50: partially | AJ50: Once a year http://rada.konotop.org/index.php/index.php/2016-08-03-12-48-23 | AK50: no | AM50: yes | AN50: http://krm.gov.ua/article/view/409 | AO50: yes | AP50: https://kremen.gov.ua/index.php/branches/department/28 | AQ50: partially | AR50: Once a year http://kr.gov.ua/karta_saytu_pidrozdili_vikonkomu/finansove_upravlinnya/pokazniki_vikonannya_mistsevikh_byudzhetiv | AS50: yes | AT50: http://www.kr-rada.gov.ua/bydjet-mista.html | AU50: yes | AV50: http://lis.gov.ua/2011-03-25-08-36-56/ispolzovanie-byudzhetnykh-sredstv/ispolzovanie-byudzhetnykh-sredstv.html | AW50: yes | AX50: http://www.lutskrada.gov.ua/misyachna-informaciya | AY50: yes | AZ50: http://city-adm.lviv.ua/public-information/budget/2016 | BA50: yes | BB50: http://marsovet.org.ua/documents/show/menu/16493 | BC50: yes | BD50: http://mlt.gov.ua/index.php?option=com_content&task=view&id=4267&Itemid=279 | BE50: yes | BF50: http://mkrada.gov.ua/content/zviti1.html | BG50: yes | BH50: https://mukachevo-rada.gov.ua/index.php/ekonomika/2016-03-03-19-56-03/zvit-pro-vikonannya-miskogo-byudzhetu | BI50: yes | BJ50: http://www.nizhynrada.gov.ua/article/1001/ogoloshennya-schodo-orendi-komunalnogo-mayna.html | BK50: yes | BL50: http://www.nikopol-mrada.dp.gov.ua/vikonannya-byudzhetu-mista-za-2016-rik | BM50: yes | BN50: http://novomoskovsk-rada.gov.ua/document/shchodo-zvitu-pro-vykonannya-byudzhetu-mista-novomoskovska-u-i-pivrichchi-2016-roku http://novomoskovsk-rada.gov.ua/document/pro-zatverdzhennya-zvitu-pro-vykonannya-byudzhetu-mista-novomoskovska-za-2015-rik | BO50: yes | BP50: http://omr.gov.ua/ru/acts/council/85226/ | BQ50: partially | BR50: No report in 2016 http://olexrada.gov.ua/category/budget/bg_done_rep | BS50: yes | BT50: http://pavlogradmrada.dp.gov.ua/vikonkom-2/rishennya-vikonkomu/zvit-pro-vikonannya-miskogo-byudzhetu-za-9-misyaciv-2016-roku-2.html | BU50: yes | BV50: http://www.rada-poltava.gov.ua/documents/public_reports/ | BW50: yes | BX50: http://www.city-adm.rv.ua/RivnePortal/ukr/budget/budget.aspx | BY50: yes | BZ50: http://sed-rada.org.ua/byudzhet-mista/operativna-informaciya-shchodo-vikonannya-byudzhetu | CA50: yes | CB50: http://www.slavrada.gov.ua/?view=budget | CC50: yes | CD50: https://smr.gov.ua/uk/dokumenti/miskij-byudzhet.html https://smr.gov.ua/uk/dokumenti/miskij-byudzhet.html#info-2 | CE50: yes | CF50: http://rada.te.ua/normativnie-dokument/byudget_mista_ternop/ | CG50: yes | CH50: http://rada-uzhgorod.gov.ua/rada_docs_t/pokaznyky-vykonannya-byudzhetu-2016/ http://rada-uzhgorod.gov.ua/rada_docs_taxonomy/zvit-pro-vykonannya-byudzhetu-mista/ | CI50: yes | CJ50: http://uman-rada.gov.ua/index.php/miskyi-biudzhet | CK50: partially | CL50: http://www.city.kharkov.ua/uk/dokumentyi/byudzhet.html | CM50: yes | CN50: http://www.city.kherson.ua/c/ekonomichna-sfera/s/byudzhet-mista http://mvk.kherson.ua/byudzhet | CO50: yes | CP50: http://www.khmelnytsky.com/index.php?option=com_content&view=section&layout=blog&id=7&Itemid=36 | CQ50: yes | CR50: http://www.rada.cherkassy.ua/ua/text.php?s=2&s1=27&s2=21 | CS50: yes | CT50: http://chernivtsy.eu/portal/vykonannya-byudzhetu-shhotyzhneva-zvitnist та http://chernivtsy.eu/portal/category/10/36/47 | CU50: yes | CV50: http://chernigiv-rada.gov.ua/document/rishennya-sesii/9951 http://chernigiv-rada.gov.ua/document/rishennya-sesii/9260 | CW50: no
A51: Q50 | B51: Does the City Council publish on its website draft budgets for the following year no later than 20 working days prior to consideration for the approval? | C51: yes | D51: In the section "City Ciuncil's Draft Decisions" | E51: no | G51: yes | H51: http://bmr.gov.ua/index.php?id=800000905 | I51: yes | J51: http://bc-rada.gov.ua/ | K51: yes | L51: available: Draft Decision of the City Council "On a Budget" for the following year http://brovary-rada.gov.ua/documents/26324.html | M51: partially | N51: The term is less than 20 working days http://www.vmr.gov.ua/TransparentCity/ContentLibrary/2b0f52a7-4588-4526-a125-a67a03164497/130/%D0%BF%D1%80%D0%BE%D0%B5%D0%BA%D1%82%20%D0%9F%D1%80%D0%BE%20%D0%BC%D1%96%D1%81%D1%8C%D0%BA%D0%B8%D0%B9%20%D0%B1%D1%8E%D0%B4%D0%B6%D0%B5%D1%82%202017%20%D1%80%D0%BE%D0%BA%D1%83.pdf#search=%D0%BF%D1%80%D0%BE%D0%B5%D0%BA%D1%82%20%D0%B1%D1%8E%D0%B4%D0%B6%D0%B5%D1%82%D1%83%202017 | O51: yes | P51: http://dniprorada.gov.ua/proekt-rishennja-miskoi-radi-pro-miskij-bjudzhet-na-2017-rik-onovleno-07112016 | Q51: yes | S51: yes | T51: http://zt-rada.gov.ua/pages/c1111 | U51: yes | V51: Questionnaire, in section "City Council Draft Decisions" http://meriazp.gov.ua/test/index.php?id=42&pid=19471 | W51: no | Y51: yes | Z51: http://www.izmail-rada.gov.ua/-----2017- | AA51: yes | AB51: http://kam-pod.gov.ua/economika/miskiy-budjet | AC51: no | AE51: yes | AF51: http://kmr.gov.ua/uk/comisii/20/budget | AG51: no | AI51: no | AK51: no | AM51: yes | AN51: http://krm.gov.ua/docs/proekti/page/49 Гіперпосилання на сам проект рішення http://krm.gov.ua/UserFiles/dl/proekt/proekt_resh_16.12.15_1.pdf | AO51: no | AQ51: no | AS51: yes | AT51: http://www.kr-rada.gov.ua/bydjet-mista.html | AU51: no | AW51: yes | AX51: http://www.lutskrada.gov.ua/proekt-byudzhetu-2017-roku | AY51: no | BA51: yes | BB51: http://marsovet.org.ua/documents/show/catalog/3 | BC51: yes | BD51: http://mlt.gov.ua/index.php?option=com_content&task=view&id=10732 | BE51: yes | BF51: http://mkrada.gov.ua/content/byudzhet-mista.html http://mkrada.gov.ua/content/proekti-rishen-miskradi.html | BG51: no | BI51: yes | BJ51: http://www.nizhynrada.org/article/863/proekt-byudjetu-2016-roku.html | BK51: no | BM51: no | BO51: yes | BP51: http://omr.gov.ua/acts/projects/committee/89136 | BQ51: no | BS51: yes | BT51: http://pavlogradmrada.dp.gov.ua/miska-rada/proekti-rishen-misko%D1%97-radi/proekti-16-sesi%D1%97.html | BU51: no | BW51: no | BY51: yes | BZ51: http://sed-rada.org.ua/byudzhet-mista/proekt-byudzhetu-na-2017-rik | CA51: no | CC51: yes | CD51: https://www.smr.gov.ua/uk/dokumenti/proektidokumentiv/proekti-rishen-vikonavchogo-komitetu.html (вкладка «Оприлюднено 21 листопада») | CE51: partially | CF51: http://rada.te.ua/ogoloshennya-konkurs/ogoloshennya/53812.html | CG51: no | CI51: no | CK51: no | CM51: no | CO51: yes | CP51: http://www.khmelnytsky.com/index.php?option=com_content&view=section&layout=blog&id=7&Itemid=36 | CQ51: yes | CR51: http://www.rada.cherkassy.ua/ua/text.php?s=2&s1=27&s2=21 | CS51: yes | CT51: http://chernivtsy.eu/portal/skladannya-miskogo-byudzhetu-mista-chernivtsiv-na-2016-rik | CU51: yes | CV51: http://chernigiv-rada.gov.ua/project/rada/10869 | CW51: no
A52: Q51 | B52: Did the City Council publish on its website the procedure and the schedule of consultations with citizens and businesses on content of the draft budget for the following year? | C52: yes | D52: Public discussion is planned https://drive.google.com/file/d/0BzjcETnBOh5Hc0RrQzZWX1dLaEk/view та http://www.artemrada.gov.ua/uk/3112 | E52: no | G52: no | I52: no | K52: no | M52: yes | N52: http://www.vmr.gov.ua/TransparentCity/Lists/AnnouncementOfPublicTalking/ShowNews.aspx?ID=130 | O52: no | Q52: yes | R52: http://drohobych-rada.gov.ua/zavtra-u-ratushi-vidbudetsya-bryfing-pro-pidsumky-obgovorennya-z-predstavnykamy-gromadskosti-proektu-byudzhetu-na-2017-rik/ | S52: no | U52: no | W52: no | Y52: no | AA52: no | AC52: no | AE52: no | AG52: no | AI52: no | AK52: no | AM52: no | AO52: no | AQ52: no | AS52: no | AU52: no | AW52: partially | AX52: Announcement was published on the day of the public discussion http://www.lutskrada.gov.ua/fast-news/23-grudnya-vidbudutsya-gromadski-sluhannya-shchodo-proektu-byudzhetu-mista-lucka-na-2017 | AY52: no | BA52: no | BC52: yes | BD52: http://mlt.gov.ua/index.php?option=com_content&task=view&id=10732 http://mlt.gov.ua/index.php?option=com_content&task=view&id=10688&Itemid=96 | BE52: no | BG52: no | BI52: no | BK52: no | BM52: no | BO52: no | BQ52: no | BS52: no | BU52: no | BW52: no | BY52: no | CA52: no | CC52: yes | CD52: https://smr.gov.ua/uk/novini/ogoloshennya/4643-elektronni-konsultatsiji-z-gromadskistyu-shchodo-proektiv-miskogo-byudzhetu-ta-programi-ekonomichnogo-i-sotsialnogo-rozvitku-m-sumi-na-2017-rik.html | CE52: yes | CF52: http://rada.te.ua/ogoloshennya-konkurs/ogoloshennya/43162.html | CG52: no | CI52: no | CK52: no | CM52: no | CO52: yes | CP52: http://www.khmelnytsky.com/index.php?option=com_content&view=section&layout=blog&id=7&Itemid=36 http://www.khmelnytsky.com/pdf/budjet/Instr_zaput_budjet%202017.pdf | CQ52: no | CS52: yes | CT52: http://chernivtsy.eu/portal/skladannya-miskogo-byudzhetu-mista-chernivtsiv-na-2016-rik | CU52: no | CW52: no
A53: Q52 | B53: Does the City Council publish on its website the report on the results of public consultations on the budget for the following year? | C53: no | E53: no | G53: no | I53: no | K53: no | M53: yes | N53: http://www.vmr.gov.ua/TransparentCity/Lists/TheResultsOfPublicHearings/ShowNews.aspx?ID=112 | O53: no | Q53: no | S53: no | U53: no | W53: no | Y53: no | AA53: yes | AB53: http://kam-pod.gov.ua/ | AC53: no | AE53: no | AG53: no | AI53: no | AK53: no | AM53: no | AO53: no | AQ53: no | AS53: no | AU53: no | AW53: yes | AX53: http://www.lutskrada.gov.ua/fast-news/gromadskosti-predstavyly-proekt-byudzhetu-mista-lucka-na-2017-rik | AY53: no | BA53: no | BC53: no | BE53: no | BG53: no | BI53: no | BK53: no | BM53: no | BO53: no | BQ53: partially | BR53: http://olexrada.gov.ua/category/spg/spg_kg | BS53: no | BU53: no | BW53: no | BY53: no | CA53: no | CC53: yes | CD53: https://smr.gov.ua/uk/misto/2016-03-14-08-10-17/gromadski-obgovorennya/4871-zvit-pro-rezultati-gromadskikh-slukhan-shchodo-proektiv-miskogo-byudzhetu-ta-programi-ekonomichnogo-i-sotsialnogo-rozvitku-mista-sumi-na-2017-rik.html | CE53: no | CG53: no | CI53: no | CK53: no | CM53: yes | CN53: http://mvk.kherson.ua/byudzhet-2017 | CO53: yes | CP53: http://www.khmelnytsky.com/index.php?option=com_content&view=section&layout=blog&id=7&Itemid=36 http://www.khmelnytsky.com/pdf/budjet/Instr_zaput_budjet%202017.pdf | CQ53: no | CS53: yes | CT53: http://chernivtsy.eu/portal/skladannya-miskogo-byudzhetu-mista-chernivtsiv-na-2016-rik | CU53: no | CV53: http://chernigiv-rada.gov.ua/news/view/8590 | CW53: no
A54: Q53 | B54: Does the City Council website contain the information on the local borrowings and loans to the local budget, including decisions, justification of involvement, and repayment schedules? | C54: no | E54: no | G54: no | I54: no | K54: no | M54: no | O54: no | Q54: no | S54: no | U54: no | W54: no | Y54: no | AA54: no | AC54: no | AE54: yes | AF54: https://kievcity.gov.ua/news/?c=378 | AG54: no | AI54: no | AK54: no | AM54: no | AO54: no | AQ54: no | AS54: no | AU54: no | AW54: no | AY54: no | BA54: yes | BB54: http://openbudget.in.ua/widgets/town_profile/budget_files/577518fb67cb7d204c000000?locale=uk | BC54: no | BE54: no | BG54: no | BI54: no | BK54: no | BM54: no | BO54: no | BQ54: no | BS54: no | BU54: no | BW54: no | BY54: no | CA54: no | CC54: no | CE54: no | CG54: no | CI54: no | CK54: no | CM54: no | CO54: no | CQ54: yes | CR54: http://www.rada.cherkassy.ua/ua/files.php?s=8&s1=257 | CS54: no | CU54: no | CW54: no
A55: Q54 | B55: Did the City Council publish on its website the list of categories of persons eligible for social aid from the local government that include social services guaranteed by the City Council and departments (services) responsible for the provision of the respective services? | C55: no | E55: partially | F55: http://www.berdychiv.com.ua/dopomoga.html | G55: yes | H55: http://bmrservice.bmr.gov.ua/index.php?id=800000031&tx_dam_cat%5Buid%5D=330&no_cache=1 | I55: no | K55: no | M55: partially | N55: http://www.vmr.gov.ua/Branches/Lists/WorkAndSocialProtection/Default.aspx | O55: no | Q55: yes | R55: http://drohobych-rada.gov.ua/dovidka/ | S55: yes | T55: http://zt-rada.gov.ua/pages/c291 | U55: no | W55: no | Y55: no | AA55: yes | AB55: http://kam-pod.gov.ua/gromadianam/materiali-z-pitan-sotsialnogo-zakhistu/item/153-osnovni-vydy-sotsialnoi-dopomohy | AC55: yes | AD55: http://dndz.gov.ua/gromadi/sotsialniy_zakhist_naselennya | AE55: no | AG55: yes | AH55: http://www.kovelrada.gov.ua/socialservices.html | AI55: partially | AJ55: http://rada.konotop.org/index.php/2014-12-09-14-32-46 | AK55: no | AM55: yes | AN55: http://krm.gov.ua/article/view/19 | AO55: no | AQ55: partially | AR55: http://kr.gov.ua/karta_saytu_pidrozdili_vikonkomu/upravlinnya_pratsi_ta_sotsialnogo_zakhistu_naselennya/zakonodavcha_baza | AS55: no | AU55: no | AW55: partially | AX55: http://www.social.lutsk.ua/poslugy.php http://www.lutskrada.gov.ua/pilgi | AY55: yes | AZ55: http://social.lviv.ua/# | BA55: partially | BB55: http://marsovet.org.ua/articles/show/menu/669 | BC55: partially | BD55: http://mlt.gov.ua/index.php?option=com_content&task=blogsection&id=59&Itemid=396 | BE55: no | BG55: partially | BH55: https://mukachevo-rada.gov.ua/index.php/sotsialne | BI55: yes | BJ55: http://www.nizhynrada.org/article/179/upravlnnya-prats-ta-sotsalnogo-zahistu-naselennya.html | BK55: no | BM55: partially | BN55: http://www.novomoskovsk-rada.gov.ua/static/socialnyy-zahyst | BO55: no | BQ55: no | BS55: no | BU55: no | BW55: no | BY55: partially | BZ55: http://sed-rada.org.ua/socialniy-zahist-naselennya/pro-nadannya-pilg-z-1-lipnya-2015-roku | CA55: no | CC55: partially | CD55: https://smr.gov.ua/uk/misto/2016-03-14-08-10-17/informatsijni-materiali/informatsijni-materiali-z-pitan-sotszakhistu.html | CE55: partially | CF55: http://rada.te.ua/info_dlia_pereselenciv/ | CG55: partially | CH55: http://rada-uzhgorod.gov.ua/poryadok-pryznachennya-zhytlovoyi-subsydiyi/ | CI55: no | CK55: partially | CL55: http://www.city.kharkov.ua/uk/dovdnik/katalog-soczalnix-poslug.html | CM55: no | CO55: no | CQ55: no | CS55: no | CU55: no | CW55: partially | CX55: http://shostka-rada.gov.ua/informday/socalnij_zahist_plgovih_verstv_naselennya_v_umovah_podorozhchannya_tarifv_na_poslugi_zhkg
A56: Q55 | B56: Did the City Council publish on its website the information on the existing social protection programs? | C56: yes | D56: http://artemrada.gov.ua/uk/1235 | E56: no | G56: yes | H56: http://bmrservice.bmr.gov.ua/index.php?id=800000031&tx_dam_cat%5Buid%5D=330&no_cache=1 | I56: no | K56: no | M56: yes | N56: http://www.vmr.gov.ua/Branches/Lists/WorkAndSocialProtection/ShowContent.aspx?ID=4 | O56: partially | P56: Through News http://dniprorada.gov.ua/2016-11-23-16-10-06 | Q56: no | S56: yes | T56: http://zt-rada.gov.ua/pages/c291 | U56: no | W56: no | Y56: no | AA56: yes | AB56: http://kam-pod.gov.ua/gromadianam/materiali-z-pitan-sotsialnogo-zakhistu | AC56: yes | AD56: http://dndz.gov.ua/gromadi/sotsialniy_zakhist_naselennya | AE56: yes | AF56: http://kievcity.gov.ua/news/?c=311 | AG56: yes | AH56: http://www.kovelrada.gov.ua/socialservices.html | AI56: partially | AJ56: http://rada.konotop.org/index.php/2014-12-09-14-32-46 | AK56: partially | AL56: http://konstrada.gov.ua/sotsialne-zabezpechennya-naselennya/sotsialnij-zakhist-naselennya | AM56: yes | AN56: http://krm.gov.ua/article/view/19 | AO56: no | AQ56: no | AS56: no | AU56: no | AW56: yes | AX56: http://www.social.lutsk.ua/mprogram.php | AY56: yes | AZ56: http://social.lviv.ua/# | BA56: partially | BB56: http://marsovet.org.ua/articles/show/menu/72 | BC56: partially | BD56: http://mlt.gov.ua/index.php?option=com_content&task=blogsection&id=59&Itemid=396 | BE56: no | BG56: yes | BH56: https://mukachevo-rada.gov.ua/index.php/sotsialne | BI56: yes | BJ56: http://www.nizhynrada.org/article/179/upravlnnya-prats-ta-sotsalnogo-zahistu-naselennya.html | BK56: no | BM56: partially | BN56: http://www.novomoskovsk-rada.gov.ua/static/socialnyy-zahyst | BO56: no | BQ56: no | BS56: no | BU56: no | BW56: no | BY56: no | CA56: no | CC56: partially | CD56: https://smr.gov.ua/uk/misto/2016-03-14-08-10-17/informatsijni-materiali/informatsijni-materiali-z-pitan-sotszakhistu.html | CE56: no | CG56: no | CI56: no | CK56: no | CM56: yes | CN56: http://www.city.kherson.ua/articles/perelik-diyuchih-program | CO56: yes | CP56: http://www.khmelnytsky.com/index.php?option=com_content&view=section&layout=blog&id=27&Itemid=235 | CQ56: partially | CR56: http://www.rada.cherkassy.ua/ua/text.php?s=4&s1=245&s2=296 | CS56: no | CU56: yes | CV56: http://chernigiv-rada.gov.ua/rozvitok/rozvitok-programa | CW56: no
A57: Q56 | B57: Does the City Council website contain a separate section containing the contact details and working hours of the emergency services, communal institutions, institutions providing free primary legal assistance and other social services? | C57: yes | D57: http://artemrada.gov.ua/uk/7260 | E57: partially | F57: http://www.berdychiv.com.ua/komunalna_sfera.html | G57: no | I57: yes | J57: http://bc-rada.gov.ua/node/1920 | K57: yes | L57: http://brovary-rada.gov.ua/content/avariyni-sluzhbi-mista.html | M57: partially | N57: http://www.vmr.gov.ua/Branches/Lists/Housing/ShowContent.aspx?ID=4 | O57: no | Q57: no | S57: no | U57: no | W57: yes | X57: http://www.mvk.if.ua/telslugb | Y57: yes | Z57: http://www.izmail-rada.gov.ua/2010-05-11-07-53-46 | AA57: no | AC57: no | AE57: no | AG57: partially | AH57: http://www.kovelrada.gov.ua/on_legal_aid.html | AI57: no | AK57: partially | AL57: http://konstrada.gov.ua/telefonnij-dovidnik | AM57: yes | AN57: http://krm.gov.ua/article/view/317 | AO57: no | AQ57: partially | AR57: http://kr.gov.ua/bezoplatna_pervinna_pravova_dopomoga | AS57: no | AU57: no | AW57: partially | AX57: Banners http://www.lutskrada.gov.ua/ | AY57: no | BA57: yes | BB57: http://marsovet.org.ua/articles/show/article/656 | BC57: no | BE57: yes | BF57: http://mkrada.gov.ua/content/avariyni-sluzhbi-mista.html | BG57: no | BI57: no | BK57: no | BM57: no | BO57: yes | BP57: http://omr.gov.ua/ru/services/ | BQ57: partially | BR57: Banners on the page http://olexrada.gov.ua/ | BS57: partially | BT57: Banners on the page http://pavlogradmrada.dp.gov.ua/ | BU57: no | BW57: no | BY57: no | CA57: no | CC57: partially | CD57: https://smr.gov.ua/uk/dovidka/korisni-telefoni.html | CE57: partially | CF57: Banner on the main page send to http://komun.te.ua/%D0%BF%D0%B5%D1%80%D0%B5%D0%BB%D1%96%D0%BA-%D0%BF%D1%96%D0%B4%D0%BF%D1%80%D0%B8%D1%94%D0%BC%D1%81%D1%82%D0%B2/ http://ternopil.legalaid.gov.ua/ua/ | CG57: no | CI57: no | CK57: partially | CL57: http://www.city.kharkov.ua/uk/dovdnik/ekstrennyie-telefonyi.html | CM57: no | CO57: no | CQ57: no | CS57: yes | CT57: https://drive.google.com/file/d/0B1lfAXitIyt5QzI1YjhET3lHWk0/view | CU57: no | CW57: no
A58: Q57 | B58: Did the City Council publish on its website the information about the centers of administrative services within the respective city, including addresses, contact details, working hours? | C58: yes | D58: http://www.artemrada.gov.ua/uk/cnap | E58: yes | F58: http://www.berdychiv.com.ua/dovidnuk.html | G58: no | I58: no | J58: there is a separate web-site. The City Council web-site does not even contain a link to it http://cnap.bc-rada.gov.ua/ | K58: yes | L58: http://brovary-rada.gov.ua/content/centr-nadannya-administrativnih-poslug.html | M58: yes | N58: http://transparent.vmr.gov.ua/Lists/TransparentOffice/ShowContent.aspx?ID=12 | O58: partially | P58: Link on the main page http://e-services.dp.gov.ua/_layouts/Information/newHomePage.aspx | Q58: yes | R58: http://drohobych-rada.gov.ua/viddily/tsnap/ | S58: yes | T58: http://zt-rada.gov.ua/pages/c181 | U58: no | W58: yes | X58: http://www.cnap.if.ua/ | Y58: yes | Z58: http://www.izmail-rada.gov.ua/2013-10-24-06-00-07 | AA58: yes | AB58: http://cnap.kam-pod.gov.ua/ | AC58: yes | AD58: http://dndz.gov.ua/poslugi/grafik_roboti_tsentru | AE58: no | AG58: yes | AH58: http://www.kovelrada.gov.ua/leisurecenter.html | AI58: yes | AJ58: http://rada.konotop.org/index.php/home/2014-12-25-08-14-09 | AK58: yes | AL58: http://konstrada.gov.ua/tsnap | AM58: yes | AN58: http://krm.gov.ua/article/view/382 | AO58: yes | AP58: http://cnap-kremen.gov.ua/ | AQ58: yes | AR58: http://kr.gov.ua/karta_saytu_pidrozdili_vikonkomu/viddil_dozvilno_pogodzhuvalnikh_protsedur_vikonkomu_miskradi/zagalna_informatsiya | AS58: no | AU58: yes | AV58: http://adminposluga.lis.lurenet.ua/for-us | AW58: yes | AX58: http://www.lutskrada.gov.ua/department/departament-centr-nadannya-administrativnih-poslug-u-misti-lucku | AY58: yes | AZ58: http://city-adm.lviv.ua/services/ | BA58: yes | BB58: http://cnap-mariupol.com.ua/ | BC58: yes | BD58: http://cnap.mlt.gov.ua/ | BE58: yes | BF58: http://mkrada.gov.ua/content/administrativni-poslugi.html | BG58: yes | BH58: https://mukachevo-rada.gov.ua/index.php/tsnap | BI58: yes | BJ58: http://www.nizhynrada.org/article/111/tsentr-nadannya-admnstrativnih-poslug.html | BK58: yes | BL58: http://www.nikopol-mrada.dp.gov.ua/munitsepalniy-tsentr-poslug-partneri | BM58: yes | BN58: http://novomoskovsk-admcenter.dp.ua/ | BO58: yes | BP58: http://omr.gov.ua/ru/essential/5577/ | BQ58: yes | BR58: http://olexrada.gov.ua/category/centr-admin-poslug/schedule-center | BS58: yes | BT58: http://pavlogradmrada.dp.gov.ua/reehstracijjno-dozvilnijj-centr/informaciya-pro-reehstracijjno-dozvilnijj-viddil.html | BU58: partially | BV58: Link is in menu http://www.rada-poltava.gov.ua/ | BW58: yes | BX58: http://www.cnaprv.gov.ua/ | BY58: yes | BZ58: http://sed-rada.org.ua/centr-nadannya-administrativnih-poslug/grafik-roboti-centru-nadannya-administrativnih-poslug | CA58: yes | CB58: http://www.slavrada.gov.ua/?view=admin_usl | CC58: yes | CD58: https://smr.gov.ua/uk/administrativni-paperi/pro-upravlinnya.html | CE58: partially | CF58: http://rada.te.ua/tsnap/ | CG58: yes | CH58: http://rada-uzhgorod.gov.ua/tsentr-nadannya-administratyvnyh-poslug-uzhgorodskoyi-miskoyi-rady/ | CI58: yes | CJ58: http://cnap.uman-rada.gov.ua/ | CK58: yes | CL58: http://www.dozvil.kh.ua/index.htm | CM58: partially | CN58: http://www.city.kherson.ua/c/hersoncyu/s/centr-nadannya-administrativnih-poslug-m-hersona | CO58: no | CQ58: yes | CR58: http://www.rada.cherkassy.ua/ua/text.php?s=2&s1=23 | CS58: yes | CT58: http://dozvil.city.cv.ua/ | CU58: yes | CV58: http://chernigiv-rada.gov.ua/poslugi/poslugi-list/3035 | CW58: yes | CX58: http://shostka-rada.gov.ua/admin_poslugy
A59: Q58 | B59: Did the City Council publish on its website the list of existing communal companies and companies providing services in the field of water/gas/energy supply, indicating contact details and conditions of servicing? | C59: yes | D59: http://artemrada.gov.ua/uk/6788 | E59: yes | F59: http://www.berdychiv.com.ua/komunalna_sfera.html | G59: no | I59: no | K59: no | M59: yes | N59: http://www.vmr.gov.ua/MunicipalEnreprise/default.aspx | O59: partially | P59: Link on the main page http://kp.dniprorada.gov.ua/ | Q59: yes | R59: http://drohobych-rada.gov.ua/komunalni-pidpryyemstva-ustanovy-ta-sluzhby-mista/ | S59: yes | T59: http://zt-rada.gov.ua/pages/c150 | U59: yes | V59: http://meria.zp.ua/test/index.php?id=26833 | W59: yes | X59: http://www.mvk.if.ua/advisor1 | Y59: partially | Z59: http://www.izmail-rada.gov.ua/-l-r | AA59: yes | AB59: http://kam-pod.gov.ua/economika/komunalni-pidpriemstva/perelik-komunalnikh-pidpriemstv | AC59: yes | AD59: http://dndz.gov.ua/dovidniki/pidpriemstva_shcho_zdiysnyuyut_komunalne_gospodaryuvannya | AE59: partially | AF59: http://kievcity.gov.ua/content/143_komunalni-pidpryemstva.html | AG59: no | AI59: no | AK59: no | AM59: yes | AN59: http://krm.gov.ua/article/view/192 | AO59: no | AQ59: no | AS59: partially | AT59: http://www.kr-rada.gov.ua/komunalni-pidprimstva.html | AU59: partially | AV59: http://lis.gov.ua/zhitelyam-goroda/housing-services/mainmenu-94.html | AW59: partially | AX59: http://www.lutskrada.gov.ua/reiestr-komunalnih-pidpriiemstv-mista-lucka | AY59: partially | AZ59: http://city-adm.lviv.ua/lmr/utilities | BA59: no | BC59: no | BE59: no | BG59: partially | BH59: https://mukachevo-rada.gov.ua/index.php/hromadianam/2016-07-05-07-32-59 | BI59: no | BK59: no | BM59: no | BO59: no | BQ59: no | BS59: no | BU59: yes | BV59: http://www.rada-poltava.gov.ua/city/municipaleconomy/ | BW59: no | BY59: yes | BZ59: http://sed-rada.org.ua/pidpriiemstva-shcho-nadayut-zhitlovo-komunalni-poslugi/pidpriiemstva-shcho-nadayut-komunalni-poslugi | CA59: no | CC59: yes | CD59: https://smr.gov.ua/uk/miska-vlada/vikonavchi-organi/2015-12-10-09-05-30/2015-12-04-09-09-15.html | CE59: yes | CF59: http://rada.te.ua/komunalni_pidpriemst/ | CG59: no | CI59: partially | CJ59: http://uman-rada.gov.ua/index.php/komunalni-pidpryiemstva | CK59: partially | CL59: http://www.city.kharkov.ua/uk/kommunalnyie-predpriyatiya.html | CM59: no | CO59: yes | CP59: http://www.khmelnytsky.com/index.php?option=com_content&view=article&id=31662&Itemid=596 | CQ59: yes | CR59: http://www.rada.cherkassy.ua/_upload/Telefonnyy%20dovidnyk%20KP%20mista.xls | CS59: no | CU59: yes | CV59: http://chernigiv-rada.gov.ua/misto/komunal-gospodar/740 | CW59: yes | CX59: http://www.shostka-rada.gov.ua/government/komunaln_zakladi_shostkinsko_msko_radi
A60: Q59 | B60: Did the City Council publish on its website schedules for installing heat metering devices in buildings/performing energy-saving repairs of buildings? | C60: no | E60: no | G60: yes | H60: http://bmr.gov.ua/index.php?id=800000318&L=0 | I60: no | K60: no | M60: no | O60: no | Q60: no | S60: no | U60: yes | V60: Questionnaire, http://meria.zp.ua/test/index.php?id=26834 | W60: yes | X60: http://www.tke.if.ua/proektinvestytsiinoiprohramyna2016rik | Y60: no | AA60: partially | AB60: http://kam-pod.gov.ua/gromadianam/jkg/cherga-na-uteplennya-fasadiv-za-programoyu-teplij-dim | AC60: no | AE60: no | AG60: no | AI60: yes | AJ60: http://rada.konotop.org/files/2014/SEAPKonotop.pdf | AK60: no | AM60: no | AO60: no | AQ60: no | AS60: no | AU60: no | AW60: no | AY60: no | BA60: no | BC60: no | BE60: no | BG60: no | BI60: no | BK60: no | BM60: no | BO60: yes | BP60: http://omr.gov.ua/departments/262 | BQ60: yes | BR60: http://olexrada.gov.ua/base/sesiya/7/r-59.zip | BS60: no | BU60: no | BW60: yes | BX60: http://www.city-adm.rv.ua/RivnePortal/ukr/files/energo_prog_2015_002.doc | BY60: yes | BZ60: http://sed-rada.org.ua/informaciya-dlya-rozvitku-osbb | CA60: no | CC60: no | CE60: no | CG60: no | CI60: no | CK60: no | CM60: no | CO60: yes | CP60: All buildings (100%) connected to the central heating network have the heat meters installed http://www.khmelnytsky.com/index.php?option=com_content&view=category&layout=blog&id=288&Itemid=531 | CQ60: no | CS60: no | CU60: no | CW60: no
A61: Q60 | B61: Does the City Council website contain a separate section for publishing information on the employment with the City Council? | C61: yes | D61: http://artemrada.gov.ua/uk/vacation | E61: no | G61: yes | H61: http://bmr.gov.ua/index.php?id=800000872 | I61: yes | J61: http://bc-rada.gov.ua/node/4900 | K61: no | M61: yes | N61: http://www.vmr.gov.ua/TransparentCity/SitePages/Job.aspx | O61: yes | P61: http://dniprorada.gov.ua/vakansiyi/ | Q61: yes | R61: http://drohobych-rada.gov.ua/category/konkursy-na-zamishhennya-vakantnyh-posad/ | S61: yes | T61: http://zt-rada.gov.ua/pages/p9465 | U61: yes | V61: http://meria.zp.ua/test/index.php?id=40 | W61: yes | X61: http://www.mvk.if.ua/vakan | Y61: yes | Z61: http://www.izmail-rada.gov.ua/2011-09-16-11-36-23/2012-04-17-05-44-59 | AA61: yes | AB61: http://kam-pod.gov.ua/vakansiji | AC61: yes | AD61: http://dndz.gov.ua/miska_vlada/vakansii_miskoi_radi | AE61: yes | AF61: http://kmr.gov.ua/uk/vakancii | AG61: no | AI61: yes | AJ61: http://rada.konotop.org/index.php/2014-02-05-15-19-02/2009-04-11-07-16-42 | AK61: yes | AL61: http://konstrada.gov.ua/kadrova-robota | AM61: yes | AN61: http://krm.gov.ua/article/view/193 | AO61: yes | AP61: https://www.kremen.gov.ua/index.php/branches/list/198 | AQ61: yes | AR61: http://kr.gov.ua/sklad_vikonavchogo_komitetu/vakansii | AS61: yes | AT61: http://www.kr-rada.gov.ua/vakansiyi.html | AU61: partially | AV61: http://lis.gov.ua/novosti/contests.html | AW61: yes | AX61: http://www.lutskrada.gov.ua/ogolosheni-konkursy | AY61: yes | AZ61: http://city-adm.lviv.ua/lmr/job | BA61: yes | BB61: http://marsovet.org.ua/articles/show/menu/980 | BC61: yes | BD61: http://mlt.gov.ua/index.php?option=com_content&task=blogcategory&id=79&Itemid=308 | BE61: yes | BF61: http://mkrada.gov.ua/content/vakansii.html | BG61: no | BI61: yes | BJ61: http://www.nizhynrada.org/article/112/vakans.html | BK61: yes | BL61: http://www.nikopol-mrada.dp.gov.ua/vakansiyi | BM61: yes | BN61: http://novomoskovsk-rada.gov.ua/jobs | BO61: partially | BP61: Only in russian version of the web-site http://omr.gov.ua/ru/announcements/40980/ | BQ61: yes | BR61: http://olexrada.gov.ua/category/vacanci | BS61: yes | BT61: http://pavlogradmrada.dp.gov.ua/category/ogoloshennya/rabota | BU61: yes | BV61: http://www.rada-poltava.gov.ua/people/vacancy/ | BW61: no | BY61: yes | BZ61: http://sed-rada.org.ua/miska-rada/konkursi-na-zamishchennya-vakantnih-posad | CA61: yes | CB61: http://www.slavrada.gov.ua/?view=vacance | CC61: yes | CD61: https://smr.gov.ua/uk/miska-vlada/vakansiji.html | CE61: yes | CF61: http://rada.te.ua/ogoloshennya-konkurs/vakansii/ | CG61: no | CI61: yes | CJ61: http://uman-rada.gov.ua/index.php/kadrova-polityka | CK61: yes | CL61: http://www.city.kharkov.ua/uk/dovdnik/vakansii.html | CM61: yes | CN61: http://www.city.kherson.ua/articles/vidkriti-vakansiyi | CO61: yes | CP61: http://www.khmelnytsky.com/index.php?option=com_content&view=category&id=457&Itemid=555 | CQ61: no | CS61: yes | CT61: http://city.cv.ua/portal/category/32 | CU61: yes | CV61: http://chernigiv-rada.gov.ua/gorrada/vacancy/ | CW61: yes | CX61: http://shostka-rada.gov.ua/government/job
A62: Q61 | B62: Did the City Council publish the procedure for the competition aimed at filling the vacant posts in the City Council? | C62: no | E62: no | G62: no | I62: yes | J62: http://www.bc-rada.gov.ua/sites/default/files/rozporiadzhennia/15_231_K.zip | K62: no | M62: no | O62: no | Q62: no | S62: no | U62: yes | V62: http://meria.zp.ua/test/index.php?id=40 | W62: yes | X62: http://www.mvk.if.ua/vakan | Y62: yes | Z62: http://www.izmail-rada.gov.ua/2011-09-16-11-36-23/2012-04-17-05-44-59/5645-2015-06-15-11-51-10 | AA62: no | AC62: yes | AD62: http://dndz.gov.ua/miska_vlada/vakansii_miskoi_radi/poryadok_provedennya_u_vikonavchikh_organakh_miskoi_radi_konkursu_na_zamishchennya_vakantnikh_posad_posadovikh_osib_mistsevogo_samovryaduvannya http://dndz.gov.ua/miska_vlada/vakansii_miskoi_radi/perelik_pitan_dlya_ispitu | AE62: yes | AF62: http://kmr.gov.ua/uk/normative-documents | AG62: no | AI62: no | AK62: no | AM62: no | AO62: yes | AP62: https://www.kremen.gov.ua/index.php/branches/list/198 | AQ62: no | AS62: yes | AT62: http://www.kr-rada.gov.ua/vakansiyi.html | AU62: no | AW62: yes | AX62: http://www.lutskrada.gov.ua/vakansiyi | AY62: no | BA62: yes | BB62: http://marsovet.org.ua/articles/show/menu/980 | BC62: no | BE62: no | BG62: no | BI62: no | BK62: no | BM62: no | BO62: no | BQ62: no | BS62: no | BU62: yes | BV62: http://www.rada-poltava.gov.ua/people/vacancy/ | BW62: no | BY62: no | CA62: no | CC62: yes | CD62: https://smr.gov.ua/uk/miska-vlada/vakansiji/916-dokumenti.html | CE62: no | CG62: no | CI62: yes | CJ62: http://uman-rada.gov.ua/index.php/kadrova-polityka/itemlist/category/71-vakansii | CK62: no | CM62: no | CO62: no | CQ62: no | CS62: no | CU62: no | CW62: yes | CX62: http://shostka-rada.gov.ua/government/job
A63: Q62 | B63: Does the City Council publish on its website all announcements of competition aimed at filling the vacant post 1 month prior to the selection? | C63: yes | D63: http://artemrada.gov.ua/uk/vacation | E63: no | G63: yes | H63: http://bmr.gov.ua/index.php?id=800000872 | I63: yes | J63: Resolution of the Mayor #231-К dated 25.12.2016 "On Approval of the Procedure of Competition for filling Vacant Posts" | K63: yes | L63: Published in announcements: http://brovary-rada.gov.ua/news/14458.html | M63: yes | N63: http://www.vmr.gov.ua/TransparentCity/SitePages/Job.aspx | O63: yes | P63: http://dniprorada.gov.ua/vakansiyi/ | Q63: yes | R63: http://drohobych-rada.gov.ua/category/konkursy-na-zamishhennya-vakantnyh-posad/ | S63: yes | T63: http://zt-rada.gov.ua/pages/p9465 | U63: yes | V63: Questionnaire, http://meria.zp.ua/test/index.php?id=40 | W63: yes | X63: http://www.mvk.if.ua/vakan | Y63: yes | Z63: http://www.izmail-rada.gov.ua/2011-11-16-07-26-09/2016-07-27-07-41-28/7308-2016-12-16-13-32-11 | AA63: yes | AB63: http://kam-pod.gov.ua/vakansiji | AC63: yes | AD63: http://dndz.gov.ua/miska_vlada/vakansii_miskoi_radi/perelik_vakantnikh_posad | AE63: yes | AF63: http://kmr.gov.ua/uk/vakancii | AG63: no | AI63: yes | AJ63: http://rada.konotop.org/index.php/2014-02-05-15-19-02/2009-04-11-07-16-42 | AK63: no | AM63: yes | AN63: http://krm.gov.ua/article/view/193 | AO63: yes | AP63: https://www.kremen.gov.ua/index.php/branches/list/198 | AQ63: no | AS63: yes | AT63: http://www.kr-rada.gov.ua/vakansiyi.html | AU63: yes | AV63: http://lis.gov.ua/novosti/contests/14139-lisichanska-miska-rada-ogoloshue-konkurs-na-zamishchennya-vakantnikh-posad-5.html | AW63: yes | AX63: http://www.lutskrada.gov.ua/ogolosheni-konkursy | AY63: N/A | AZ63: They didn´t organize any selection procedures in the period under investigation. | BA63: yes | BB63: http://marsovet.org.ua/articles/show/menu/980 | BC63: yes | BD63: http://mlt.gov.ua/index.php?option=com_content&task=blogcategory&id=79&Itemid=308 | BE63: yes | BF63: http://mkrada.gov.ua/content/vakansii.html | BG63: no | BI63: no | BK63: yes | BL63: http://www.nikopol-mrada.dp.gov.ua/vakansiyi | BM63: partially | BN63: http://novomoskovsk-rada.gov.ua/jobs/specialist-1-kategoriyi-viddilu-vedennya-derzhavnogo-reyestru-vyborciv | BO63: yes | BP63: Only in russian version of the web-site http://omr.gov.ua/ru/announcements/40980/ | BQ63: yes | BR63: http://olexrada.gov.ua/category/vacanci | BS63: yes | BT63: http://pavlogradmrada.dp.gov.ua/category/ogoloshennya/rabota | BU63: yes | BV63: http://www.rada-poltava.gov.ua/people/vacancy/ | BW63: yes | BX63: http://www.city-adm.rv.ua/RivnePortal/ukr/Units/viewcontent.aspx?upr=4&fdid=20106 | BY63: yes | BZ63: http://sed-rada.org.ua/miska-rada/konkursi-na-zamishchennya-vakantnih-posad | CA63: yes | CB63: http://www.slavrada.gov.ua/?view=vacance | CC63: yes | CD63: https://smr.gov.ua/uk/miska-vlada/vakansiji.html | CE63: yes | CF63: http://rada.te.ua/ogoloshennya-konkurs/vakansii/ | CG63: yes | CH63: In the News feed http://rada-uzhgorod.gov.ua/ogoloshuyetsya-konkurs-idej-na-rozrobku-dyzajnu-i-mistse-vstanovlennya-znaku-ya-lyublyu-uzhgorod/ | CI63: yes | CJ63: http://uman-rada.gov.ua/index.php/kadrova-polityka/itemlist/category/71-vakansii | CK63: yes | CL63: http://www.city.kharkov.ua/uk/dovdnik/vakansii.html | CM63: yes | CN63: http://www.city.kherson.ua/c/miska-vlada/s/kadrovi-pitannya | CO63: yes | CP63: http://www.khmelnytsky.com/index.php?option=com_content&view=category&id=457 | CQ63: yes | CR63: http://www.rada.cherkassy.ua/ua/notice.php?s=1&s1=94 | CS63: yes | CT63: http://city.cv.ua/portal/category/32 | CU63: yes | CV63: http://chernigiv-rada.gov.ua/gorrada/vacancy/ | CW63: yes | CX63: http://shostka-rada.gov.ua/government/job
A64: Q63 | B64: Does the City Council publish on its website the results of the selection process, including the final evaluation and the final ranking of candidates? | C64: no | E64: no | G64: no | I64: yes | J64: http://bc-rada.gov.ua/sites/default/files/2016/160325_ekz_vid.pdf | K64: no | M64: no | O64: no | Q64: no | S64: no | U64: no | W64: no | Y64: no | AA64: no | AC64: no | AE64: no | AG64: no | AI64: no | AK64: no | AM64: no | AO64: no | AQ64: no | AS64: no | AU64: no | AW64: no | AY64: no | BA64: no | BC64: no | BE64: no | BG64: no | BI64: no | BK64: no | BM64: no | BO64: no | BQ64: no | BS64: no | BU64: no | BW64: no | BY64: no | CA64: no | CC64: no | CE64: no | CG64: no | CI64: no | CK64: no | CM64: no | CO64: no | CQ64: no | CS64: no | CU64: no | CW64: no
A65: Q64 | B65: Do the results of the selection process published on the City Council website include the vacancy description; the date of publication of the vacancy notification; the number and names of applicants; names of the Selection Committee members and their positions? | C65: no | E65: no | G65: no | I65: yes | J65: http://bc-rada.gov.ua/node/4900 | K65: no | M65: no | O65: no | Q65: no | S65: no | U65: no | W65: no | Y65: no | AA65: no | AC65: no | AE65: no | AG65: no | AI65: no | AK65: no | AM65: no | AO65: no | AQ65: no | AS65: no | AU65: no | AW65: no | AY65: no | BA65: no | BC65: no | BE65: no | BG65: no | BI65: no | BK65: no | BM65: no | BO65: no | BQ65: no | BS65: no | BU65: no | BW65: no | BY65: no | CA65: no | CC65: no | CE65: no | CG65: no | CI65: no | CK65: no | CM65: no | CO65: no | CQ65: no | CS65: no | CU65: no | CW65: no
A66: Q65 | B66: Did the City Council publish on its website rules of conduct for the elected officials and employees of the City Council (Code of Ethics)? | C66: no | E66: no | G66: no | I66: no | K66: no | M66: no | O66: no | Q66: no | S66: no | U66: no | W66: no | Y66: no | AA66: no | AC66: no | AE66: partially | AF66: in http://kmr.gov.ua/uk/content/reglament-kyyivrady | AG66: no | AI66: no | AK66: no | AM66: no | AO66: yes | AP66: https://www.kremen.gov.ua/index.php/branches/page/579 | AQ66: no | AS66: yes | AT66: http://www.kr-rada.gov.ua/kodeks-dobrochesnosti.html | AU66: no | AW66: no | AY66: no | BA66: no | BC66: no | BE66: yes | BF66: http://mkrada.gov.ua/content/zagalni-pravila-povedinki-derzhavnih-sluzhbovciv.html | BG66: no | BI66: no | BK66: no | BM66: no | BO66: no | BQ66: no | BS66: no | BU66: no | BW66: no | BY66: no | CA66: yes | CB66: http://www.slavrada.gov.ua/?view=obyav&obyavID=2708&word=%EF%F0%E0%E2%E8%EB%E0%20%EF%EE%E2%E5%E4%B3%ED%EA%E8 | CC66: no | CE66: no | CG66: no | CI66: no | CK66: no | CM66: yes | CN66: http://www.city.kherson.ua/articles/kodeks-professionalnoy-etiki | CO66: no | CQ66: no | CS66: no | CU66: no | CW66: no
A67: Q66 | B67: Does the City Council website contain the declarations of property, income, expenses and financial obligations of the mayor and city council members in 2015? | C67: yes | D67: http://artemrada.gov.ua/uk/9078 | E67: partially | F67: only some deputies http://www.berdychiv.com.ua/deklaracii_misk_rada.html | G67: partially | H67: http://bmr.gov.ua/index.php?id=800000538 | I67: no | K67: no | M67: no | O67: partially | P67: Only the Mayor's declaration http://dniprorada.gov.ua/dnipropetrovskij-misskij-golova | Q67: partially | R67: Only the Mayor's declaration http://drohobych-rada.gov.ua/wp-content/uploads/2016/04/Deklaratsiya-Kuchma-za-2015-rik.zip | S67: yes | T67: http://zt-rada.gov.ua/pages/p8992 | U67: yes | V67: http://meria.zp.ua/test/index.php?id=22646 | W67: no | Y67: yes | Z67: http://www.izmail-rada.gov.ua/2011-05-25-09-20-29/2012-04-24-07-15-52 | AA67: no | AC67: partially | AD67: http://dndz.gov.ua/miska_vlada/deklaratsii_kerivnitstva | AE67: yes | AF67: http://kmr.gov.ua/uk/declaration-deputies and https://kievcity.gov.ua/files/2016/4/5/Dekl_Klychko.pdf | AG67: yes | AH67: http://www.kovelrada.gov.ua/parliamentary_declaration.html | AI67: no | AK67: yes | AL67: http://konstrada.gov.ua/vidomosti-pro-majno-dokhodi-vitrati-i-zobov-yazannya-finansovogo-kharakteru | AM67: no | AO67: partially | AP67: https://kremen.gov.ua/files/upload/declarations/kerivnyk/maletskyi2015.pdf та https://www.kremen.gov.ua/index.php/rozdil/miska_vlada/radanova/deputy/page/452 | AQ67: no | AS67: partially | AT67: http://www.kr-rada.gov.ua/miskiy-golova.html | AU67: partially | AV67: http://lis.gov.ua/2011-03-25-08-36-56/2013-10-03-10-14-42/deklaratsii/2015-god.html | AW67: partially | AX67: No declaration of the Mayor http://www.lutskrada.gov.ua/2015-rik | AY67: yes | AZ67: https://www.lvivrada.gov.ua/deputaty/deputaty-miskoi-rady http://city-adm.lviv.ua/public-information/gov-officials/sadovyi-andrii-ivanovych/deklaratsiia-pro-dokhody | BA67: no | BC67: yes | BD67: http://mlt.gov.ua/index.php?option=com_content&task=blogcategory&id=115&Itemid=370 http://mlt.gov.ua/index.php?option=com_content&task=blogcategory&id=126&Itemid=403 | BE67: no | BG67: partially | BH67: http://mukachevo-rada.gov.ua/images/docs/cleaning/declar/2015/Baloha_A.pdf | BI67: partially | BJ67: Only some deputies' declarations http://www.nizhynrada.org/article/941/deklaruvannya-dohodv-za-2015-rk.html | BK67: partially | BL67: http://www.nikopol-mrada.dp.gov.ua/deklaratsiyi-pro-mayno-dohodi-vitrati-ta-finansovi-zobov-yazannya-za-2015-rik | BM67: partially | BN67: Only the Mayors http://novomoskovsk-rada.gov.ua/sites/default/files/moroz_0.pdf | BO67: yes | BP67: http://omr.gov.ua/ua/council/members/ | BQ67: no | BS67: partially | BT67: http://pavlogradmrada.dp.gov.ua/kerivnictvo-mista | BU67: no | BW67: partially | BX67: http://www.khomko.rv.ua/Khomko/ContentPages/Public/Mayor/mayor_deklaracia.aspx | BY67: no | CA67: partially | CB67: Only the Mayors declaration http://www.slavrada.gov.ua/?view=documents http://www.slavrada.gov.ua/uploads/File/declar2015.pdf | CC67: partially | CD67: https://smr.gov.ua/uk/miska-vlada/miskij-golova/biografiya.html | CE67: yes | CF67: http://rada.te.ua/deklaratsiya_deputat/ http://rada.te.ua/deklaraciia_MR/46981.html | CG67: no | CI67: partially | CJ67: https://drive.google.com/drive/folders/0B-Pm0Qxt98O0Vm45d3JuSGhjWjA | CK67: partially | CL67: http://www.city.kharkov.ua/uk/gorodskaya-vlast/gorodskoj-golova/biografiya.html | CM67: partially | CN67: http://www.city.kherson.ua/articles/deklaraciyi-pro-mayno-dohodi-vitrati-i-zobov-yazannya-finansovogo-harakteru-posadovih-osib-hersonskoyi-miskoyi-radi-za-2015-rik | CO67: no | CQ67: yes | CR67: http://www.rada.cherkassy.ua/ua/files.php?s=2&s1=168&s2=439 | CS67: yes | CT67: http://chernivtsy.eu/portal/?page_id=58778 та http://chernivtsy.eu/portal/deklaratsiyi-pro-majno-dohody-vytraty-i-zobov-yazannya-finansovogo-harakteru-za-2015-rik-deputativ-chernivetskoyi-miskoyi-rady | CU67: partially | CV67: Only declarations of the deputies http://chernigiv-rada.gov.ua/gorrada/deputat/ | CW67: no
A68: Q67 | B68: Did the City Council publish on its website the procedure for monitoring and resolving conflicts of interest? | C68: no | E68: no | G68: no | I68: no | K68: no | M68: no | O68: no | Q68: no | S68: no | U68: no | W68: no | Y68: no | AA68: no | AC68: yes | AD68: https://www.google.com/url?q=http://so.dndz.gov.ua/ua/osxfile/pg/165907117_d3_1o/&sa=U&ved=0ahUKEwich9eCvNDQAhXGB5oKHQUBBpcQFggJMAI&client=internal-uds-cse&usg=AFQjCNFyMOHXUE6UR30X6LO3w24yEHfN0A | AE68: partially | AF68: in http://kmr.gov.ua/uk/content/reglament-kyyivrady | AG68: no | AI68: no | AK68: no | AM68: no | AO68: no | AQ68: no | AS68: no | AU68: no | AW68: no | AY68: no | BA68: yes | BB68: http://marsovet.org.ua/articles/show/article/3648 | BC68: no | BE68: no | BG68: no | BI68: no | BK68: no | BM68: no | BO68: no | BQ68: no | BS68: no | BU68: no | BW68: no | BY68: no | CA68: no | CC68: yes | CD68: https://smr.gov.ua/uk/misto/2016-03-14-08-10-17/zapobigannya-proyavam-koruptsiji/1853-pam-yatka-derzhavnogo-sluzhbovtsya-shchodo-vregulyuvannya-konfliktu-interesiv.html | CE68: no | CG68: no | CI68: no | CK68: no | CM68: no | CO68: no | CQ68: no | CS68: no | CU68: yes | CV68: https://www.google.com/url?q=http://www.chernigiv-rada.gov.ua/filesstatic/document/Dodatok_12-06-2013_15-16.doc&sa=U&ved=0ahUKEwiduJH-tsPQAhUEKpoKHVpuCZgQFggEMAA&client=internal-uds-cse&usg=AFQjCNEJybnYcQL28UM544O3oSHdmJV5rQ | CW68: no
A69: Q68 | B69: Does the City Council website contain the hotline telephone number of the relevant law enforcement bodies for the reporting about the facts of corruption committed by the City Council employees, City Council members and the mayor? | C69: yes | D69: http://artemrada.gov.ua/uk/13058 | E69: no | G69: no | I69: no | K69: no | M69: yes | N69: http://www.vmr.gov.ua/TransparentCity/Lists/AntiCorruptionPolitics/ShowContent.aspx?ID=1 | O69: no | Q69: no | S69: no | U69: no | W69: no | Y69: no | AA69: no | AC69: yes | AD69: http://dndz.gov.ua/gromadi/zapobigannya_proyavam_koruptsii http://so.dndz.gov.ua/ua/treezas_so/pg/100316662358060_d3/ | AE69: no | AG69: no | AI69: no | AK69: no | AM69: no | AO69: no | AQ69: no | AS69: no | AU69: no | AW69: no | AY69: no | BA69: no | BC69: no | BE69: no | BG69: no | BI69: no | BK69: no | BM69: no | BO69: no | BQ69: no | BS69: partially | BT69: http://pavlogradmrada.dp.gov.ua/category/zapobigannya-proyavam-korupci%D1%97 | BU69: no | BW69: no | BY69: no | CA69: no | CC69: yes | CD69: https://smr.gov.ua/uk/misto/2016-03-14-08-10-17/zapobigannya-proyavam-koruptsiji/1843-telefoni-dlya-zvernennya-shchodo-faktiv-proyaviv-koruptsiji-v-organakh-vladi.html | CE69: no | CG69: no | CI69: no | CK69: no | CM69: no | CO69: no | CQ69: no | CS69: no | CU69: no | CW69: no
A70: Q69 | B70: Did the City Council establish a special regime of reporting on acts of misconduct (create special channels of information for the whistleblowers; introduce protection measures for the whistleblowers)? | C70: no | E70: no | G70: no | I70: yes | J70: According to p. 4 of Art. 53 of the Law of Ukraine "On Prevention of Corruption" Bila Tserkva City Council and its Executive Committee insures conditions for notications of employees on violation of requirements of this law by another person, in particular through the official website(http://bc-rada.gov.ua ), means of electronic communication(bc_mvk@ukr.net) and websites structural subdivisions of the Executive Committee and their email address. | K70: no | M70: partially | N70: http://www.vmr.gov.ua/TransparentCity/Lists/AntiCorruptionPolitics/Default.aspx | O70: no | Q70: no | S70: no | U70: no | W70: no | Y70: no | AA70: no | AC70: partially | AD70: http://dndz.gov.ua/gromadi/zapobigannya_proyavam_koruptsii | AE70: partially | AF70: https://kievcity.gov.ua/content/45_protydija-koruptsii.html | AG70: no | AI70: no | AK70: yes | AL70: http://konstrada.gov.ua/protidiya-koruptsiji | AM70: no | AO70: no | AQ70: no | AS70: no | AU70: no | AW70: partially | AX70: Banner http://www.lutskrada.gov.ua/ http://www.lutskrada.gov.ua/sites/default/files/att00018.pdf | AY70: no | BA70: yes | BB70: http://marsovet.org.ua/articles/show/article/3653 | BC70: no | BE70: no | BG70: no | BI70: no | BK70: no | BM70: no | BO70: no | BQ70: no | BS70: no | BU70: no | BW70: no | BY70: yes | BZ70: http://sed-rada.org.ua/zapobigannya-korupciyi | CA70: no | CC70: no | CE70: yes | CF70: http://rada.te.ua/aktualno/14816.html | CG70: no | CI70: no | CK70: no | CM70: partially | CN70: http://www.city.kherson.ua/c/publichna-informaciya/s/protidiya-korupciyi | CO70: no | CQ70: no | CS70: no | CU70: no | CW70: no
A71: Q70 | B71: Does the City Council website contain a separate section for the public, where one may leave messages (complaints) about violations of the code of ethics, illegal practices of the City Council employees, conflicts of interests? | C71: no | E71: yes | F71: http://berdychiv.com.ua/zapobgannya_proyavam_korupcyi.html | G71: no | I71: no | K71: no | M71: yes | N71: http://www.vmr.gov.ua/Lists/CitizenAddresses/NewForm.aspx?ID=16&Source=/Lists/Officials | O71: no | Q71: no | S71: no | U71: no | W71: no | Y71: no | AA71: no | AC71: no | AE71: partially | AF71: http://kievcity.gov.ua/content/45_protydija-koruptsii.html | AG71: no | AI71: no | AK71: yes | AL71: http://konstrada.gov.ua/protidiya-koruptsiji | AM71: no | AO71: no | AQ71: no | AS71: no | AU71: no | AW71: no | AY71: no | BA71: yes | BB71: http://marsovet.org.ua/articles/show/article/3653 | BC71: no | BE71: no | BG71: no | BI71: no | BK71: no | BM71: no | BO71: no | BQ71: no | BS71: no | BU71: no | BW71: no | BY71: no | CA71: no | CC71: no | CE71: no | CG71: no | CI71: no | CK71: no | CM71: no | CO71: no | CQ71: no | CS71: no | CU71: no | CW71: no
A72: Q71 | B72: Does the City Council website contain a separate section containing the publication of the local city building programs, development master plans, territory zoning plans and other city planning documentation? | C72: no | E72: yes | F72: http://www.berdychiv.com.ua/generalniy_plan.html | G72: yes | H72: http://bmr.gov.ua/index.php?id=800000505 | I72: yes | J72: http://meria.zp.ua/test/index.php?id=24 http://bc-rada.gov.ua/node/3603 | K72: no | M72: yes | N72: http://www.vmr.gov.ua/Branches/Lists/ArchitectureAndCityBuilding/Default.aspx | O72: yes | P72: http://dniprorada.gov.ua/generalnij-plan-m-dnipropetrovsk | Q72: no | S72: yes | T72: http://zt-rada.gov.ua/pages/c663 | U72: partially | V72: http://meria.zp.ua/test/index.php?id=24 | W72: no | Y72: no | AA72: yes | AB72: http://kam-pod.gov.ua/nashe-misto/genplan | AC72: yes | AD72: http://dndz.gov.ua/gromadi/budivnitstvo_ta_rozvitok_mista/mistobudivna_dokumentatsiya | AE72: yes | AF72: http://kga.gov.ua/generalnij-plan | AG72: partially | AH72: The master plan http://www.kovelrada.gov.ua/masterplan.html | AI72: no | AK72: no | AM72: yes | AN72: http://krm.gov.ua/article/view/323 | AO72: partially | AP72: https://www.kremen.gov.ua/index.php/rozdil/gromadyanam/misto/planmista | AQ72: yes | AR72: http://kr.gov.ua/karta_saytu_pidrozdili_vikonkomu/upravlinnya_mistobuduvannya_i_arkhitekturi/generalniy_plan_m.kriviy_rig | AS72: yes | AT72: http://www.kr-rada.gov.ua/mistobuduvannya-ta-arhitektura.html | AU72: no | AW72: yes | AX72: http://www.lutskrada.gov.ua/general-city-map | AY72: yes | AZ72: http://city-adm.lviv.ua/lmr/generalnij-plan-m-lvova | BA72: yes | BB72: http://marsovet.org.ua/articles/show/menu/92 | BC72: yes | BD72: http://mlt.gov.ua/index.php?option=com_content&task=view&id=9750&Itemid=412 | BE72: no | BG72: yes | BH72: https://mukachevo-rada.gov.ua/index.php/hromadianam/pro-mukacheve/heneralnyi-plan-mista | BI72: no | BK72: no | BM72: no | BO72: yes | BP72: http://omr.gov.ua/ru/essential/69324/ | BQ72: no | BS72: yes | BT72: http://pavlogradmrada.dp.gov.ua/news/generalnijj-plan-mista-pavlograda.html http://pavlogradmrada.dp.gov.ua/category/arkhitektura/proekti-detalnikh-planiv-teritorijj | BU72: no | BW72: yes | BX72: http://www.city-adm.rv.ua/RivnePortal/ukr/GenPlan.aspx | BY72: no | CA72: no | CC72: yes | CD72: https://smr.gov.ua/uk/dokumenti/mistobudivna-dokumentatsiya.html | CE72: yes | CF72: http://rada.te.ua/normativnie-dokument/proekt_generalnogo_planu/ | CG72: partially | CH72: http://old.rada-uzhgorod.gov.ua/download/%D0%86%D0%90%D0%9E%D0%9F%20%D0%A3%D0%B6%D0%B3%D0%BE%D1%80%D0%BE%D0%B4%20A0%20(1-5000).jpg | CI72: yes | CJ72: http://uman-rada.gov.ua/index.php/mistobuduvannia | CK72: yes | CL72: http://www.city.kharkov.ua/uk/dokumentyi/generalnyij-plan-goroda.html | CM72: yes | CN72: http://www.city.kherson.ua/articles/mistobudivna-dokumentaciya | CO72: yes | CP72: http://www.khmelnytsky.com/index.php?option=com_content&view=section&layout=blog&id=11&Itemid=227 | CQ72: yes | CR72: http://www.rada.cherkassy.ua/ua/text.php?s=8&s1=220 | CS72: yes | CT72: http://chernivtsy.eu/portal/i/p/news/zoning-scheme.jpg та http://files.chernivtsy.eu/f/files/Gen_Plan.jpg | CU72: yes | CV72: http://chernigiv-rada.gov.ua/project/gorstroydoc | CW72: no
A73: Q72 | B73: Does the City Council publish on its website the information on the unoccupied land plots? | C73: yes | D73: http://artemrada.gov.ua/uk/economics/investment | E73: yes | F73: http://www.berdychiv.com.ua/perelk_nezadyanih_zemelnih_dlyanok.html | G73: no | I73: no | K73: no | M73: yes | N73: http://www.vmr.gov.ua/Branches/Lists/GMDepkomunresursiv/ShowContent.aspx?ID=6 | O73: yes | P73: http://dniprorada.gov.ua/pro-provedennja-konkursu-z-vidboru-vikonavciv-zemelnih-torgiv-z-prodazhu-zemelnih-diljanok-abo-prav-orendi-na-nih | Q73: partially | R73: http://drohobych-rada.gov.ua/zemelni-dilyanky/ | S73: no | U73: no | W73: no | Y73: no | AA73: no | AC73: no | AE73: no | AG73: yes | AH73: http://www.kovelrada.gov.ua/investors.html | AI73: yes | AJ73: http://rada.konotop.org/index.php/home/2009-09-01-13-50-18/112-2009-05-05-06-50-55 | AK73: yes | AL73: http://konstrada.gov.ua/sotsialno-ekonomichnij-rozvitok/ekonomika-ta-torgivlya/123-sotsialno-ekonomichnij-rozvitok/ekonomika-ta-torgivlya/168-informatsiya-dlya-biznesa | AM73: no | AO73: yes | AP73: https://www.kremen.gov.ua/index.php/dpages/hotdocs/index | AQ73: no | AS73: partially | AT73: http://zemlyakmr.blogspot.com/ | AU73: no | AW73: yes | AX73: http://www.lutskrada.gov.ua/ground-area | AY73: yes | AZ73: http://city-adm.lviv.ua/lmr/generalnij-plan-m-lvova http://city-adm.lviv.ua/lmr/economy/business/339-ekonomika/zemelni-dilanki | BA73: partially | BB73: http://marsovet.org.ua/articles/show/menu/92 | BC73: no | BE73: yes | BG73: no | BI73: yes | BJ73: http://www.nizhynrada.org/article/162/nvestitsyn-propozits.html | BK73: no | BM73: no | BO73: yes | BP73: http://omr.gov.ua/ru/47087 | BQ73: partially | BR73: for the investments http://olexrada.gov.ua/category/invest_pol | BS73: yes | BT73: http://pavlogradmrada.dp.gov.ua/zemelni-resursi/perelik-vilnikh-zemelnikh-dilyanok.html | BU73: no | BW73: no | BY73: no | CA73: no | CC73: no | CE73: partially | CF73: http://rada.te.ua/predprinimatelstvo_i/ | CG73: no | CI73: no | CK73: no | CM73: no | CO73: no | CQ73: partially | CR73: http://www.rada.cherkassy.ua/ua/files.php?s=8&s1=203&s2=356 | CS73: no | CU73: no | CW73: no
A74: Q73 | B74: Did the City Council publish on its website the procedure for public discussion of city planning activity? | C74: no | E74: no | G74: no | I74: no | K74: no | M74: yes | N74: http://www.vmr.gov.ua/TransparentCity/Lists/PublicDiscussion/ShowContent.aspx?ID=1 | O74: yes | P74: Down the page http://dniprorada.gov.ua/generalnij-plan-m-dnipropetrovsk | Q74: no | S74: yes | T74: http://zt-rada.gov.ua/pages/c597 | U74: no | W74: no | Y74: no | AA74: no | AC74: no | AE74: no | AG74: no | AI74: no | AK74: no | AM74: no | AO74: no | AQ74: no | AS74: no | AU74: no | AW74: yes | AX74: http://www.lutskrada.gov.ua/pro-poryadok-ta-pravila-provedennya-gromadskih-sluhan-z-obgovorennya-generalnogo-planu-mista-lucka | AY74: no | BA74: no | BC74: no | BE74: no | BG74: no | BI74: no | BK74: no | BM74: no | BO74: no | BQ74: no | BS74: no | BU74: no | BW74: partially | BX74: http://www.city-adm.rv.ua/RivnePortal/ukr/gromad_sluh.aspx | BY74: no | CA74: no | CC74: no | CE74: no | CG74: no | CI74: yes | CJ74: http://uman-rada.gov.ua/index.php/mistobuduvannia | CK74: no | CM74: no | CO74: no | CQ74: no | CS74: no | CU74: no | CW74: no
A75: Q74 | B75: Does the City Council publish on its website the draft decisions on land issues to be considered at the session 20 working days prior to the session? | C75: yes | D75: published in the section "City Council. City Council's Draft Decisions» (20 working days in advance) and less than in 20 working days when prescribed by law. | E75: yes | F75: http://www.berdychiv.com.ua/rshennya/rishennya-proekt-rada/ | G75: yes | H75: http://bmr.gov.ua/index.php?id=800000905 | I75: yes | J75: http://bc-rada.gov.ua/node/2096 | K75: yes | L75: City Council Draft Decisions http://brovary-rada.gov.ua/documents/?c=12 | M75: yes | N75: http://www.vmr.gov.ua/Docs/ExecutiveCommitteeDecisions/Forms/AllItems.aspx | O75: yes | P75: http://files.dniprorada.gov.ua/# | Q75: yes | R75: http://drohobych-rada.gov.ua/category/proekty-rishen-sesiyi/ | S75: yes | T75: http://zt-rada.gov.ua/pages/c338 | U75: yes | V75: Questionnaire. http://meria.zp.ua/test/index.php?id=41 | W75: yes | X75: http://www.mrada.if.ua/%D0%B4%D0%BE%D0%BA%D1%83%D0%BC%D0%B5%D0%BD%D1%82%D0%B8-%D1%80%D0%B0%D0%B4%D0%B8/%D0%BF%D1%80%D0%BE%D0%B5%D0%BA%D1%82%D0%B8-%D1%80%D1%96%D1%88%D0%B5%D0%BD%D1%8C | Y75: no | AA75: yes | AB75: http://kam-pod.gov.ua/documents/proekti-normativno-pravovikh-aktiv-miskoji-radi | AC75: yes | AD75: http://so.dndz.gov.ua/ua/treezas_so/pg/1_d5/ | AE75: yes | AF75: http://kmr.gov.ua/uk/proektu-rishenya | AG75: no | AI75: no | AK75: yes | AL75: http://konstrada.gov.ua/component/documents/?menu=&typedoc=5&Itemid=181 | AM75: yes | AN75: http://krm.gov.ua/docs/proekti | AO75: yes | AP75: https://www.kremen.gov.ua/index.php/site/index | AQ75: yes | AR75: http://kr.gov.ua/sesii_miskradi/proekti/proekti_rishen_krivorizkoi_miskoi_radi | AS75: no | AU75: no | AW75: yes | AX75: http://www.lutskrada.gov.ua/city-council-project-decision | AY75: no | BA75: yes | BB75: http://marsovet.org.ua/documents/show/catalog/3 | BC75: yes | BD75: http://mlt.gov.ua/index.php?option=com_content&task=blogcategory&id=98&Itemid=340 | BE75: yes | BF75: http://mkrada.gov.ua/content/proekti-rishen-miskradi.html | BG75: no | BI75: yes | BJ75: http://nizhynrada.org/article/287/proekti-rshen-msko-radi.html | BK75: yes | BL75: http://www.nikopol-mrada.dp.gov.ua/proekti-rishen-miskoyi-radi | BM75: yes | BN75: http://novomoskovsk-rada.gov.ua/council-decisions-projects | BO75: yes | BP75: http://omr.gov.ua/ua/acts/projects/ | BQ75: no | BS75: no | BU75: no | BW75: yes | BX75: http://www.city-adm.rv.ua/RivnePortal/ContentPages/Public/RadaProj/rada_project_year.aspx | BY75: yes | BZ75: http://sed-rada.org.ua/normativna-baza/arhiv-proektiv-rishen-sesiy-miskoyi-radi | CA75: no | CC75: yes | CD75: https://smr.gov.ua/uk/dokumenti/proekti-dokumentiv/proektirishen-sumskoji-miskoji-radi.html https://smr.gov.ua/images/documents/Proekty/Sesii/2016/11/14/Pr oekt-DZRP-Orenda-Kaluzhnij.doc https://smr.gov.ua/images/documents/Proekty/Sesii/2016/11/14/Pr oekt-DZRP-Orenda-Proekt.doc | CE75: yes | CF75: http://rada.te.ua/ogoloshennya-konkurs/ogoloshennya/ | CG75: yes | CH75: http://rada-uzhgorod.gov.ua/rada_docs_t/proekty-sesiyi-veresen-2016/ | CI75: yes | CJ75: http://uman-rada.gov.ua/index.php/dokumenty/proekty-rishen-miskoi-rady | CK75: no | CM75: no | CO75: no | CQ75: yes | CR75: http://www.rada.cherkassy.ua/ua/text.php?s=2&s1=27&s2=21 | CS75: yes | CT75: http://chernivtsy.eu/portal/?page_id=14125 | CU75: yes | CV75: http://chernigiv-rada.gov.ua/project/rada | CW75: no
